Workbook
Name v_Item_Shipping_Cost_In: Statistics!$B$23
Name v_Item_Shipping_Cost_Out: Statistics!$B$14

Sheet Company Names
A1: Rank | B1: Name | C1: CardMarket | D1: Companies House | E1: Domain | F1: YouTube | G1: Tierney Approved | H1: Notes
A2: 1 | B2: Shuffle & Skirmish | C2: TRUE | D2: TRUE | E2: TRUE | F2: TRUE | G2: TRUE
A3: 2 | B3: Mana & Miniatures | C3: TRUE | D3: TRUE | E3: TRUE | F3: TRUE | G3: TRUE
A4: 3 | B4: Draw & Deploy | C4: TRUE | D4: TRUE | E4: TRUE | F4: TRUE | G4: FALSE
A5: 4 | B5: Sum of All Plays | C5: TRUE | D5: TRUE | E5: TRUE | F5: TRUE | G5: FALSE
A6: 5 | B6: Shufflin' & Scufflin' | C6: TRUE | D6: TRUE | E6: TRUE | F6: TRUE | G6: FALSE | H6: Gullen family favourite, Name clashes with content on YT
A7: 6 | B7: Strategic Shuffle | C7: TRUE | D7: TRUE | E7: FALSE | F7: TRUE | G7: FALSE
A8: 7 | B8: Deck Check | C8: TRUE | D8: TRUE | F8: FALSE | G8: TRUE
A9: 8 | B9: Friendly Fire Gaming | C9: TRUE | D9: TRUE | F9: FALSE | G9: FALSE
A10: 9 | B10: Tabletop Chronicles | C10: TRUE | D10: TRUE | F10: FALSE | G10: TRUE
A11: 10 | B11: Critical Collection | C11: TRUE | D11: TRUE | F11: FALSE | G11: FALSE
A12: 11 | B12: Expected Value Gaming | C12: TRUE | D12: TRUE | F12: FALSE | G12: FALSE
A13: 12 | B13: Casual Competitive Gaming | D13: TRUE | G13: FALSE | H13: Juxtaposition Mouthful Lots of similar names
A14: 13 | B14: Calculated Gaming | D14: TRUE | G14: FALSE | H14: Saturated name
A15: 14 | B15: Plus One Gaming | D15: TRUE | G15: FALSE | H15: Saturated name
A16: 15 | B16: Calculate And Conquer | D16: TRUE | G16: FALSE | H16: Saturated name
A17: 16 | B17: Odds & Minis | D17: TRUE | G17: FALSE | H17: Saturated name
A18: 17 | B18: Roll & Calculate | D18: TRUE | G18: FALSE | H18: Saturated name
A19: 18 | B19: Tactical Table Gaming | D19: TRUE | G19: FALSE | H19: Saturated name
A20: 19 | B20: Measured Moves Gaming | D20: TRUE | G20: FALSE | H20: Saturated name
A21: 20 | B21: Tap That Gaming | D21: TRUE | G21: FALSE | H21: Too degrading to women?
A22: 21 | B22: The Gaming Table | D22: TRUE | G22: TRUE | H22: Too long? "The Games Table" exists on CH
A23: 22 | B23: Optimal Play Gaming | D23: TRUE | G23: FALSE | H23: Very saturated name
A24: 23 | B24: The Hobby Hub | D24: FALSE | G24: FALSE
A25: 24 | B25: Card It | D25: FALSE | G25: FALSE

Sheet MTG Set Lookup Table
A1: Index | B1: Set Type | C1: Buy Window (Months) | D1: Why | E1: Heavy Printing Months | F1: Tapering Months | G1: Final Print Run Months | H1: Sell Window (Months) | I1: Buy Window Month Start | J1: Buy Window Month End | K1: Heavy Printing Window Month Start | L1: Heavy Printing Window Month End | M1: Sell Window Month Start | N1: Sell Window Month End | Q1: My Set Type | R1: Corresponding Scryfall Set Type(s) | W1: Set Name | X1: Card Count | Y1: Released On | Z1: Type Name | AA1: Language Codes
A2: 1 | B2: Standard Expansion | C2: 18-24 | D2: Approaching end of print, prices haven't spiked yet | E2: 1-18 | F2: 18-24 | G2: 24-30 | H2: 36-48+ | I2: 18 | J2: 24 | K2: {=_xlfn.NUMBERVALUE(INDEX(_xlfn.TEXTSPLIT(tbl_MTG_Set_Type[[#This Row],[Heavy Printing Months]], "-"), 1), ".", ",")} | L2: {=_xlfn.NUMBERVALUE(INDEX(_xlfn.TEXTSPLIT(tbl_MTG_Set_Type[[#This Row],[Heavy Printing Months]], "-"), COLUMNS(_xlfn.TEXTSPLIT(tbl_MTG_Set_Type[[#This Row],[Heavy Printing Months]], "-"))), ".", ",")} | M2: 36 | N2: 48 | Q2: Standard Expansion | R2: core, expansion
A3: 2 | B3: Remastered | C3: 3-6 | D3: Usually stay expensive | E3: 6-12 | H3: 18-36+ | I3: 3 | J3: 6 | K3: {=_xlfn.NUMBERVALUE(INDEX(_xlfn.TEXTSPLIT(tbl_MTG_Set_Type[[#This Row],[Heavy Printing Months]], "-"), 1), ".", ",")} | L3: {=_xlfn.NUMBERVALUE(INDEX(_xlfn.TEXTSPLIT(tbl_MTG_Set_Type[[#This Row],[Heavy Printing Months]], "-"), COLUMNS(_xlfn.TEXTSPLIT(tbl_MTG_Set_Type[[#This Row],[Heavy Printing Months]], "-"))), ".", ",")} | M3: 18 | N3: 36 | Q3: Remastered | R3: masters
A4: 3 | B4: Masters | C4: Avoid at retail | D4: Too expensive from launch | E4: 6-12 | H4: 24-60+ | K4: {=_xlfn.NUMBERVALUE(INDEX(_xlfn.TEXTSPLIT(tbl_MTG_Set_Type[[#This Row],[Heavy Printing Months]], "-"), 1), ".", ",")} | L4: {=_xlfn.NUMBERVALUE(INDEX(_xlfn.TEXTSPLIT(tbl_MTG_Set_Type[[#This Row],[Heavy Printing Months]], "-"), COLUMNS(_xlfn.TEXTSPLIT(tbl_MTG_Set_Type[[#This Row],[Heavy Printing Months]], "-"))), ".", ",")} | M4: 24 | N4: 60 | Q4: Masters | R4: masters
A5: 4 | B5: Modern Horizons | C5: 6-12 | D5: If prices dip below launch | E5: 6-12 | H5: 24-48+ | I5: 6 | J5: 12 | K5: {=_xlfn.NUMBERVALUE(INDEX(_xlfn.TEXTSPLIT(tbl_MTG_Set_Type[[#This Row],[Heavy Printing Months]], "-"), 1), ".", ",")} | L5: {=_xlfn.NUMBERVALUE(INDEX(_xlfn.TEXTSPLIT(tbl_MTG_Set_Type[[#This Row],[Heavy Printing Months]], "-"), COLUMNS(_xlfn.TEXTSPLIT(tbl_MTG_Set_Type[[#This Row],[Heavy Printing Months]], "-"))), ".", ",")} | M5: 24 | N5: 48 | Q5: Modern Horizons | R5: draft_innovation (filter by set name)
A6: 5 | B6: Commander | C6: 3-12 | D6: Clearance phase | E6: 12-18 | H6: 24+ | I6: 3 | J6: 12 | K6: {=_xlfn.NUMBERVALUE(INDEX(_xlfn.TEXTSPLIT(tbl_MTG_Set_Type[[#This Row],[Heavy Printing Months]], "-"), 1), ".", ",")} | L6: {=_xlfn.NUMBERVALUE(INDEX(_xlfn.TEXTSPLIT(tbl_MTG_Set_Type[[#This Row],[Heavy Printing Months]], "-"), COLUMNS(_xlfn.TEXTSPLIT(tbl_MTG_Set_Type[[#This Row],[Heavy Printing Months]], "-"))), ".", ",")} | M6: 24 | N6: 24 | Q6: Commander | R6: commander
A7: 6 | B7: Universes Beyond | C7: 3-6 | D7: Post-hype reality check | E7: ? | H7: ? | I7: 3 | J7: 6 | Q7: Universes Beyond | R7: commander, expansion, draft_innovation (filter by set name)
A8: 7 | B8: Micro-sets | C8: Never | D8: Too risky | E8: 3-6 | H8: N/A | K8: 3 | L8: {=_xlfn.NUMBERVALUE(INDEX(_xlfn.TEXTSPLIT(tbl_MTG_Set_Type[[#This Row],[Heavy Printing Months]], "-"), COLUMNS(_xlfn.TEXTSPLIT(tbl_MTG_Set_Type[[#This Row],[Heavy Printing Months]], "-"))), ".", ",")} | Q8: Micro-sets | R8: arsenal, from_the_vault, spellbook, premium_deck
A9: 8 | B9: Core | C9: N/A | D9: Historical | E9: 18-24 | K9: 18 | L9: {=_xlfn.NUMBERVALUE(INDEX(_xlfn.TEXTSPLIT(tbl_MTG_Set_Type[[#This Row],[Heavy Printing Months]], "-"), COLUMNS(_xlfn.TEXTSPLIT(tbl_MTG_Set_Type[[#This Row],[Heavy Printing Months]], "-"))), ".", ",")}

Sheet MTG Set
Y1: Play/Set Booster Box Buy Price | AD1: Play/Set Booster From Box Buy Price
A2: Index | B2: Set Name | C2: Card Count | D2: Released On | E2: Type Name | F2: Language Codes | G2: Row number | H2: Months Since Release | I2: Set Type Record Index | J2: Buy Window Month Start | K2: Buy Window Start | L2: Buy Window Month End | M2: Buy Window End | N2: Buy Now? | O2: Heavy Printing Window Month Start | P2: Heavy Printing Window Start | Q2: Heavy Printing Window Month End | R2: Heavy Printing Window End | S2: Heavy Printing Now? | T2: Sell Window Month Start | U2: Sell Window Start | V2: Sell Window Month End | W2: Sell Window End | X2: Sell Now? | Y2: CardMarket PSBBBP | Z2: Chaos Cards PSBBBP | AA2: Magic Madhouse PSBBBP | AB2: MuddleIt PSBBBP | AC2: PlusMarketing PSBBBP | AD2: CardMarket PSBFBBP | AE2: Chaos Cards PSBFBBP | AF2: Magic Madhouse PSBFBBP | AG2: MuddleIt PSBFBBP | AH2: PlusMarketing PSBFBBP | AI2: Play Booster Box Product Id | AJ2: Play Booster Product Id | AK2: Collector Booster Box Product Id | AL2: Collector Booster Product Id | AM2: Play Booster Box Cost | AN2: Play Booster Box Source Name | AO2: Play Booster Box Size | AP2: Play Booster Cost | AQ2: Play Booster Sell Price CardMarket | AR2: Play Booster Sell Price FB Marketplace | AS2: Play Booster CardMarket Profit | AT2: Play Booster CardMarket Profit Margin (%) | AU2: Collector Booster Box Cost | AV2: Collector Booster Box Source Name | AW2: Collector Booster Box Size | AX2: Collector Booster Cost | AY2: Collector Booster Sell Price CardMarket | AZ2: Collector Booster Sell Price FB Marketplace | BA2: Collector Booster CardMarket Profit | BB2: Collector Booster CardMarket Profit Margin (%) | BC2: EV MTG Stocks Link | BD2: Play Booster Expected Market Value | BE2: Play Boost Sealed Market Value | BF2: Play Booster Expected Value | BG2: Play Singles CardMarket Profit | BH2: Play Singles CardMarket Profit Margin (%) | BI2: Split Play? | BJ2: Collector Booster Expected Market Value | BK2: Collector Boost Sealed Market Value | BL2: Collector Booster Expected Value | BM2: Collector Singles CardMarket Profit | BN2: Collector Singles CardMarket Profit Margin (%) | BO2: Split Collector? | BP2: Buy? | BQ2: Max Profit Option | BR2: Max Profit | BS2: Max Profit Margin Option | BT2: Max Profit Margin (%)
A3: 1 | B3: Marvel Super Heroes MSH | C3: 20 | D3: 46199 | E3: Universes Beyond | F3: en es fr de it pt ja ko ru 汉语 漢語 | G3: 2 | H3: =MONTH(NOW())+12*YEAR(NOW())-MONTH(tbl_MTG_Set[[#This Row],[Released On]])-12*YEAR(tbl_MTG_Set[[#This Row],[Released On]]) | I3: =_xlfn.XLOOKUP(tbl_MTG_Set[[#This Row],[Type Name]], tbl_MTG_Set_Type[Set Type], tbl_MTG_Set_Type[Index], "(Set Type not found)") | J3: =_xlfn.XLOOKUP(tbl_MTG_Set[[#This Row],[Type Name]], tbl_MTG_Set_Type[Set Type], tbl_MTG_Set_Type[Buy Window Month Start], "(Set Type not found)") | K3: =tbl_MTG_Set[[#This Row],[Released On]]+tbl_MTG_Set[[#This Row],[Buy Window Month Start]]*365.25/12 | L3: =_xlfn.XLOOKUP(tbl_MTG_Set[[#This Row],[Type Name]], tbl_MTG_Set_Type[Set Type], tbl_MTG_Set_Type[Buy Window Month End], "(Set Type not found)", 0, 1) | M3: =tbl_MTG_Set[[#This Row],[Released On]]+tbl_MTG_Set[[#This Row],[Buy Window Month End]]*365.25/12 | N3: =AND(NOW()>=tbl_MTG_Set[[#This Row],[Buy Window Start]], NOW()<=tbl_MTG_Set[[#This Row],[Buy Window End]]) | O3: =_xlfn.XLOOKUP(tbl_MTG_Set[[#This Row],[Type Name]], tbl_MTG_Set_Type[Set Type], tbl_MTG_Set_Type[Heavy Printing Window Month Start], "(Set Type not found)", 0, 1) | P3: =tbl_MTG_Set[[#This Row],[Released On]]+tbl_MTG_Set[[#This Row],[Heavy Printing Window Month Start]]*365.25/12 | Q3: =_xlfn.XLOOKUP(tbl_MTG_Set[[#This Row],[Type Name]], tbl_MTG_Set_Type[Set Type], tbl_MTG_Set_Type[Heavy Printing Window Month End], "(Set Type not found)", 0, 1) | R3: =tbl_MTG_Set[[#This Row],[Released On]]+tbl_MTG_Set[[#This Row],[Heavy Printing Window Month End]]*365.25/12 | S3: =AND(NOW()>=tbl_MTG_Set[[#This Row],[Heavy Printing Window Start]], NOW()<=tbl_MTG_Set[[#This Row],[Heavy Printing Window End]]) | T3: =_xlfn.XLOOKUP(tbl_MTG_Set[[#This Row],[Type Name]], tbl_MTG_Set_Type[Set Type], tbl_MTG_Set_Type[Sell Window Month Start], "(Set Type not found)", 0, 1) | U3: =tbl_MTG_Set[[#This Row],[Released On]]+tbl_MTG_Set[[#This Row],[Sell Window Month Start]]*365.25/12 | V3: =_xlfn.XLOOKUP(tbl_MTG_Set[[#This Row],[Type Name]], tbl_MTG_Set_Type[Set Type], tbl_MTG_Set_Type[Sell Window Month End], "(Set Type not found)", 0, 1) | W3: =tbl_MTG_Set[[#This Row],[Released On]]+tbl_MTG_Set[[#This Row],[Sell Window Month End]]*365.25/12 | X3: =AND(NOW()>=tbl_MTG_Set[[#This Row],[Sell Window Start]], NOW()<=tbl_MTG_Set[[#This Row],[Sell Window End]]) | AM3: {=IF(ISERROR(MIN(_xlfn._xlws.FILTER(tbl_Sourcing[Source Unit Cost], (tbl_Sourcing[Product Id]=tbl_MTG_Set[[#This Row],[Play Booster Box Product Id]])*(tbl_Sourcing[Active]=TRUE)))), "", MIN(_xlfn._xlws.FILTER(tbl_Sourcing[Source Unit Cost], (tbl_Sourcing[Product Id]=tbl_MTG_Set[[#This Row],[Play Booster Box Product Id]])*(tbl_Sourcing[Active]=TRUE))))} | AN3: {=IF(ISERROR(INDEX(_xlfn._xlws.FILTER(tbl_Sourcing[Source Name], (tbl_Sourcing[Product Id]=tbl_MTG_Set[[#This Row],[Play Booster Box Product Id]])*(tbl_Sourcing[Active]=TRUE)*(tbl_Sourcing[Source Unit Cost]=tbl_MTG_Set[[#This Row],[Play Booster Box Cost]])), 1)), "", INDEX(_xlfn._xlws.FILTER(tbl_Sourcing[Source Name], (tbl_Sourcing[Product Id]=tbl_MTG_Set[[#This Row],[Play Booster Box Product Id]])*(tbl_Sourcing[Active]=TRUE)*(tbl_Sourcing[Source Unit Cost]=tbl_MTG_Set[[#This Row],[Play Booster Box Cost]])), 1))} | AO3: =_xlfn.XLOOKUP(tbl_MTG_Set[[#This Row],[Play Booster Box Product Id]], tbl_Product[Product Id], tbl_Product[Pack Size]) | AP3: =(tbl_MTG_Set[[#This Row],[Play Booster Box Cost]]+v_Item_Shipping_Cost_In)/tbl_MTG_Set[[#This Row],[Play Booster Box Size]] | AQ3: {=IF(ISERROR(MIN(_xlfn._xlws.FILTER(tbl_Sourcing[Source Unit Cost], (tbl_Sourcing[Product Id]=tbl_MTG_Set[[#This Row],[Play Booster Product Id]])*(tbl_Sourcing[Active]=TRUE)*(tbl_Sourcing[Source Name]="Card Market")))), "", MIN(_xlfn._xlws.FILTER(tbl_Sourcing[Source Unit Cost], (tbl_Sourcing[Product Id]=tbl_MTG_Set[[#This Row],[Play Booster Product Id]])*(tbl_Sourcing[Active]=TRUE)*(tbl_Sourcing[Source Name]="Card Market"))))} | AT3: =tbl_MTG_Set[[#This Row],[Play Booster CardMarket Profit]]/tbl_MTG_Set[[#This Row],[Play Booster Cost]] | AU3: =_xlfn.XLOOKUP(tbl_MTG_Set[[#This Row],[Collector Booster Box Product Id]], tbl_Product[Product Id], tbl_Product[Min Cost]) | AV3: =_xlfn.XLOOKUP(tbl_MTG_Set[[#This Row],[Collector Booster Box Product Id]], tbl_Product[Product Id], tbl_Product[Best Source]) | AW3: =_xlfn.XLOOKUP(tbl_MTG_Set[[#This Row],[Collector Booster Box Product Id]], tbl_Product[Product Id], tbl_Product[Pack Size]) | AX3: =(tbl_MTG_Set[[#This Row],[Collector Booster Box Cost]] + v_Item_Shipping_Cost_In) / tbl_MTG_Set[[#This Row],[Collector Booster Box Size]] | AY3: {=IF(ISERROR(_xlfn._xlws.FILTER(tbl_Sourcing[Source Unit Cost], (tbl_Sourcing[Product Id]=tbl_MTG_Set[[#This Row],[Collector Booster Product Id]])*(tbl_Sourcing[Active]=TRUE)*(tbl_Sourcing[Source Name]="Card Market"))), "", _xlfn._xlws.FILTER(tbl_Sourcing[Source Unit Cost], (tbl_Sourcing[Product Id]=tbl_MTG_Set[[#This Row],[Collector Booster Product Id]])*(tbl_Sourcing[Active]=TRUE)*(tbl_Sourcing[Source Name]="Card Market")))} | BA3: =IF(ISERROR(tbl_MTG_Set[[#This Row],[Collector Booster Sell Price CardMarket]]-tbl_MTG_Set[[#This Row],[Collector Booster Cost]]-v_Item_Shipping_Cost_Out), -999, tbl_MTG_Set[[#This Row],[Collector Booster Sell Price CardMarket]]-tbl_MTG_Set[[#This Row],[Collector Booster Cost]]-v_Item_Shipping_Cost_Out) | BB3: =tbl_MTG_Set[[#This Row],[Collector Booster CardMarket Profit]]/tbl_MTG_Set[[#This Row],[Collector Booster Cost]] | BF3: =tbl_MTG_Set[[#This Row],[Play Booster Sell Price CardMarket]]*tbl_MTG_Set[[#This Row],[Play Booster Expected Market Value]]/tbl_MTG_Set[[#This Row],[Play Boost Sealed Market Value]] | BG3: =IF(ISERROR(tbl_MTG_Set[[#This Row],[Play Booster Expected Value]]-tbl_MTG_Set[[#This Row],[Play Booster Cost]]-v_Item_Shipping_Cost_Out), -999, tbl_MTG_Set[[#This Row],[Play Booster Expected Value]]-tbl_MTG_Set[[#This Row],[Play Booster Cost]]-v_Item_Shipping_Cost_Out) | BH3: =tbl_MTG_Set[[#This Row],[Play Singles CardMarket Profit]]/tbl_MTG_Set[[#This Row],[Play Booster Cost]] | BI3: =tbl_MTG_Set[[#This Row],[Play Singles CardMarket Profit]]>0 | BL3: =tbl_MTG_Set[[#This Row],[Collector Booster Sell Price CardMarket]]*tbl_MTG_Set[[#This Row],[Collector Booster Expected Market Value]]/tbl_MTG_Set[[#This Row],[Collector Boost Sealed Market Value]] | BM3: =IF(ISERROR(tbl_MTG_Set[[#This Row],[Collector Booster Expected Value]] - tbl_MTG_Set[[#This Row],[Collector Booster Cost]] - v_Item_Shipping_Cost_Out), -999, tbl_MTG_Set[[#This Row],[Collector Booster Expected Value]] - tbl_MTG_Set[[#This Row],[Collector Booster Cost]] - v_Item_Shipping_Cost_Out) | BN3: =tbl_MTG_Set[[#This Row],[Collector Singles CardMarket Profit]]/tbl_MTG_Set[[#This Row],[Collector Booster Cost]] | BO3: =tbl_MTG_Set[[#This Row],[Collector Singles CardMarket Profit]]>0 | BP3: =OR(tbl_MTG_Set[[#This Row],[Split Collector?]], tbl_MTG_Set[[#This Row],[Split Play?]], tbl_MTG_Set[[#This Row],[Collector Booster CardMarket Profit]]>0, tbl_MTG_Set[[#This Row],[Play Booster CardMarket Profit]]>0) | BQ3: =IF(tbl_MTG_Set[[#This Row],[Play Booster CardMarket Profit]]=tbl_MTG_Set[[#This Row],[Max Profit]], "Play Boosters", IF(tbl_MTG_Set[[#This Row],[Collector Booster CardMarket Profit]]=tbl_MTG_Set[[#This Row],[Max Profit]], "Collector Boosters", IF(tbl_MTG_Set[[#This Row],[Play Singles CardMarket Profit]]=tbl_MTG_Set[[#This Row],[Max Profit]], "Play Singles", "Collector Singles"))) | BR3: =MAX(IFERROR(tbl_MTG_Set[[#This Row],[Play Booster CardMarket Profit]], -999), IFERROR(tbl_MTG_Set[[#This Row],[Collector Booster CardMarket Profit]], -999), IFERROR(tbl_MTG_Set[[#This Row],[Play Singles CardMarket Profit]], -999), IFERROR(tbl_MTG_Set[[#This Row],[Collector Singles CardMarket Profit]], -999)) | BS3: =IF(tbl_MTG_Set[[#This Row],[Play Booster CardMarket Profit Margin (%)]]=tbl_MTG_Set[[#This Row],[Max Profit Margin (%)]], "Play Boosters", IF(tbl_MTG_Set[[#This Row],[Collector Booster CardMarket Profit Margin (%)]]=tbl_MTG_Set[[#This Row],[Max Profit Margin (%)]], "Collector Boosters", IF(tbl_MTG_Set[[#This Row],[Play Singles CardMarket Profit Margin (%)]]=tbl_MTG_Set[[#This Row],[Max Profit Margin (%)]], "Play Singles", "Collector Singles"))) | BT3: =MAX(IFERROR(tbl_MTG_Set[[#This Row],[Play Booster CardMarket Profit Margin (%)]], 0), IFERROR(tbl_MTG_Set[[#This Row],[Collector Booster CardMarket Profit Margin (%)]], 0), IFERROR(tbl_MTG_Set[[#This Row],[Play Singles CardMarket Profit Margin (%)]], 0), IFERROR(tbl_MTG_Set[[#This Row],[Collector Singles CardMarket Profit Margin (%)]], 0))
A4: 2 | B4: Marvel Super Heroes Commander MSC | C4: 4 | D4: 46199 | E4: Commander | F4: en es fr de it pt ja ko ru 汉语 漢語 | G4: 3 | H4: =MONTH(NOW())+12*YEAR(NOW())-MONTH(tbl_MTG_Set[[#This Row],[Released On]])-12*YEAR(tbl_MTG_Set[[#This Row],[Released On]]) | I4: =_xlfn.XLOOKUP(tbl_MTG_Set[[#This Row],[Type Name]], tbl_MTG_Set_Type[Set Type], tbl_MTG_Set_Type[Index], "(Set Type not found)") | J4: =_xlfn.XLOOKUP(tbl_MTG_Set[[#This Row],[Type Name]], tbl_MTG_Set_Type[Set Type], tbl_MTG_Set_Type[Buy Window Month Start], "(Set Type not found)") | K4: =tbl_MTG_Set[[#This Row],[Released On]]+tbl_MTG_Set[[#This Row],[Buy Window Month Start]]*365.25/12 | L4: =_xlfn.XLOOKUP(tbl_MTG_Set[[#This Row],[Type Name]], tbl_MTG_Set_Type[Set Type], tbl_MTG_Set_Type[Buy Window Month End], "(Set Type not found)", 0, 1) | M4: =tbl_MTG_Set[[#This Row],[Released On]]+tbl_MTG_Set[[#This Row],[Buy Window Month End]]*365.25/12 | N4: =AND(NOW()>=tbl_MTG_Set[[#This Row],[Buy Window Start]], NOW()<=tbl_MTG_Set[[#This Row],[Buy Window End]]) | O4: =_xlfn.XLOOKUP(tbl_MTG_Set[[#This Row],[Type Name]], tbl_MTG_Set_Type[Set Type], tbl_MTG_Set_Type[Heavy Printing Window Month Start], "(Set Type not found)", 0, 1) | P4: =tbl_MTG_Set[[#This Row],[Released On]]+tbl_MTG_Set[[#This Row],[Heavy Printing Window Month Start]]*365.25/12 | Q4: =_xlfn.XLOOKUP(tbl_MTG_Set[[#This Row],[Type Name]], tbl_MTG_Set_Type[Set Type], tbl_MTG_Set_Type[Heavy Printing Window Month End], "(Set Type not found)", 0, 1) | R4: =tbl_MTG_Set[[#This Row],[Released On]]+tbl_MTG_Set[[#This Row],[Heavy Printing Window Month End]]*365.25/12 | S4: =AND(NOW()>=tbl_MTG_Set[[#This Row],[Heavy Printing Window Start]], NOW()<=tbl_MTG_Set[[#This Row],[Heavy Printing Window End]]) | T4: =_xlfn.XLOOKUP(tbl_MTG_Set[[#This Row],[Type Name]], tbl_MTG_Set_Type[Set Type], tbl_MTG_Set_Type[Sell Window Month Start], "(Set Type not found)", 0, 1) | U4: =tbl_MTG_Set[[#This Row],[Released On]]+tbl_MTG_Set[[#This Row],[Sell Window Month Start]]*365.25/12 | V4: =_xlfn.XLOOKUP(tbl_MTG_Set[[#This Row],[Type Name]], tbl_MTG_Set_Type[Set Type], tbl_MTG_Set_Type[Sell Window Month End], "(Set Type not found)", 0, 1) | W4: =tbl_MTG_Set[[#This Row],[Released On]]+tbl_MTG_Set[[#This Row],[Sell Window Month End]]*365.25/12 | X4: =AND(NOW()>=tbl_MTG_Set[[#This Row],[Sell Window Start]], NOW()<=tbl_MTG_Set[[#This Row],[Sell Window End]]) | AM4: {=IF(ISERROR(MIN(_xlfn._xlws.FILTER(tbl_Sourcing[Source Unit Cost], (tbl_Sourcing[Product Id]=tbl_MTG_Set[[#This Row],[Play Booster Box Product Id]])*(tbl_Sourcing[Active]=TRUE)))), "", MIN(_xlfn._xlws.FILTER(tbl_Sourcing[Source Unit Cost], (tbl_Sourcing[Product Id]=tbl_MTG_Set[[#This Row],[Play Booster Box Product Id]])*(tbl_Sourcing[Active]=TRUE))))} | AN4: {=IF(ISERROR(INDEX(_xlfn._xlws.FILTER(tbl_Sourcing[Source Name], (tbl_Sourcing[Product Id]=tbl_MTG_Set[[#This Row],[Play Booster Box Product Id]])*(tbl_Sourcing[Active]=TRUE)*(tbl_Sourcing[Source Unit Cost]=tbl_MTG_Set[[#This Row],[Play Booster Box Cost]])), 1)), "", INDEX(_xlfn._xlws.FILTER(tbl_Sourcing[Source Name], (tbl_Sourcing[Product Id]=tbl_MTG_Set[[#This Row],[Play Booster Box Product Id]])*(tbl_Sourcing[Active]=TRUE)*(tbl_Sourcing[Source Unit Cost]=tbl_MTG_Set[[#This Row],[Play Booster Box Cost]])), 1))} | AO4: =_xlfn.XLOOKUP(tbl_MTG_Set[[#This Row],[Play Booster Box Product Id]], tbl_Product[Product Id], tbl_Product[Pack Size]) | AP4: =(tbl_MTG_Set[[#This Row],[Play Booster Box Cost]]+v_Item_Shipping_Cost_In)/tbl_MTG_Set[[#This Row],[Play Booster Box Size]] | AQ4: {=IF(ISERROR(MIN(_xlfn._xlws.FILTER(tbl_Sourcing[Source Unit Cost], (tbl_Sourcing[Product Id]=tbl_MTG_Set[[#This Row],[Play Booster Product Id]])*(tbl_Sourcing[Active]=TRUE)*(tbl_Sourcing[Source Name]="Card Market")))), "", MIN(_xlfn._xlws.FILTER(tbl_Sourcing[Source Unit Cost], (tbl_Sourcing[Product Id]=tbl_MTG_Set[[#This Row],[Play Booster Product Id]])*(tbl_Sourcing[Active]=TRUE)*(tbl_Sourcing[Source Name]="Card Market"))))} | AT4: =tbl_MTG_Set[[#This Row],[Play Booster CardMarket Profit]]/tbl_MTG_Set[[#This Row],[Play Booster Cost]] | AU4: =_xlfn.XLOOKUP(tbl_MTG_Set[[#This Row],[Collector Booster Box Product Id]], tbl_Product[Product Id], tbl_Product[Min Cost]) | AV4: =_xlfn.XLOOKUP(tbl_MTG_Set[[#This Row],[Collector Booster Box Product Id]], tbl_Product[Product Id], tbl_Product[Best Source]) | AW4: =_xlfn.XLOOKUP(tbl_MTG_Set[[#This Row],[Collector Booster Box Product Id]], tbl_Product[Product Id], tbl_Product[Pack Size]) | AX4: =(tbl_MTG_Set[[#This Row],[Collector Booster Box Cost]] + v_Item_Shipping_Cost_In) / tbl_MTG_Set[[#This Row],[Collector Booster Box Size]] | AY4: {=IF(ISERROR(_xlfn._xlws.FILTER(tbl_Sourcing[Source Unit Cost], (tbl_Sourcing[Product Id]=tbl_MTG_Set[[#This Row],[Collector Booster Product Id]])*(tbl_Sourcing[Active]=TRUE)*(tbl_Sourcing[Source Name]="Card Market"))), "", _xlfn._xlws.FILTER(tbl_Sourcing[Source Unit Cost], (tbl_Sourcing[Product Id]=tbl_MTG_Set[[#This Row],[Collector Booster Product Id]])*(tbl_Sourcing[Active]=TRUE)*(tbl_Sourcing[Source Name]="Card Market")))} | BA4: =IF(ISERROR(tbl_MTG_Set[[#This Row],[Collector Booster Sell Price CardMarket]]-tbl_MTG_Set[[#This Row],[Collector Booster Cost]]-v_Item_Shipping_Cost_Out), -999, tbl_MTG_Set[[#This Row],[Collector Booster Sell Price CardMarket]]-tbl_MTG_Set[[#This Row],[Collector Booster Cost]]-v_Item_Shipping_Cost_Out) | BB4: =tbl_MTG_Set[[#This Row],[Collector Booster CardMarket Profit]]/tbl_MTG_Set[[#This Row],[Collector Booster Cost]] | BF4: =tbl_MTG_Set[[#This Row],[Play Booster Sell Price CardMarket]]*tbl_MTG_Set[[#This Row],[Play Booster Expected Market Value]]/tbl_MTG_Set[[#This Row],[Play Boost Sealed Market Value]] | BG4: =IF(ISERROR(tbl_MTG_Set[[#This Row],[Play Booster Expected Value]]-tbl_MTG_Set[[#This Row],[Play Booster Cost]]-v_Item_Shipping_Cost_Out), -999, tbl_MTG_Set[[#This Row],[Play Booster Expected Value]]-tbl_MTG_Set[[#This Row],[Play Booster Cost]]-v_Item_Shipping_Cost_Out) | BH4: =tbl_MTG_Set[[#This Row],[Play Singles CardMarket Profit]]/tbl_MTG_Set[[#This Row],[Play Booster Cost]] | BI4: =tbl_MTG_Set[[#This Row],[Play Singles CardMarket Profit]]>0 | BL4: =tbl_MTG_Set[[#This Row],[Collector Booster Sell Price CardMarket]]*tbl_MTG_Set[[#This Row],[Collector Booster Expected Market Value]]/tbl_MTG_Set[[#This Row],[Collector Boost Sealed Market Value]] | BM4: =IF(ISERROR(tbl_MTG_Set[[#This Row],[Collector Booster Expected Value]] - tbl_MTG_Set[[#This Row],[Collector Booster Cost]] - v_Item_Shipping_Cost_Out), -999, tbl_MTG_Set[[#This Row],[Collector Booster Expected Value]] - tbl_MTG_Set[[#This Row],[Collector Booster Cost]] - v_Item_Shipping_Cost_Out) | BN4: =tbl_MTG_Set[[#This Row],[Collector Singles CardMarket Profit]]/tbl_MTG_Set[[#This Row],[Collector Booster Cost]] | BO4: =tbl_MTG_Set[[#This Row],[Collector Singles CardMarket Profit]]>0 | BP4: =OR(tbl_MTG_Set[[#This Row],[Split Collector?]], tbl_MTG_Set[[#This Row],[Split Play?]], tbl_MTG_Set[[#This Row],[Collector Booster CardMarket Profit]]>0, tbl_MTG_Set[[#This Row],[Play Booster CardMarket Profit]]>0) | BQ4: =IF(tbl_MTG_Set[[#This Row],[Play Booster CardMarket Profit]]=tbl_MTG_Set[[#This Row],[Max Profit]], "Play Boosters", IF(tbl_MTG_Set[[#This Row],[Collector Booster CardMarket Profit]]=tbl_MTG_Set[[#This Row],[Max Profit]], "Collector Boosters", IF(tbl_MTG_Set[[#This Row],[Play Singles CardMarket Profit]]=tbl_MTG_Set[[#This Row],[Max Profit]], "Play Singles", "Collector Singles"))) | BR4: =MAX(IFERROR(tbl_MTG_Set[[#This Row],[Play Booster CardMarket Profit]], -999), IFERROR(tbl_MTG_Set[[#This Row],[Collector Booster CardMarket Profit]], -999), IFERROR(tbl_MTG_Set[[#This Row],[Play Singles CardMarket Profit]], -999), IFERROR(tbl_MTG_Set[[#This Row],[Collector Singles CardMarket Profit]], -999)) | BS4: =IF(tbl_MTG_Set[[#This Row],[Play Booster CardMarket Profit Margin (%)]]=tbl_MTG_Set[[#This Row],[Max Profit Margin (%)]], "Play Boosters", IF(tbl_MTG_Set[[#This Row],[Collector Booster CardMarket Profit Margin (%)]]=tbl_MTG_Set[[#This Row],[Max Profit Margin (%)]], "Collector Boosters", IF(tbl_MTG_Set[[#This Row],[Play Singles CardMarket Profit Margin (%)]]=tbl_MTG_Set[[#This Row],[Max Profit Margin (%)]], "Play Singles", "Collector Singles"))) | BT4: =MAX(IFERROR(tbl_MTG_Set[[#This Row],[Play Booster CardMarket Profit Margin (%)]], 0), IFERROR(tbl_MTG_Set[[#This Row],[Collector Booster CardMarket Profit Margin (%)]], 0), IFERROR(tbl_MTG_Set[[#This Row],[Play Singles CardMarket Profit Margin (%)]], 0), IFERROR(tbl_MTG_Set[[#This Row],[Collector Singles CardMarket Profit Margin (%)]], 0))
A5: 3 | B5: Teenage Mutant Ninja Turtles TMT | C5: 20 | D5: 46087 | E5: Universes Beyond | F5: en es fr de it pt ja ko ru 汉语 漢語 | G5: 4 | H5: =MONTH(NOW())+12*YEAR(NOW())-MONTH(tbl_MTG_Set[[#This Row],[Released On]])-12*YEAR(tbl_MTG_Set[[#This Row],[Released On]]) | I5: =_xlfn.XLOOKUP(tbl_MTG_Set[[#This Row],[Type Name]], tbl_MTG_Set_Type[Set Type], tbl_MTG_Set_Type[Index], "(Set Type not found)") | J5: =_xlfn.XLOOKUP(tbl_MTG_Set[[#This Row],[Type Name]], tbl_MTG_Set_Type[Set Type], tbl_MTG_Set_Type[Buy Window Month Start], "(Set Type not found)") | K5: =tbl_MTG_Set[[#This Row],[Released On]]+tbl_MTG_Set[[#This Row],[Buy Window Month Start]]*365.25/12 | L5: =_xlfn.XLOOKUP(tbl_MTG_Set[[#This Row],[Type Name]], tbl_MTG_Set_Type[Set Type], tbl_MTG_Set_Type[Buy Window Month End], "(Set Type not found)", 0, 1) | M5: =tbl_MTG_Set[[#This Row],[Released On]]+tbl_MTG_Set[[#This Row],[Buy Window Month End]]*365.25/12 | N5: =AND(NOW()>=tbl_MTG_Set[[#This Row],[Buy Window Start]], NOW()<=tbl_MTG_Set[[#This Row],[Buy Window End]]) | O5: =_xlfn.XLOOKUP(tbl_MTG_Set[[#This Row],[Type Name]], tbl_MTG_Set_Type[Set Type], tbl_MTG_Set_Type[Heavy Printing Window Month Start], "(Set Type not found)", 0, 1) | P5: =tbl_MTG_Set[[#This Row],[Released On]]+tbl_MTG_Set[[#This Row],[Heavy Printing Window Month Start]]*365.25/12 | Q5: =_xlfn.XLOOKUP(tbl_MTG_Set[[#This Row],[Type Name]], tbl_MTG_Set_Type[Set Type], tbl_MTG_Set_Type[Heavy Printing Window Month End], "(Set Type not found)", 0, 1) | R5: =tbl_MTG_Set[[#This Row],[Released On]]+tbl_MTG_Set[[#This Row],[Heavy Printing Window Month End]]*365.25/12 | S5: =AND(NOW()>=tbl_MTG_Set[[#This Row],[Heavy Printing Window Start]], NOW()<=tbl_MTG_Set[[#This Row],[Heavy Printing Window End]]) | T5: =_xlfn.XLOOKUP(tbl_MTG_Set[[#This Row],[Type Name]], tbl_MTG_Set_Type[Set Type], tbl_MTG_Set_Type[Sell Window Month Start], "(Set Type not found)", 0, 1) | U5: =tbl_MTG_Set[[#This Row],[Released On]]+tbl_MTG_Set[[#This Row],[Sell Window Month Start]]*365.25/12 | V5: =_xlfn.XLOOKUP(tbl_MTG_Set[[#This Row],[Type Name]], tbl_MTG_Set_Type[Set Type], tbl_MTG_Set_Type[Sell Window Month End], "(Set Type not found)", 0, 1) | W5: =tbl_MTG_Set[[#This Row],[Released On]]+tbl_MTG_Set[[#This Row],[Sell Window Month End]]*365.25/12 | X5: =AND(NOW()>=tbl_MTG_Set[[#This Row],[Sell Window Start]], NOW()<=tbl_MTG_Set[[#This Row],[Sell Window End]]) | AB5: 123 | AM5: {=IF(ISERROR(MIN(_xlfn._xlws.FILTER(tbl_Sourcing[Source Unit Cost], (tbl_Sourcing[Product Id]=tbl_MTG_Set[[#This Row],[Play Booster Box Product Id]])*(tbl_Sourcing[Active]=TRUE)))), "", MIN(_xlfn._xlws.FILTER(tbl_Sourcing[Source Unit Cost], (tbl_Sourcing[Product Id]=tbl_MTG_Set[[#This Row],[Play Booster Box Product Id]])*(tbl_Sourcing[Active]=TRUE))))} | AN5: {=IF(ISERROR(INDEX(_xlfn._xlws.FILTER(tbl_Sourcing[Source Name], (tbl_Sourcing[Product Id]=tbl_MTG_Set[[#This Row],[Play Booster Box Product Id]])*(tbl_Sourcing[Active]=TRUE)*(tbl_Sourcing[Source Unit Cost]=tbl_MTG_Set[[#This Row],[Play Booster Box Cost]])), 1)), "", INDEX(_xlfn._xlws.FILTER(tbl_Sourcing[Source Name], (tbl_Sourcing[Product Id]=tbl_MTG_Set[[#This Row],[Play Booster Box Product Id]])*(tbl_Sourcing[Active]=TRUE)*(tbl_Sourcing[Source Unit Cost]=tbl_MTG_Set[[#This Row],[Play Booster Box Cost]])), 1))} | AO5: =_xlfn.XLOOKUP(tbl_MTG_Set[[#This Row],[Play Booster Box Product Id]], tbl_Product[Product Id], tbl_Product[Pack Size]) | AP5: =(tbl_MTG_Set[[#This Row],[Play Booster Box Cost]]+v_Item_Shipping_Cost_In)/tbl_MTG_Set[[#This Row],[Play Booster Box Size]] | AQ5: {=IF(ISERROR(MIN(_xlfn._xlws.FILTER(tbl_Sourcing[Source Unit Cost], (tbl_Sourcing[Product Id]=tbl_MTG_Set[[#This Row],[Play Booster Product Id]])*(tbl_Sourcing[Active]=TRUE)*(tbl_Sourcing[Source Name]="Card Market")))), "", MIN(_xlfn._xlws.FILTER(tbl_Sourcing[Source Unit Cost], (tbl_Sourcing[Product Id]=tbl_MTG_Set[[#This Row],[Play Booster Product Id]])*(tbl_Sourcing[Active]=TRUE)*(tbl_Sourcing[Source Name]="Card Market"))))} | AT5: =tbl_MTG_Set[[#This Row],[Play Booster CardMarket Profit]]/tbl_MTG_Set[[#This Row],[Play Booster Cost]] | AU5: =_xlfn.XLOOKUP(tbl_MTG_Set[[#This Row],[Collector Booster Box Product Id]], tbl_Product[Product Id], tbl_Product[Min Cost]) | AV5: =_xlfn.XLOOKUP(tbl_MTG_Set[[#This Row],[Collector Booster Box Product Id]], tbl_Product[Product Id], tbl_Product[Best Source]) | AW5: =_xlfn.XLOOKUP(tbl_MTG_Set[[#This Row],[Collector Booster Box Product Id]], tbl_Product[Product Id], tbl_Product[Pack Size]) | AX5: =(tbl_MTG_Set[[#This Row],[Collector Booster Box Cost]] + v_Item_Shipping_Cost_In) / tbl_MTG_Set[[#This Row],[Collector Booster Box Size]] | AY5: {=IF(ISERROR(_xlfn._xlws.FILTER(tbl_Sourcing[Source Unit Cost], (tbl_Sourcing[Product Id]=tbl_MTG_Set[[#This Row],[Collector Booster Product Id]])*(tbl_Sourcing[Active]=TRUE)*(tbl_Sourcing[Source Name]="Card Market"))), "", _xlfn._xlws.FILTER(tbl_Sourcing[Source Unit Cost], (tbl_Sourcing[Product Id]=tbl_MTG_Set[[#This Row],[Collector Booster Product Id]])*(tbl_Sourcing[Active]=TRUE)*(tbl_Sourcing[Source Name]="Card Market")))} | BA5: =IF(ISERROR(tbl_MTG_Set[[#This Row],[Collector Booster Sell Price CardMarket]]-tbl_MTG_Set[[#This Row],[Collector Booster Cost]]-v_Item_Shipping_Cost_Out), -999, tbl_MTG_Set[[#This Row],[Collector Booster Sell Price CardMarket]]-tbl_MTG_Set[[#This Row],[Collector Booster Cost]]-v_Item_Shipping_Cost_Out) | BB5: =tbl_MTG_Set[[#This Row],[Collector Booster CardMarket Profit]]/tbl_MTG_Set[[#This Row],[Collector Booster Cost]] | BF5: =tbl_MTG_Set[[#This Row],[Play Booster Sell Price CardMarket]]*tbl_MTG_Set[[#This Row],[Play Booster Expected Market Value]]/tbl_MTG_Set[[#This Row],[Play Boost Sealed Market Value]] | BG5: =IF(ISERROR(tbl_MTG_Set[[#This Row],[Play Booster Expected Value]]-tbl_MTG_Set[[#This Row],[Play Booster Cost]]-v_Item_Shipping_Cost_Out), -999, tbl_MTG_Set[[#This Row],[Play Booster Expected Value]]-tbl_MTG_Set[[#This Row],[Play Booster Cost]]-v_Item_Shipping_Cost_Out) | BH5: =tbl_MTG_Set[[#This Row],[Play Singles CardMarket Profit]]/tbl_MTG_Set[[#This Row],[Play Booster Cost]] | BI5: =tbl_MTG_Set[[#This Row],[Play Singles CardMarket Profit]]>0 | BL5: =tbl_MTG_Set[[#This Row],[Collector Booster Sell Price CardMarket]]*tbl_MTG_Set[[#This Row],[Collector Booster Expected Market Value]]/tbl_MTG_Set[[#This Row],[Collector Boost Sealed Market Value]] | BM5: =IF(ISERROR(tbl_MTG_Set[[#This Row],[Collector Booster Expected Value]] - tbl_MTG_Set[[#This Row],[Collector Booster Cost]] - v_Item_Shipping_Cost_Out), -999, tbl_MTG_Set[[#This Row],[Collector Booster Expected Value]] - tbl_MTG_Set[[#This Row],[Collector Booster Cost]] - v_Item_Shipping_Cost_Out) | BN5: =tbl_MTG_Set[[#This Row],[Collector Singles CardMarket Profit]]/tbl_MTG_Set[[#This Row],[Collector Booster Cost]] | BO5: =tbl_MTG_Set[[#This Row],[Collector Singles CardMarket Profit]]>0 | BP5: =OR(tbl_MTG_Set[[#This Row],[Split Collector?]], tbl_MTG_Set[[#This Row],[Split Play?]], tbl_MTG_Set[[#This Row],[Collector Booster CardMarket Profit]]>0, tbl_MTG_Set[[#This Row],[Play Booster CardMarket Profit]]>0) | BQ5: =IF(tbl_MTG_Set[[#This Row],[Play Booster CardMarket Profit]]=tbl_MTG_Set[[#This Row],[Max Profit]], "Play Boosters", IF(tbl_MTG_Set[[#This Row],[Collector Booster CardMarket Profit]]=tbl_MTG_Set[[#This Row],[Max Profit]], "Collector Boosters", IF(tbl_MTG_Set[[#This Row],[Play Singles CardMarket Profit]]=tbl_MTG_Set[[#This Row],[Max Profit]], "Play Singles", "Collector Singles"))) | BR5: =MAX(IFERROR(tbl_MTG_Set[[#This Row],[Play Booster CardMarket Profit]], -999), IFERROR(tbl_MTG_Set[[#This Row],[Collector Booster CardMarket Profit]], -999), IFERROR(tbl_MTG_Set[[#This Row],[Play Singles CardMarket Profit]], -999), IFERROR(tbl_MTG_Set[[#This Row],[Collector Singles CardMarket Profit]], -999)) | BS5: =IF(tbl_MTG_Set[[#This Row],[Play Booster CardMarket Profit Margin (%)]]=tbl_MTG_Set[[#This Row],[Max Profit Margin (%)]], "Play Boosters", IF(tbl_MTG_Set[[#This Row],[Collector Booster CardMarket Profit Margin (%)]]=tbl_MTG_Set[[#This Row],[Max Profit Margin (%)]], "Collector Boosters", IF(tbl_MTG_Set[[#This Row],[Play Singles CardMarket Profit Margin (%)]]=tbl_MTG_Set[[#This Row],[Max Profit Margin (%)]], "Play Singles", "Collector Singles"))) | BT5: =MAX(IFERROR(tbl_MTG_Set[[#This Row],[Play Booster CardMarket Profit Margin (%)]], 0), IFERROR(tbl_MTG_Set[[#This Row],[Collector Booster CardMarket Profit Margin (%)]], 0), IFERROR(tbl_MTG_Set[[#This Row],[Play Singles CardMarket Profit Margin (%)]], 0), IFERROR(tbl_MTG_Set[[#This Row],[Collector Singles CardMarket Profit Margin (%)]], 0))
A6: 4 | B6: Teenage Mutant Ninja Turtles Source Material PZA | C6: 1 | D6: 46087 | E6: Universes Beyond | F6: en es fr de it pt ja ko ru 汉语 漢語 | G6: 5 | H6: =MONTH(NOW())+12*YEAR(NOW())-MONTH(tbl_MTG_Set[[#This Row],[Released On]])-12*YEAR(tbl_MTG_Set[[#This Row],[Released On]]) | I6: =_xlfn.XLOOKUP(tbl_MTG_Set[[#This Row],[Type Name]], tbl_MTG_Set_Type[Set Type], tbl_MTG_Set_Type[Index], "(Set Type not found)") | J6: =_xlfn.XLOOKUP(tbl_MTG_Set[[#This Row],[Type Name]], tbl_MTG_Set_Type[Set Type], tbl_MTG_Set_Type[Buy Window Month Start], "(Set Type not found)") | K6: =tbl_MTG_Set[[#This Row],[Released On]]+tbl_MTG_Set[[#This Row],[Buy Window Month Start]]*365.25/12 | L6: =_xlfn.XLOOKUP(tbl_MTG_Set[[#This Row],[Type Name]], tbl_MTG_Set_Type[Set Type], tbl_MTG_Set_Type[Buy Window Month End], "(Set Type not found)", 0, 1) | M6: =tbl_MTG_Set[[#This Row],[Released On]]+tbl_MTG_Set[[#This Row],[Buy Window Month End]]*365.25/12 | N6: =AND(NOW()>=tbl_MTG_Set[[#This Row],[Buy Window Start]], NOW()<=tbl_MTG_Set[[#This Row],[Buy Window End]]) | O6: =_xlfn.XLOOKUP(tbl_MTG_Set[[#This Row],[Type Name]], tbl_MTG_Set_Type[Set Type], tbl_MTG_Set_Type[Heavy Printing Window Month Start], "(Set Type not found)", 0, 1) | P6: =tbl_MTG_Set[[#This Row],[Released On]]+tbl_MTG_Set[[#This Row],[Heavy Printing Window Month Start]]*365.25/12 | Q6: =_xlfn.XLOOKUP(tbl_MTG_Set[[#This Row],[Type Name]], tbl_MTG_Set_Type[Set Type], tbl_MTG_Set_Type[Heavy Printing Window Month End], "(Set Type not found)", 0, 1) | R6: =tbl_MTG_Set[[#This Row],[Released On]]+tbl_MTG_Set[[#This Row],[Heavy Printing Window Month End]]*365.25/12 | S6: =AND(NOW()>=tbl_MTG_Set[[#This Row],[Heavy Printing Window Start]], NOW()<=tbl_MTG_Set[[#This Row],[Heavy Printing Window End]]) | T6: =_xlfn.XLOOKUP(tbl_MTG_Set[[#This Row],[Type Name]], tbl_MTG_Set_Type[Set Type], tbl_MTG_Set_Type[Sell Window Month Start], "(Set Type not found)", 0, 1) | U6: =tbl_MTG_Set[[#This Row],[Released On]]+tbl_MTG_Set[[#This Row],[Sell Window Month Start]]*365.25/12 | V6: =_xlfn.XLOOKUP(tbl_MTG_Set[[#This Row],[Type Name]], tbl_MTG_Set_Type[Set Type], tbl_MTG_Set_Type[Sell Window Month End], "(Set Type not found)", 0, 1) | W6: =tbl_MTG_Set[[#This Row],[Released On]]+tbl_MTG_Set[[#This Row],[Sell Window Month End]]*365.25/12 | X6: =AND(NOW()>=tbl_MTG_Set[[#This Row],[Sell Window Start]], NOW()<=tbl_MTG_Set[[#This Row],[Sell Window End]]) | AM6: {=IF(ISERROR(MIN(_xlfn._xlws.FILTER(tbl_Sourcing[Source Unit Cost], (tbl_Sourcing[Product Id]=tbl_MTG_Set[[#This Row],[Play Booster Box Product Id]])*(tbl_Sourcing[Active]=TRUE)))), "", MIN(_xlfn._xlws.FILTER(tbl_Sourcing[Source Unit Cost], (tbl_Sourcing[Product Id]=tbl_MTG_Set[[#This Row],[Play Booster Box Product Id]])*(tbl_Sourcing[Active]=TRUE))))} | AN6: {=IF(ISERROR(INDEX(_xlfn._xlws.FILTER(tbl_Sourcing[Source Name], (tbl_Sourcing[Product Id]=tbl_MTG_Set[[#This Row],[Play Booster Box Product Id]])*(tbl_Sourcing[Active]=TRUE)*(tbl_Sourcing[Source Unit Cost]=tbl_MTG_Set[[#This Row],[Play Booster Box Cost]])), 1)), "", INDEX(_xlfn._xlws.FILTER(tbl_Sourcing[Source Name], (tbl_Sourcing[Product Id]=tbl_MTG_Set[[#This Row],[Play Booster Box Product Id]])*(tbl_Sourcing[Active]=TRUE)*(tbl_Sourcing[Source Unit Cost]=tbl_MTG_Set[[#This Row],[Play Booster Box Cost]])), 1))} | AO6: =_xlfn.XLOOKUP(tbl_MTG_Set[[#This Row],[Play Booster Box Product Id]], tbl_Product[Product Id], tbl_Product[Pack Size]) | AP6: =(tbl_MTG_Set[[#This Row],[Play Booster Box Cost]]+v_Item_Shipping_Cost_In)/tbl_MTG_Set[[#This Row],[Play Booster Box Size]] | AQ6: {=IF(ISERROR(MIN(_xlfn._xlws.FILTER(tbl_Sourcing[Source Unit Cost], (tbl_Sourcing[Product Id]=tbl_MTG_Set[[#This Row],[Play Booster Product Id]])*(tbl_Sourcing[Active]=TRUE)*(tbl_Sourcing[Source Name]="Card Market")))), "", MIN(_xlfn._xlws.FILTER(tbl_Sourcing[Source Unit Cost], (tbl_Sourcing[Product Id]=tbl_MTG_Set[[#This Row],[Play Booster Product Id]])*(tbl_Sourcing[Active]=TRUE)*(tbl_Sourcing[Source Name]="Card Market"))))} | AT6: =tbl_MTG_Set[[#This Row],[Play Booster CardMarket Profit]]/tbl_MTG_Set[[#This Row],[Play Booster Cost]] | AU6: =_xlfn.XLOOKUP(tbl_MTG_Set[[#This Row],[Collector Booster Box Product Id]], tbl_Product[Product Id], tbl_Product[Min Cost]) | AV6: =_xlfn.XLOOKUP(tbl_MTG_Set[[#This Row],[Collector Booster Box Product Id]], tbl_Product[Product Id], tbl_Product[Best Source]) | AW6: =_xlfn.XLOOKUP(tbl_MTG_Set[[#This Row],[Collector Booster Box Product Id]], tbl_Product[Product Id], tbl_Product[Pack Size]) | AX6: =(tbl_MTG_Set[[#This Row],[Collector Booster Box Cost]] + v_Item_Shipping_Cost_In) / tbl_MTG_Set[[#This Row],[Collector Booster Box Size]] | AY6: {=IF(ISERROR(_xlfn._xlws.FILTER(tbl_Sourcing[Source Unit Cost], (tbl_Sourcing[Product Id]=tbl_MTG_Set[[#This Row],[Collector Booster Product Id]])*(tbl_Sourcing[Active]=TRUE)*(tbl_Sourcing[Source Name]="Card Market"))), "", _xlfn._xlws.FILTER(tbl_Sourcing[Source Unit Cost], (tbl_Sourcing[Product Id]=tbl_MTG_Set[[#This Row],[Collector Booster Product Id]])*(tbl_Sourcing[Active]=TRUE)*(tbl_Sourcing[Source Name]="Card Market")))} | BA6: =IF(ISERROR(tbl_MTG_Set[[#This Row],[Collector Booster Sell Price CardMarket]]-tbl_MTG_Set[[#This Row],[Collector Booster Cost]]-v_Item_Shipping_Cost_Out), -999, tbl_MTG_Set[[#This Row],[Collector Booster Sell Price CardMarket]]-tbl_MTG_Set[[#This Row],[Collector Booster Cost]]-v_Item_Shipping_Cost_Out) | BB6: =tbl_MTG_Set[[#This Row],[Collector Booster CardMarket Profit]]/tbl_MTG_Set[[#This Row],[Collector Booster Cost]] | BF6: =tbl_MTG_Set[[#This Row],[Play Booster Sell Price CardMarket]]*tbl_MTG_Set[[#This Row],[Play Booster Expected Market Value]]/tbl_MTG_Set[[#This Row],[Play Boost Sealed Market Value]] | BG6: =IF(ISERROR(tbl_MTG_Set[[#This Row],[Play Booster Expected Value]]-tbl_MTG_Set[[#This Row],[Play Booster Cost]]-v_Item_Shipping_Cost_Out), -999, tbl_MTG_Set[[#This Row],[Play Booster Expected Value]]-tbl_MTG_Set[[#This Row],[Play Booster Cost]]-v_Item_Shipping_Cost_Out) | BH6: =tbl_MTG_Set[[#This Row],[Play Singles CardMarket Profit]]/tbl_MTG_Set[[#This Row],[Play Booster Cost]] | BI6: =tbl_MTG_Set[[#This Row],[Play Singles CardMarket Profit]]>0 | BL6: =tbl_MTG_Set[[#This Row],[Collector Booster Sell Price CardMarket]]*tbl_MTG_Set[[#This Row],[Collector Booster Expected Market Value]]/tbl_MTG_Set[[#This Row],[Collector Boost Sealed Market Value]] | BM6: =IF(ISERROR(tbl_MTG_Set[[#This Row],[Collector Booster Expected Value]] - tbl_MTG_Set[[#This Row],[Collector Booster Cost]] - v_Item_Shipping_Cost_Out), -999, tbl_MTG_Set[[#This Row],[Collector Booster Expected Value]] - tbl_MTG_Set[[#This Row],[Collector Booster Cost]] - v_Item_Shipping_Cost_Out) | BN6: =tbl_MTG_Set[[#This Row],[Collector Singles CardMarket Profit]]/tbl_MTG_Set[[#This Row],[Collector Booster Cost]] | BO6: =tbl_MTG_Set[[#This Row],[Collector Singles CardMarket Profit]]>0 | BP6: =OR(tbl_MTG_Set[[#This Row],[Split Collector?]], tbl_MTG_Set[[#This Row],[Split Play?]], tbl_MTG_Set[[#This Row],[Collector Booster CardMarket Profit]]>0, tbl_MTG_Set[[#This Row],[Play Booster CardMarket Profit]]>0) | BQ6: =IF(tbl_MTG_Set[[#This Row],[Play Booster CardMarket Profit]]=tbl_MTG_Set[[#This Row],[Max Profit]], "Play Boosters", IF(tbl_MTG_Set[[#This Row],[Collector Booster CardMarket Profit]]=tbl_MTG_Set[[#This Row],[Max Profit]], "Collector Boosters", IF(tbl_MTG_Set[[#This Row],[Play Singles CardMarket Profit]]=tbl_MTG_Set[[#This Row],[Max Profit]], "Play Singles", "Collector Singles"))) | BR6: =MAX(IFERROR(tbl_MTG_Set[[#This Row],[Play Booster CardMarket Profit]], -999), IFERROR(tbl_MTG_Set[[#This Row],[Collector Booster CardMarket Profit]], -999), IFERROR(tbl_MTG_Set[[#This Row],[Play Singles CardMarket Profit]], -999), IFERROR(tbl_MTG_Set[[#This Row],[Collector Singles CardMarket Profit]], -999)) | BS6: =IF(tbl_MTG_Set[[#This Row],[Play Booster CardMarket Profit Margin (%)]]=tbl_MTG_Set[[#This Row],[Max Profit Margin (%)]], "Play Boosters", IF(tbl_MTG_Set[[#This Row],[Collector Booster CardMarket Profit Margin (%)]]=tbl_MTG_Set[[#This Row],[Max Profit Margin (%)]], "Collector Boosters", IF(tbl_MTG_Set[[#This Row],[Play Singles CardMarket Profit Margin (%)]]=tbl_MTG_Set[[#This Row],[Max Profit Margin (%)]], "Play Singles", "Collector Singles"))) | BT6: =MAX(IFERROR(tbl_MTG_Set[[#This Row],[Play Booster CardMarket Profit Margin (%)]], 0), IFERROR(tbl_MTG_Set[[#This Row],[Collector Booster CardMarket Profit Margin (%)]], 0), IFERROR(tbl_MTG_Set[[#This Row],[Play Singles CardMarket Profit Margin (%)]], 0), IFERROR(tbl_MTG_Set[[#This Row],[Collector Singles CardMarket Profit Margin (%)]], 0))
A7: 5 | B7: Teenage Mutant Ninja Turtles Tokens TTMT | C7: 1 | D7: 46087 | E7: Universes Beyond | F7: en es fr de it pt ja ko ru 汉语 漢語 | G7: 6 | H7: =MONTH(NOW())+12*YEAR(NOW())-MONTH(tbl_MTG_Set[[#This Row],[Released On]])-12*YEAR(tbl_MTG_Set[[#This Row],[Released On]]) | I7: =_xlfn.XLOOKUP(tbl_MTG_Set[[#This Row],[Type Name]], tbl_MTG_Set_Type[Set Type], tbl_MTG_Set_Type[Index], "(Set Type not found)") | J7: =_xlfn.XLOOKUP(tbl_MTG_Set[[#This Row],[Type Name]], tbl_MTG_Set_Type[Set Type], tbl_MTG_Set_Type[Buy Window Month Start], "(Set Type not found)") | K7: =tbl_MTG_Set[[#This Row],[Released On]]+tbl_MTG_Set[[#This Row],[Buy Window Month Start]]*365.25/12 | L7: =_xlfn.XLOOKUP(tbl_MTG_Set[[#This Row],[Type Name]], tbl_MTG_Set_Type[Set Type], tbl_MTG_Set_Type[Buy Window Month End], "(Set Type not found)", 0, 1) | M7: =tbl_MTG_Set[[#This Row],[Released On]]+tbl_MTG_Set[[#This Row],[Buy Window Month End]]*365.25/12 | N7: =AND(NOW()>=tbl_MTG_Set[[#This Row],[Buy Window Start]], NOW()<=tbl_MTG_Set[[#This Row],[Buy Window End]]) | O7: =_xlfn.XLOOKUP(tbl_MTG_Set[[#This Row],[Type Name]], tbl_MTG_Set_Type[Set Type], tbl_MTG_Set_Type[Heavy Printing Window Month Start], "(Set Type not found)", 0, 1) | P7: =tbl_MTG_Set[[#This Row],[Released On]]+tbl_MTG_Set[[#This Row],[Heavy Printing Window Month Start]]*365.25/12 | Q7: =_xlfn.XLOOKUP(tbl_MTG_Set[[#This Row],[Type Name]], tbl_MTG_Set_Type[Set Type], tbl_MTG_Set_Type[Heavy Printing Window Month End], "(Set Type not found)", 0, 1) | R7: =tbl_MTG_Set[[#This Row],[Released On]]+tbl_MTG_Set[[#This Row],[Heavy Printing Window Month End]]*365.25/12 | S7: =AND(NOW()>=tbl_MTG_Set[[#This Row],[Heavy Printing Window Start]], NOW()<=tbl_MTG_Set[[#This Row],[Heavy Printing Window End]]) | T7: =_xlfn.XLOOKUP(tbl_MTG_Set[[#This Row],[Type Name]], tbl_MTG_Set_Type[Set Type], tbl_MTG_Set_Type[Sell Window Month Start], "(Set Type not found)", 0, 1) | U7: =tbl_MTG_Set[[#This Row],[Released On]]+tbl_MTG_Set[[#This Row],[Sell Window Month Start]]*365.25/12 | V7: =_xlfn.XLOOKUP(tbl_MTG_Set[[#This Row],[Type Name]], tbl_MTG_Set_Type[Set Type], tbl_MTG_Set_Type[Sell Window Month End], "(Set Type not found)", 0, 1) | W7: =tbl_MTG_Set[[#This Row],[Released On]]+tbl_MTG_Set[[#This Row],[Sell Window Month End]]*365.25/12 | X7: =AND(NOW()>=tbl_MTG_Set[[#This Row],[Sell Window Start]], NOW()<=tbl_MTG_Set[[#This Row],[Sell Window End]]) | AM7: {=IF(ISERROR(MIN(_xlfn._xlws.FILTER(tbl_Sourcing[Source Unit Cost], (tbl_Sourcing[Product Id]=tbl_MTG_Set[[#This Row],[Play Booster Box Product Id]])*(tbl_Sourcing[Active]=TRUE)))), "", MIN(_xlfn._xlws.FILTER(tbl_Sourcing[Source Unit Cost], (tbl_Sourcing[Product Id]=tbl_MTG_Set[[#This Row],[Play Booster Box Product Id]])*(tbl_Sourcing[Active]=TRUE))))} | AN7: {=IF(ISERROR(INDEX(_xlfn._xlws.FILTER(tbl_Sourcing[Source Name], (tbl_Sourcing[Product Id]=tbl_MTG_Set[[#This Row],[Play Booster Box Product Id]])*(tbl_Sourcing[Active]=TRUE)*(tbl_Sourcing[Source Unit Cost]=tbl_MTG_Set[[#This Row],[Play Booster Box Cost]])), 1)), "", INDEX(_xlfn._xlws.FILTER(tbl_Sourcing[Source Name], (tbl_Sourcing[Product Id]=tbl_MTG_Set[[#This Row],[Play Booster Box Product Id]])*(tbl_Sourcing[Active]=TRUE)*(tbl_Sourcing[Source Unit Cost]=tbl_MTG_Set[[#This Row],[Play Booster Box Cost]])), 1))} | AO7: =_xlfn.XLOOKUP(tbl_MTG_Set[[#This Row],[Play Booster Box Product Id]], tbl_Product[Product Id], tbl_Product[Pack Size]) | AP7: =(tbl_MTG_Set[[#This Row],[Play Booster Box Cost]]+v_Item_Shipping_Cost_In)/tbl_MTG_Set[[#This Row],[Play Booster Box Size]] | AQ7: {=IF(ISERROR(MIN(_xlfn._xlws.FILTER(tbl_Sourcing[Source Unit Cost], (tbl_Sourcing[Product Id]=tbl_MTG_Set[[#This Row],[Play Booster Product Id]])*(tbl_Sourcing[Active]=TRUE)*(tbl_Sourcing[Source Name]="Card Market")))), "", MIN(_xlfn._xlws.FILTER(tbl_Sourcing[Source Unit Cost], (tbl_Sourcing[Product Id]=tbl_MTG_Set[[#This Row],[Play Booster Product Id]])*(tbl_Sourcing[Active]=TRUE)*(tbl_Sourcing[Source Name]="Card Market"))))} | AT7: =tbl_MTG_Set[[#This Row],[Play Booster CardMarket Profit]]/tbl_MTG_Set[[#This Row],[Play Booster Cost]] | AU7: =_xlfn.XLOOKUP(tbl_MTG_Set[[#This Row],[Collector Booster Box Product Id]], tbl_Product[Product Id], tbl_Product[Min Cost]) | AV7: =_xlfn.XLOOKUP(tbl_MTG_Set[[#This Row],[Collector Booster Box Product Id]], tbl_Product[Product Id], tbl_Product[Best Source]) | AW7: =_xlfn.XLOOKUP(tbl_MTG_Set[[#This Row],[Collector Booster Box Product Id]], tbl_Product[Product Id], tbl_Product[Pack Size]) | AX7: =(tbl_MTG_Set[[#This Row],[Collector Booster Box Cost]] + v_Item_Shipping_Cost_In) / tbl_MTG_Set[[#This Row],[Collector Booster Box Size]] | AY7: {=IF(ISERROR(_xlfn._xlws.FILTER(tbl_Sourcing[Source Unit Cost], (tbl_Sourcing[Product Id]=tbl_MTG_Set[[#This Row],[Collector Booster Product Id]])*(tbl_Sourcing[Active]=TRUE)*(tbl_Sourcing[Source Name]="Card Market"))), "", _xlfn._xlws.FILTER(tbl_Sourcing[Source Unit Cost], (tbl_Sourcing[Product Id]=tbl_MTG_Set[[#This Row],[Collector Booster Product Id]])*(tbl_Sourcing[Active]=TRUE)*(tbl_Sourcing[Source Name]="Card Market")))} | BA7: =IF(ISERROR(tbl_MTG_Set[[#This Row],[Collector Booster Sell Price CardMarket]]-tbl_MTG_Set[[#This Row],[Collector Booster Cost]]-v_Item_Shipping_Cost_Out), -999, tbl_MTG_Set[[#This Row],[Collector Booster Sell Price CardMarket]]-tbl_MTG_Set[[#This Row],[Collector Booster Cost]]-v_Item_Shipping_Cost_Out) | BB7: =tbl_MTG_Set[[#This Row],[Collector Booster CardMarket Profit]]/tbl_MTG_Set[[#This Row],[Collector Booster Cost]] | BF7: =tbl_MTG_Set[[#This Row],[Play Booster Sell Price CardMarket]]*tbl_MTG_Set[[#This Row],[Play Booster Expected Market Value]]/tbl_MTG_Set[[#This Row],[Play Boost Sealed Market Value]] | BG7: =IF(ISERROR(tbl_MTG_Set[[#This Row],[Play Booster Expected Value]]-tbl_MTG_Set[[#This Row],[Play Booster Cost]]-v_Item_Shipping_Cost_Out), -999, tbl_MTG_Set[[#This Row],[Play Booster Expected Value]]-tbl_MTG_Set[[#This Row],[Play Booster Cost]]-v_Item_Shipping_Cost_Out) | BH7: =tbl_MTG_Set[[#This Row],[Play Singles CardMarket Profit]]/tbl_MTG_Set[[#This Row],[Play Booster Cost]] | BI7: =tbl_MTG_Set[[#This Row],[Play Singles CardMarket Profit]]>0 | BL7: =tbl_MTG_Set[[#This Row],[Collector Booster Sell Price CardMarket]]*tbl_MTG_Set[[#This Row],[Collector Booster Expected Market Value]]/tbl_MTG_Set[[#This Row],[Collector Boost Sealed Market Value]] | BM7: =IF(ISERROR(tbl_MTG_Set[[#This Row],[Collector Booster Expected Value]] - tbl_MTG_Set[[#This Row],[Collector Booster Cost]] - v_Item_Shipping_Cost_Out), -999, tbl_MTG_Set[[#This Row],[Collector Booster Expected Value]] - tbl_MTG_Set[[#This Row],[Collector Booster Cost]] - v_Item_Shipping_Cost_Out) | BN7: =tbl_MTG_Set[[#This Row],[Collector Singles CardMarket Profit]]/tbl_MTG_Set[[#This Row],[Collector Booster Cost]] | BO7: =tbl_MTG_Set[[#This Row],[Collector Singles CardMarket Profit]]>0 | BP7: =OR(tbl_MTG_Set[[#This Row],[Split Collector?]], tbl_MTG_Set[[#This Row],[Split Play?]], tbl_MTG_Set[[#This Row],[Collector Booster CardMarket Profit]]>0, tbl_MTG_Set[[#This Row],[Play Booster CardMarket Profit]]>0) | BQ7: =IF(tbl_MTG_Set[[#This Row],[Play Booster CardMarket Profit]]=tbl_MTG_Set[[#This Row],[Max Profit]], "Play Boosters", IF(tbl_MTG_Set[[#This Row],[Collector Booster CardMarket Profit]]=tbl_MTG_Set[[#This Row],[Max Profit]], "Collector Boosters", IF(tbl_MTG_Set[[#This Row],[Play Singles CardMarket Profit]]=tbl_MTG_Set[[#This Row],[Max Profit]], "Play Singles", "Collector Singles"))) | BR7: =MAX(IFERROR(tbl_MTG_Set[[#This Row],[Play Booster CardMarket Profit]], -999), IFERROR(tbl_MTG_Set[[#This Row],[Collector Booster CardMarket Profit]], -999), IFERROR(tbl_MTG_Set[[#This Row],[Play Singles CardMarket Profit]], -999), IFERROR(tbl_MTG_Set[[#This Row],[Collector Singles CardMarket Profit]], -999)) | BS7: =IF(tbl_MTG_Set[[#This Row],[Play Booster CardMarket Profit Margin (%)]]=tbl_MTG_Set[[#This Row],[Max Profit Margin (%)]], "Play Boosters", IF(tbl_MTG_Set[[#This Row],[Collector Booster CardMarket Profit Margin (%)]]=tbl_MTG_Set[[#This Row],[Max Profit Margin (%)]], "Collector Boosters", IF(tbl_MTG_Set[[#This Row],[Play Singles CardMarket Profit Margin (%)]]=tbl_MTG_Set[[#This Row],[Max Profit Margin (%)]], "Play Singles", "Collector Singles"))) | BT7: =MAX(IFERROR(tbl_MTG_Set[[#This Row],[Play Booster CardMarket Profit Margin (%)]], 0), IFERROR(tbl_MTG_Set[[#This Row],[Collector Booster CardMarket Profit Margin (%)]], 0), IFERROR(tbl_MTG_Set[[#This Row],[Play Singles CardMarket Profit Margin (%)]], 0), IFERROR(tbl_MTG_Set[[#This Row],[Collector Singles CardMarket Profit Margin (%)]], 0))
A8: 6 | B8: Teenage Mutant Ninja Turtles Eternal TMC | C8: 12 | D8: 46087 | E8: Universes Beyond | F8: en es fr de it pt ja ko ru 汉语 漢語 | G8: 7 | H8: =MONTH(NOW())+12*YEAR(NOW())-MONTH(tbl_MTG_Set[[#This Row],[Released On]])-12*YEAR(tbl_MTG_Set[[#This Row],[Released On]]) | I8: =_xlfn.XLOOKUP(tbl_MTG_Set[[#This Row],[Type Name]], tbl_MTG_Set_Type[Set Type], tbl_MTG_Set_Type[Index], "(Set Type not found)") | J8: =_xlfn.XLOOKUP(tbl_MTG_Set[[#This Row],[Type Name]], tbl_MTG_Set_Type[Set Type], tbl_MTG_Set_Type[Buy Window Month Start], "(Set Type not found)") | K8: =tbl_MTG_Set[[#This Row],[Released On]]+tbl_MTG_Set[[#This Row],[Buy Window Month Start]]*365.25/12 | L8: =_xlfn.XLOOKUP(tbl_MTG_Set[[#This Row],[Type Name]], tbl_MTG_Set_Type[Set Type], tbl_MTG_Set_Type[Buy Window Month End], "(Set Type not found)", 0, 1) | M8: =tbl_MTG_Set[[#This Row],[Released On]]+tbl_MTG_Set[[#This Row],[Buy Window Month End]]*365.25/12 | N8: =AND(NOW()>=tbl_MTG_Set[[#This Row],[Buy Window Start]], NOW()<=tbl_MTG_Set[[#This Row],[Buy Window End]]) | O8: =_xlfn.XLOOKUP(tbl_MTG_Set[[#This Row],[Type Name]], tbl_MTG_Set_Type[Set Type], tbl_MTG_Set_Type[Heavy Printing Window Month Start], "(Set Type not found)", 0, 1) | P8: =tbl_MTG_Set[[#This Row],[Released On]]+tbl_MTG_Set[[#This Row],[Heavy Printing Window Month Start]]*365.25/12 | Q8: =_xlfn.XLOOKUP(tbl_MTG_Set[[#This Row],[Type Name]], tbl_MTG_Set_Type[Set Type], tbl_MTG_Set_Type[Heavy Printing Window Month End], "(Set Type not found)", 0, 1) | R8: =tbl_MTG_Set[[#This Row],[Released On]]+tbl_MTG_Set[[#This Row],[Heavy Printing Window Month End]]*365.25/12 | S8: =AND(NOW()>=tbl_MTG_Set[[#This Row],[Heavy Printing Window Start]], NOW()<=tbl_MTG_Set[[#This Row],[Heavy Printing Window End]]) | T8: =_xlfn.XLOOKUP(tbl_MTG_Set[[#This Row],[Type Name]], tbl_MTG_Set_Type[Set Type], tbl_MTG_Set_Type[Sell Window Month Start], "(Set Type not found)", 0, 1) | U8: =tbl_MTG_Set[[#This Row],[Released On]]+tbl_MTG_Set[[#This Row],[Sell Window Month Start]]*365.25/12 | V8: =_xlfn.XLOOKUP(tbl_MTG_Set[[#This Row],[Type Name]], tbl_MTG_Set_Type[Set Type], tbl_MTG_Set_Type[Sell Window Month End], "(Set Type not found)", 0, 1) | W8: =tbl_MTG_Set[[#This Row],[Released On]]+tbl_MTG_Set[[#This Row],[Sell Window Month End]]*365.25/12 | X8: =AND(NOW()>=tbl_MTG_Set[[#This Row],[Sell Window Start]], NOW()<=tbl_MTG_Set[[#This Row],[Sell Window End]]) | AM8: {=IF(ISERROR(MIN(_xlfn._xlws.FILTER(tbl_Sourcing[Source Unit Cost], (tbl_Sourcing[Product Id]=tbl_MTG_Set[[#This Row],[Play Booster Box Product Id]])*(tbl_Sourcing[Active]=TRUE)))), "", MIN(_xlfn._xlws.FILTER(tbl_Sourcing[Source Unit Cost], (tbl_Sourcing[Product Id]=tbl_MTG_Set[[#This Row],[Play Booster Box Product Id]])*(tbl_Sourcing[Active]=TRUE))))} | AN8: {=IF(ISERROR(INDEX(_xlfn._xlws.FILTER(tbl_Sourcing[Source Name], (tbl_Sourcing[Product Id]=tbl_MTG_Set[[#This Row],[Play Booster Box Product Id]])*(tbl_Sourcing[Active]=TRUE)*(tbl_Sourcing[Source Unit Cost]=tbl_MTG_Set[[#This Row],[Play Booster Box Cost]])), 1)), "", INDEX(_xlfn._xlws.FILTER(tbl_Sourcing[Source Name], (tbl_Sourcing[Product Id]=tbl_MTG_Set[[#This Row],[Play Booster Box Product Id]])*(tbl_Sourcing[Active]=TRUE)*(tbl_Sourcing[Source Unit Cost]=tbl_MTG_Set[[#This Row],[Play Booster Box Cost]])), 1))} | AO8: =_xlfn.XLOOKUP(tbl_MTG_Set[[#This Row],[Play Booster Box Product Id]], tbl_Product[Product Id], tbl_Product[Pack Size]) | AP8: =(tbl_MTG_Set[[#This Row],[Play Booster Box Cost]]+v_Item_Shipping_Cost_In)/tbl_MTG_Set[[#This Row],[Play Booster Box Size]] | AQ8: {=IF(ISERROR(MIN(_xlfn._xlws.FILTER(tbl_Sourcing[Source Unit Cost], (tbl_Sourcing[Product Id]=tbl_MTG_Set[[#This Row],[Play Booster Product Id]])*(tbl_Sourcing[Active]=TRUE)*(tbl_Sourcing[Source Name]="Card Market")))), "", MIN(_xlfn._xlws.FILTER(tbl_Sourcing[Source Unit Cost], (tbl_Sourcing[Product Id]=tbl_MTG_Set[[#This Row],[Play Booster Product Id]])*(tbl_Sourcing[Active]=TRUE)*(tbl_Sourcing[Source Name]="Card Market"))))} | AT8: =tbl_MTG_Set[[#This Row],[Play Booster CardMarket Profit]]/tbl_MTG_Set[[#This Row],[Play Booster Cost]] | AU8: =_xlfn.XLOOKUP(tbl_MTG_Set[[#This Row],[Collector Booster Box Product Id]], tbl_Product[Product Id], tbl_Product[Min Cost]) | AV8: =_xlfn.XLOOKUP(tbl_MTG_Set[[#This Row],[Collector Booster Box Product Id]], tbl_Product[Product Id], tbl_Product[Best Source]) | AW8: =_xlfn.XLOOKUP(tbl_MTG_Set[[#This Row],[Collector Booster Box Product Id]], tbl_Product[Product Id], tbl_Product[Pack Size]) | AX8: =(tbl_MTG_Set[[#This Row],[Collector Booster Box Cost]] + v_Item_Shipping_Cost_In) / tbl_MTG_Set[[#This Row],[Collector Booster Box Size]] | AY8: {=IF(ISERROR(_xlfn._xlws.FILTER(tbl_Sourcing[Source Unit Cost], (tbl_Sourcing[Product Id]=tbl_MTG_Set[[#This Row],[Collector Booster Product Id]])*(tbl_Sourcing[Active]=TRUE)*(tbl_Sourcing[Source Name]="Card Market"))), "", _xlfn._xlws.FILTER(tbl_Sourcing[Source Unit Cost], (tbl_Sourcing[Product Id]=tbl_MTG_Set[[#This Row],[Collector Booster Product Id]])*(tbl_Sourcing[Active]=TRUE)*(tbl_Sourcing[Source Name]="Card Market")))} | BA8: =IF(ISERROR(tbl_MTG_Set[[#This Row],[Collector Booster Sell Price CardMarket]]-tbl_MTG_Set[[#This Row],[Collector Booster Cost]]-v_Item_Shipping_Cost_Out), -999, tbl_MTG_Set[[#This Row],[Collector Booster Sell Price CardMarket]]-tbl_MTG_Set[[#This Row],[Collector Booster Cost]]-v_Item_Shipping_Cost_Out) | BB8: =tbl_MTG_Set[[#This Row],[Collector Booster CardMarket Profit]]/tbl_MTG_Set[[#This Row],[Collector Booster Cost]] | BF8: =tbl_MTG_Set[[#This Row],[Play Booster Sell Price CardMarket]]*tbl_MTG_Set[[#This Row],[Play Booster Expected Market Value]]/tbl_MTG_Set[[#This Row],[Play Boost Sealed Market Value]] | BG8: =IF(ISERROR(tbl_MTG_Set[[#This Row],[Play Booster Expected Value]]-tbl_MTG_Set[[#This Row],[Play Booster Cost]]-v_Item_Shipping_Cost_Out), -999, tbl_MTG_Set[[#This Row],[Play Booster Expected Value]]-tbl_MTG_Set[[#This Row],[Play Booster Cost]]-v_Item_Shipping_Cost_Out) | BH8: =tbl_MTG_Set[[#This Row],[Play Singles CardMarket Profit]]/tbl_MTG_Set[[#This Row],[Play Booster Cost]] | BI8: =tbl_MTG_Set[[#This Row],[Play Singles CardMarket Profit]]>0 | BL8: =tbl_MTG_Set[[#This Row],[Collector Booster Sell Price CardMarket]]*tbl_MTG_Set[[#This Row],[Collector Booster Expected Market Value]]/tbl_MTG_Set[[#This Row],[Collector Boost Sealed Market Value]] | BM8: =IF(ISERROR(tbl_MTG_Set[[#This Row],[Collector Booster Expected Value]] - tbl_MTG_Set[[#This Row],[Collector Booster Cost]] - v_Item_Shipping_Cost_Out), -999, tbl_MTG_Set[[#This Row],[Collector Booster Expected Value]] - tbl_MTG_Set[[#This Row],[Collector Booster Cost]] - v_Item_Shipping_Cost_Out) | BN8: =tbl_MTG_Set[[#This Row],[Collector Singles CardMarket Profit]]/tbl_MTG_Set[[#This Row],[Collector Booster Cost]] | BO8: =tbl_MTG_Set[[#This Row],[Collector Singles CardMarket Profit]]>0 | BP8: =OR(tbl_MTG_Set[[#This Row],[Split Collector?]], tbl_MTG_Set[[#This Row],[Split Play?]], tbl_MTG_Set[[#This Row],[Collector Booster CardMarket Profit]]>0, tbl_MTG_Set[[#This Row],[Play Booster CardMarket Profit]]>0) | BQ8: =IF(tbl_MTG_Set[[#This Row],[Play Booster CardMarket Profit]]=tbl_MTG_Set[[#This Row],[Max Profit]], "Play Boosters", IF(tbl_MTG_Set[[#This Row],[Collector Booster CardMarket Profit]]=tbl_MTG_Set[[#This Row],[Max Profit]], "Collector Boosters", IF(tbl_MTG_Set[[#This Row],[Play Singles CardMarket Profit]]=tbl_MTG_Set[[#This Row],[Max Profit]], "Play Singles", "Collector Singles"))) | BR8: =MAX(IFERROR(tbl_MTG_Set[[#This Row],[Play Booster CardMarket Profit]], -999), IFERROR(tbl_MTG_Set[[#This Row],[Collector Booster CardMarket Profit]], -999), IFERROR(tbl_MTG_Set[[#This Row],[Play Singles CardMarket Profit]], -999), IFERROR(tbl_MTG_Set[[#This Row],[Collector Singles CardMarket Profit]], -999)) | BS8: =IF(tbl_MTG_Set[[#This Row],[Play Booster CardMarket Profit Margin (%)]]=tbl_MTG_Set[[#This Row],[Max Profit Margin (%)]], "Play Boosters", IF(tbl_MTG_Set[[#This Row],[Collector Booster CardMarket Profit Margin (%)]]=tbl_MTG_Set[[#This Row],[Max Profit Margin (%)]], "Collector Boosters", IF(tbl_MTG_Set[[#This Row],[Play Singles CardMarket Profit Margin (%)]]=tbl_MTG_Set[[#This Row],[Max Profit Margin (%)]], "Play Singles", "Collector Singles"))) | BT8: =MAX(IFERROR(tbl_MTG_Set[[#This Row],[Play Booster CardMarket Profit Margin (%)]], 0), IFERROR(tbl_MTG_Set[[#This Row],[Collector Booster CardMarket Profit Margin (%)]], 0), IFERROR(tbl_MTG_Set[[#This Row],[Play Singles CardMarket Profit Margin (%)]], 0), IFERROR(tbl_MTG_Set[[#This Row],[Collector Singles CardMarket Profit Margin (%)]], 0))
A9: 7 | B9: Teenage Mutant Ninja Turtles Eternal Tokens TTMC | C9: 4 | D9: 46087 | E9: Universes Beyond | F9: en es fr de it pt ja ko ru 汉语 漢語 | G9: 8 | H9: =MONTH(NOW())+12*YEAR(NOW())-MONTH(tbl_MTG_Set[[#This Row],[Released On]])-12*YEAR(tbl_MTG_Set[[#This Row],[Released On]]) | I9: =_xlfn.XLOOKUP(tbl_MTG_Set[[#This Row],[Type Name]], tbl_MTG_Set_Type[Set Type], tbl_MTG_Set_Type[Index], "(Set Type not found)") | J9: =_xlfn.XLOOKUP(tbl_MTG_Set[[#This Row],[Type Name]], tbl_MTG_Set_Type[Set Type], tbl_MTG_Set_Type[Buy Window Month Start], "(Set Type not found)") | K9: =tbl_MTG_Set[[#This Row],[Released On]]+tbl_MTG_Set[[#This Row],[Buy Window Month Start]]*365.25/12 | L9: =_xlfn.XLOOKUP(tbl_MTG_Set[[#This Row],[Type Name]], tbl_MTG_Set_Type[Set Type], tbl_MTG_Set_Type[Buy Window Month End], "(Set Type not found)", 0, 1) | M9: =tbl_MTG_Set[[#This Row],[Released On]]+tbl_MTG_Set[[#This Row],[Buy Window Month End]]*365.25/12 | N9: =AND(NOW()>=tbl_MTG_Set[[#This Row],[Buy Window Start]], NOW()<=tbl_MTG_Set[[#This Row],[Buy Window End]]) | O9: =_xlfn.XLOOKUP(tbl_MTG_Set[[#This Row],[Type Name]], tbl_MTG_Set_Type[Set Type], tbl_MTG_Set_Type[Heavy Printing Window Month Start], "(Set Type not found)", 0, 1) | P9: =tbl_MTG_Set[[#This Row],[Released On]]+tbl_MTG_Set[[#This Row],[Heavy Printing Window Month Start]]*365.25/12 | Q9: =_xlfn.XLOOKUP(tbl_MTG_Set[[#This Row],[Type Name]], tbl_MTG_Set_Type[Set Type], tbl_MTG_Set_Type[Heavy Printing Window Month End], "(Set Type not found)", 0, 1) | R9: =tbl_MTG_Set[[#This Row],[Released On]]+tbl_MTG_Set[[#This Row],[Heavy Printing Window Month End]]*365.25/12 | S9: =AND(NOW()>=tbl_MTG_Set[[#This Row],[Heavy Printing Window Start]], NOW()<=tbl_MTG_Set[[#This Row],[Heavy Printing Window End]]) | T9: =_xlfn.XLOOKUP(tbl_MTG_Set[[#This Row],[Type Name]], tbl_MTG_Set_Type[Set Type], tbl_MTG_Set_Type[Sell Window Month Start], "(Set Type not found)", 0, 1) | U9: =tbl_MTG_Set[[#This Row],[Released On]]+tbl_MTG_Set[[#This Row],[Sell Window Month Start]]*365.25/12 | V9: =_xlfn.XLOOKUP(tbl_MTG_Set[[#This Row],[Type Name]], tbl_MTG_Set_Type[Set Type], tbl_MTG_Set_Type[Sell Window Month End], "(Set Type not found)", 0, 1) | W9: =tbl_MTG_Set[[#This Row],[Released On]]+tbl_MTG_Set[[#This Row],[Sell Window Month End]]*365.25/12 | X9: =AND(NOW()>=tbl_MTG_Set[[#This Row],[Sell Window Start]], NOW()<=tbl_MTG_Set[[#This Row],[Sell Window End]]) | AM9: {=IF(ISERROR(MIN(_xlfn._xlws.FILTER(tbl_Sourcing[Source Unit Cost], (tbl_Sourcing[Product Id]=tbl_MTG_Set[[#This Row],[Play Booster Box Product Id]])*(tbl_Sourcing[Active]=TRUE)))), "", MIN(_xlfn._xlws.FILTER(tbl_Sourcing[Source Unit Cost], (tbl_Sourcing[Product Id]=tbl_MTG_Set[[#This Row],[Play Booster Box Product Id]])*(tbl_Sourcing[Active]=TRUE))))} | AN9: {=IF(ISERROR(INDEX(_xlfn._xlws.FILTER(tbl_Sourcing[Source Name], (tbl_Sourcing[Product Id]=tbl_MTG_Set[[#This Row],[Play Booster Box Product Id]])*(tbl_Sourcing[Active]=TRUE)*(tbl_Sourcing[Source Unit Cost]=tbl_MTG_Set[[#This Row],[Play Booster Box Cost]])), 1)), "", INDEX(_xlfn._xlws.FILTER(tbl_Sourcing[Source Name], (tbl_Sourcing[Product Id]=tbl_MTG_Set[[#This Row],[Play Booster Box Product Id]])*(tbl_Sourcing[Active]=TRUE)*(tbl_Sourcing[Source Unit Cost]=tbl_MTG_Set[[#This Row],[Play Booster Box Cost]])), 1))} | AO9: =_xlfn.XLOOKUP(tbl_MTG_Set[[#This Row],[Play Booster Box Product Id]], tbl_Product[Product Id], tbl_Product[Pack Size]) | AP9: =(tbl_MTG_Set[[#This Row],[Play Booster Box Cost]]+v_Item_Shipping_Cost_In)/tbl_MTG_Set[[#This Row],[Play Booster Box Size]] | AQ9: {=IF(ISERROR(MIN(_xlfn._xlws.FILTER(tbl_Sourcing[Source Unit Cost], (tbl_Sourcing[Product Id]=tbl_MTG_Set[[#This Row],[Play Booster Product Id]])*(tbl_Sourcing[Active]=TRUE)*(tbl_Sourcing[Source Name]="Card Market")))), "", MIN(_xlfn._xlws.FILTER(tbl_Sourcing[Source Unit Cost], (tbl_Sourcing[Product Id]=tbl_MTG_Set[[#This Row],[Play Booster Product Id]])*(tbl_Sourcing[Active]=TRUE)*(tbl_Sourcing[Source Name]="Card Market"))))} | AT9: =tbl_MTG_Set[[#This Row],[Play Booster CardMarket Profit]]/tbl_MTG_Set[[#This Row],[Play Booster Cost]] | AU9: =_xlfn.XLOOKUP(tbl_MTG_Set[[#This Row],[Collector Booster Box Product Id]], tbl_Product[Product Id], tbl_Product[Min Cost]) | AV9: =_xlfn.XLOOKUP(tbl_MTG_Set[[#This Row],[Collector Booster Box Product Id]], tbl_Product[Product Id], tbl_Product[Best Source]) | AW9: =_xlfn.XLOOKUP(tbl_MTG_Set[[#This Row],[Collector Booster Box Product Id]], tbl_Product[Product Id], tbl_Product[Pack Size]) | AX9: =(tbl_MTG_Set[[#This Row],[Collector Booster Box Cost]] + v_Item_Shipping_Cost_In) / tbl_MTG_Set[[#This Row],[Collector Booster Box Size]] | AY9: {=IF(ISERROR(_xlfn._xlws.FILTER(tbl_Sourcing[Source Unit Cost], (tbl_Sourcing[Product Id]=tbl_MTG_Set[[#This Row],[Collector Booster Product Id]])*(tbl_Sourcing[Active]=TRUE)*(tbl_Sourcing[Source Name]="Card Market"))), "", _xlfn._xlws.FILTER(tbl_Sourcing[Source Unit Cost], (tbl_Sourcing[Product Id]=tbl_MTG_Set[[#This Row],[Collector Booster Product Id]])*(tbl_Sourcing[Active]=TRUE)*(tbl_Sourcing[Source Name]="Card Market")))} | BA9: =IF(ISERROR(tbl_MTG_Set[[#This Row],[Collector Booster Sell Price CardMarket]]-tbl_MTG_Set[[#This Row],[Collector Booster Cost]]-v_Item_Shipping_Cost_Out), -999, tbl_MTG_Set[[#This Row],[Collector Booster Sell Price CardMarket]]-tbl_MTG_Set[[#This Row],[Collector Booster Cost]]-v_Item_Shipping_Cost_Out) | BB9: =tbl_MTG_Set[[#This Row],[Collector Booster CardMarket Profit]]/tbl_MTG_Set[[#This Row],[Collector Booster Cost]] | BF9: =tbl_MTG_Set[[#This Row],[Play Booster Sell Price CardMarket]]*tbl_MTG_Set[[#This Row],[Play Booster Expected Market Value]]/tbl_MTG_Set[[#This Row],[Play Boost Sealed Market Value]] | BG9: =IF(ISERROR(tbl_MTG_Set[[#This Row],[Play Booster Expected Value]]-tbl_MTG_Set[[#This Row],[Play Booster Cost]]-v_Item_Shipping_Cost_Out), -999, tbl_MTG_Set[[#This Row],[Play Booster Expected Value]]-tbl_MTG_Set[[#This Row],[Play Booster Cost]]-v_Item_Shipping_Cost_Out) | BH9: =tbl_MTG_Set[[#This Row],[Play Singles CardMarket Profit]]/tbl_MTG_Set[[#This Row],[Play Booster Cost]] | BI9: =tbl_MTG_Set[[#This Row],[Play Singles CardMarket Profit]]>0 | BL9: =tbl_MTG_Set[[#This Row],[Collector Booster Sell Price CardMarket]]*tbl_MTG_Set[[#This Row],[Collector Booster Expected Market Value]]/tbl_MTG_Set[[#This Row],[Collector Boost Sealed Market Value]] | BM9: =IF(ISERROR(tbl_MTG_Set[[#This Row],[Collector Booster Expected Value]] - tbl_MTG_Set[[#This Row],[Collector Booster Cost]] - v_Item_Shipping_Cost_Out), -999, tbl_MTG_Set[[#This Row],[Collector Booster Expected Value]] - tbl_MTG_Set[[#This Row],[Collector Booster Cost]] - v_Item_Shipping_Cost_Out) | BN9: =tbl_MTG_Set[[#This Row],[Collector Singles CardMarket Profit]]/tbl_MTG_Set[[#This Row],[Collector Booster Cost]] | BO9: =tbl_MTG_Set[[#This Row],[Collector Singles CardMarket Profit]]>0 | BP9: =OR(tbl_MTG_Set[[#This Row],[Split Collector?]], tbl_MTG_Set[[#This Row],[Split Play?]], tbl_MTG_Set[[#This Row],[Collector Booster CardMarket Profit]]>0, tbl_MTG_Set[[#This Row],[Play Booster CardMarket Profit]]>0) | BQ9: =IF(tbl_MTG_Set[[#This Row],[Play Booster CardMarket Profit]]=tbl_MTG_Set[[#This Row],[Max Profit]], "Play Boosters", IF(tbl_MTG_Set[[#This Row],[Collector Booster CardMarket Profit]]=tbl_MTG_Set[[#This Row],[Max Profit]], "Collector Boosters", IF(tbl_MTG_Set[[#This Row],[Play Singles CardMarket Profit]]=tbl_MTG_Set[[#This Row],[Max Profit]], "Play Singles", "Collector Singles"))) | BR9: =MAX(IFERROR(tbl_MTG_Set[[#This Row],[Play Booster CardMarket Profit]], -999), IFERROR(tbl_MTG_Set[[#This Row],[Collector Booster CardMarket Profit]], -999), IFERROR(tbl_MTG_Set[[#This Row],[Play Singles CardMarket Profit]], -999), IFERROR(tbl_MTG_Set[[#This Row],[Collector Singles CardMarket Profit]], -999)) | BS9: =IF(tbl_MTG_Set[[#This Row],[Play Booster CardMarket Profit Margin (%)]]=tbl_MTG_Set[[#This Row],[Max Profit Margin (%)]], "Play Boosters", IF(tbl_MTG_Set[[#This Row],[Collector Booster CardMarket Profit Margin (%)]]=tbl_MTG_Set[[#This Row],[Max Profit Margin (%)]], "Collector Boosters", IF(tbl_MTG_Set[[#This Row],[Play Singles CardMarket Profit Margin (%)]]=tbl_MTG_Set[[#This Row],[Max Profit Margin (%)]], "Play Singles", "Collector Singles"))) | BT9: =MAX(IFERROR(tbl_MTG_Set[[#This Row],[Play Booster CardMarket Profit Margin (%)]], 0), IFERROR(tbl_MTG_Set[[#This Row],[Collector Booster CardMarket Profit Margin (%)]], 0), IFERROR(tbl_MTG_Set[[#This Row],[Play Singles CardMarket Profit Margin (%)]], 0), IFERROR(tbl_MTG_Set[[#This Row],[Collector Singles CardMarket Profit Margin (%)]], 0))
A10: 8 | B10: Lorwyn Eclipsed ECL | C10: 33 | D10: 46045 | E10: Micro-sets | F10: en es fr de it pt ja ko ru 汉语 漢語 | G10: 9 | H10: =MONTH(NOW())+12*YEAR(NOW())-MONTH(tbl_MTG_Set[[#This Row],[Released On]])-12*YEAR(tbl_MTG_Set[[#This Row],[Released On]]) | I10: =_xlfn.XLOOKUP(tbl_MTG_Set[[#This Row],[Type Name]], tbl_MTG_Set_Type[Set Type], tbl_MTG_Set_Type[Index], "(Set Type not found)") | J10: =_xlfn.XLOOKUP(tbl_MTG_Set[[#This Row],[Type Name]], tbl_MTG_Set_Type[Set Type], tbl_MTG_Set_Type[Buy Window Month Start], "(Set Type not found)") | K10: =tbl_MTG_Set[[#This Row],[Released On]]+tbl_MTG_Set[[#This Row],[Buy Window Month Start]]*365.25/12 | L10: =_xlfn.XLOOKUP(tbl_MTG_Set[[#This Row],[Type Name]], tbl_MTG_Set_Type[Set Type], tbl_MTG_Set_Type[Buy Window Month End], "(Set Type not found)", 0, 1) | M10: =tbl_MTG_Set[[#This Row],[Released On]]+tbl_MTG_Set[[#This Row],[Buy Window Month End]]*365.25/12 | N10: =AND(NOW()>=tbl_MTG_Set[[#This Row],[Buy Window Start]], NOW()<=tbl_MTG_Set[[#This Row],[Buy Window End]]) | O10: =_xlfn.XLOOKUP(tbl_MTG_Set[[#This Row],[Type Name]], tbl_MTG_Set_Type[Set Type], tbl_MTG_Set_Type[Heavy Printing Window Month Start], "(Set Type not found)", 0, 1) | P10: =tbl_MTG_Set[[#This Row],[Released On]]+tbl_MTG_Set[[#This Row],[Heavy Printing Window Month Start]]*365.25/12 | Q10: =_xlfn.XLOOKUP(tbl_MTG_Set[[#This Row],[Type Name]], tbl_MTG_Set_Type[Set Type], tbl_MTG_Set_Type[Heavy Printing Window Month End], "(Set Type not found)", 0, 1) | R10: =tbl_MTG_Set[[#This Row],[Released On]]+tbl_MTG_Set[[#This Row],[Heavy Printing Window Month End]]*365.25/12 | S10: =AND(NOW()>=tbl_MTG_Set[[#This Row],[Heavy Printing Window Start]], NOW()<=tbl_MTG_Set[[#This Row],[Heavy Printing Window End]]) | T10: =_xlfn.XLOOKUP(tbl_MTG_Set[[#This Row],[Type Name]], tbl_MTG_Set_Type[Set Type], tbl_MTG_Set_Type[Sell Window Month Start], "(Set Type not found)", 0, 1) | U10: =tbl_MTG_Set[[#This Row],[Released On]]+tbl_MTG_Set[[#This Row],[Sell Window Month Start]]*365.25/12 | V10: =_xlfn.XLOOKUP(tbl_MTG_Set[[#This Row],[Type Name]], tbl_MTG_Set_Type[Set Type], tbl_MTG_Set_Type[Sell Window Month End], "(Set Type not found)", 0, 1) | W10: =tbl_MTG_Set[[#This Row],[Released On]]+tbl_MTG_Set[[#This Row],[Sell Window Month End]]*365.25/12 | X10: =AND(NOW()>=tbl_MTG_Set[[#This Row],[Sell Window Start]], NOW()<=tbl_MTG_Set[[#This Row],[Sell Window End]]) | Y10: 128 | Z10: 120 | AB10: 97 | AD10: =(Y10+96/20)/30 | AE10: =(Z10+96/20)/30 | AF10: =(AA10+96/20)/30 | AG10: =(AB10+96/20)/30 | AH10: =(AC10+96/20)/30 | AI10: 49 | AJ10: 4 | AK10: 114 | AL10: 113 | AM10: {=IF(ISERROR(MIN(_xlfn._xlws.FILTER(tbl_Sourcing[Source Unit Cost], (tbl_Sourcing[Product Id]=tbl_MTG_Set[[#This Row],[Play Booster Box Product Id]])*(tbl_Sourcing[Active]=TRUE)))), "", MIN(_xlfn._xlws.FILTER(tbl_Sourcing[Source Unit Cost], (tbl_Sourcing[Product Id]=tbl_MTG_Set[[#This Row],[Play Booster Box Product Id]])*(tbl_Sourcing[Active]=TRUE))))} | AN10: {=IF(ISERROR(INDEX(_xlfn._xlws.FILTER(tbl_Sourcing[Source Name], (tbl_Sourcing[Product Id]=tbl_MTG_Set[[#This Row],[Play Booster Box Product Id]])*(tbl_Sourcing[Active]=TRUE)*(tbl_Sourcing[Source Unit Cost]=tbl_MTG_Set[[#This Row],[Play Booster Box Cost]])), 1)), "", INDEX(_xlfn._xlws.FILTER(tbl_Sourcing[Source Name], (tbl_Sourcing[Product Id]=tbl_MTG_Set[[#This Row],[Play Booster Box Product Id]])*(tbl_Sourcing[Active]=TRUE)*(tbl_Sourcing[Source Unit Cost]=tbl_MTG_Set[[#This Row],[Play Booster Box Cost]])), 1))} | AO10: =_xlfn.XLOOKUP(tbl_MTG_Set[[#This Row],[Play Booster Box Product Id]], tbl_Product[Product Id], tbl_Product[Pack Size]) | AP10: =(tbl_MTG_Set[[#This Row],[Play Booster Box Cost]]+v_Item_Shipping_Cost_In)/tbl_MTG_Set[[#This Row],[Play Booster Box Size]] | AQ10: {=IF(ISERROR(MIN(_xlfn._xlws.FILTER(tbl_Sourcing[Source Unit Cost], (tbl_Sourcing[Product Id]=tbl_MTG_Set[[#This Row],[Play Booster Product Id]])*(tbl_Sourcing[Active]=TRUE)*(tbl_Sourcing[Source Name]="Card Market")))), "", MIN(_xlfn._xlws.FILTER(tbl_Sourcing[Source Unit Cost], (tbl_Sourcing[Product Id]=tbl_MTG_Set[[#This Row],[Play Booster Product Id]])*(tbl_Sourcing[Active]=TRUE)*(tbl_Sourcing[Source Name]="Card Market"))))} | AR10: 7 | AS10: =IF(ISERROR(tbl_MTG_Set[[#This Row],[Play Booster Sell Price CardMarket]]-tbl_MTG_Set[[#This Row],[Play Booster Cost]]-v_Item_Shipping_Cost_Out), -999, tbl_MTG_Set[[#This Row],[Play Booster Sell Price CardMarket]]-tbl_MTG_Set[[#This Row],[Play Booster Cost]]-v_Item_Shipping_Cost_Out) | AT10: =tbl_MTG_Set[[#This Row],[Play Booster CardMarket Profit]]/tbl_MTG_Set[[#This Row],[Play Booster Cost]] | AU10: =_xlfn.XLOOKUP(tbl_MTG_Set[[#This Row],[Collector Booster Box Product Id]], tbl_Product[Product Id], tbl_Product[Min Cost]) | AV10: =_xlfn.XLOOKUP(tbl_MTG_Set[[#This Row],[Collector Booster Box Product Id]], tbl_Product[Product Id], tbl_Product[Best Source]) | AW10: =_xlfn.XLOOKUP(tbl_MTG_Set[[#This Row],[Collector Booster Box Product Id]], tbl_Product[Product Id], tbl_Product[Pack Size]) | AX10: =(tbl_MTG_Set[[#This Row],[Collector Booster Box Cost]] + v_Item_Shipping_Cost_In) / tbl_MTG_Set[[#This Row],[Collector Booster Box Size]] | AY10: {=IF(ISERROR(_xlfn._xlws.FILTER(tbl_Sourcing[Source Unit Cost], (tbl_Sourcing[Product Id]=tbl_MTG_Set[[#This Row],[Collector Booster Product Id]])*(tbl_Sourcing[Active]=TRUE)*(tbl_Sourcing[Source Name]="Card Market"))), "", _xlfn._xlws.FILTER(tbl_Sourcing[Source Unit Cost], (tbl_Sourcing[Product Id]=tbl_MTG_Set[[#This Row],[Collector Booster Product Id]])*(tbl_Sourcing[Active]=TRUE)*(tbl_Sourcing[Source Name]="Card Market")))} | BA10: =IF(ISERROR(tbl_MTG_Set[[#This Row],[Collector Booster Sell Price CardMarket]]-tbl_MTG_Set[[#This Row],[Collector Booster Cost]]-v_Item_Shipping_Cost_Out), -999, tbl_MTG_Set[[#This Row],[Collector Booster Sell Price CardMarket]]-tbl_MTG_Set[[#This Row],[Collector Booster Cost]]-v_Item_Shipping_Cost_Out) | BB10: =tbl_MTG_Set[[#This Row],[Collector Booster CardMarket Profit]]/tbl_MTG_Set[[#This Row],[Collector Booster Cost]] | BF10: =tbl_MTG_Set[[#This Row],[Play Booster Sell Price CardMarket]]*tbl_MTG_Set[[#This Row],[Play Booster Expected Market Value]]/tbl_MTG_Set[[#This Row],[Play Boost Sealed Market Value]] | BG10: =IF(ISERROR(tbl_MTG_Set[[#This Row],[Play Booster Expected Value]]-tbl_MTG_Set[[#This Row],[Play Booster Cost]]-v_Item_Shipping_Cost_Out), -999, tbl_MTG_Set[[#This Row],[Play Booster Expected Value]]-tbl_MTG_Set[[#This Row],[Play Booster Cost]]-v_Item_Shipping_Cost_Out) | BH10: =tbl_MTG_Set[[#This Row],[Play Singles CardMarket Profit]]/tbl_MTG_Set[[#This Row],[Play Booster Cost]] | BI10: =tbl_MTG_Set[[#This Row],[Play Singles CardMarket Profit]]>0 | BL10: =tbl_MTG_Set[[#This Row],[Collector Booster Sell Price CardMarket]]*tbl_MTG_Set[[#This Row],[Collector Booster Expected Market Value]]/tbl_MTG_Set[[#This Row],[Collector Boost Sealed Market Value]] | BM10: =IF(ISERROR(tbl_MTG_Set[[#This Row],[Collector Booster Expected Value]] - tbl_MTG_Set[[#This Row],[Collector Booster Cost]] - v_Item_Shipping_Cost_Out), -999, tbl_MTG_Set[[#This Row],[Collector Booster Expected Value]] - tbl_MTG_Set[[#This Row],[Collector Booster Cost]] - v_Item_Shipping_Cost_Out) | BN10: =tbl_MTG_Set[[#This Row],[Collector Singles CardMarket Profit]]/tbl_MTG_Set[[#This Row],[Collector Booster Cost]] | BO10: =tbl_MTG_Set[[#This Row],[Collector Singles CardMarket Profit]]>0 | BP10: =OR(tbl_MTG_Set[[#This Row],[Split Collector?]], tbl_MTG_Set[[#This Row],[Split Play?]], tbl_MTG_Set[[#This Row],[Collector Booster CardMarket Profit]]>0, tbl_MTG_Set[[#This Row],[Play Booster CardMarket Profit]]>0) | BQ10: =IF(tbl_MTG_Set[[#This Row],[Play Booster CardMarket Profit]]=tbl_MTG_Set[[#This Row],[Max Profit]], "Play Boosters", IF(tbl_MTG_Set[[#This Row],[Collector Booster CardMarket Profit]]=tbl_MTG_Set[[#This Row],[Max Profit]], "Collector Boosters", IF(tbl_MTG_Set[[#This Row],[Play Singles CardMarket Profit]]=tbl_MTG_Set[[#This Row],[Max Profit]], "Play Singles", "Collector Singles"))) | BR10: =MAX(IFERROR(tbl_MTG_Set[[#This Row],[Play Booster CardMarket Profit]], -999), IFERROR(tbl_MTG_Set[[#This Row],[Collector Booster CardMarket Profit]], -999), IFERROR(tbl_MTG_Set[[#This Row],[Play Singles CardMarket Profit]], -999), IFERROR(tbl_MTG_Set[[#This Row],[Collector Singles CardMarket Profit]], -999)) | BS10: =IF(tbl_MTG_Set[[#This Row],[Play Booster CardMarket Profit Margin (%)]]=tbl_MTG_Set[[#This Row],[Max Profit Margin (%)]], "Play Boosters", IF(tbl_MTG_Set[[#This Row],[Collector Booster CardMarket Profit Margin (%)]]=tbl_MTG_Set[[#This Row],[Max Profit Margin (%)]], "Collector Boosters", IF(tbl_MTG_Set[[#This Row],[Play Singles CardMarket Profit Margin (%)]]=tbl_MTG_Set[[#This Row],[Max Profit Margin (%)]], "Play Singles", "Collector Singles"))) | BT10: =MAX(IFERROR(tbl_MTG_Set[[#This Row],[Play Booster CardMarket Profit Margin (%)]], 0), IFERROR(tbl_MTG_Set[[#This Row],[Collector Booster CardMarket Profit Margin (%)]], 0), IFERROR(tbl_MTG_Set[[#This Row],[Play Singles CardMarket Profit Margin (%)]], 0), IFERROR(tbl_MTG_Set[[#This Row],[Collector Singles CardMarket Profit Margin (%)]], 0))
A11: 9 | B11: MagicFest 2026 PF26 | C11: 1 | D11: 46023 | F11: en es fr de it pt ja ko ru 汉语 漢語 | G11: 10 | H11: =MONTH(NOW())+12*YEAR(NOW())-MONTH(tbl_MTG_Set[[#This Row],[Released On]])-12*YEAR(tbl_MTG_Set[[#This Row],[Released On]]) | I11: =_xlfn.XLOOKUP(tbl_MTG_Set[[#This Row],[Type Name]], tbl_MTG_Set_Type[Set Type], tbl_MTG_Set_Type[Index], "(Set Type not found)") | J11: =_xlfn.XLOOKUP(tbl_MTG_Set[[#This Row],[Type Name]], tbl_MTG_Set_Type[Set Type], tbl_MTG_Set_Type[Buy Window Month Start], "(Set Type not found)") | K11: =tbl_MTG_Set[[#This Row],[Released On]]+tbl_MTG_Set[[#This Row],[Buy Window Month Start]]*365.25/12 | L11: =_xlfn.XLOOKUP(tbl_MTG_Set[[#This Row],[Type Name]], tbl_MTG_Set_Type[Set Type], tbl_MTG_Set_Type[Buy Window Month End], "(Set Type not found)", 0, 1) | M11: =tbl_MTG_Set[[#This Row],[Released On]]+tbl_MTG_Set[[#This Row],[Buy Window Month End]]*365.25/12 | N11: =AND(NOW()>=tbl_MTG_Set[[#This Row],[Buy Window Start]], NOW()<=tbl_MTG_Set[[#This Row],[Buy Window End]]) | O11: =_xlfn.XLOOKUP(tbl_MTG_Set[[#This Row],[Type Name]], tbl_MTG_Set_Type[Set Type], tbl_MTG_Set_Type[Heavy Printing Window Month Start], "(Set Type not found)", 0, 1) | P11: =tbl_MTG_Set[[#This Row],[Released On]]+tbl_MTG_Set[[#This Row],[Heavy Printing Window Month Start]]*365.25/12 | Q11: =_xlfn.XLOOKUP(tbl_MTG_Set[[#This Row],[Type Name]], tbl_MTG_Set_Type[Set Type], tbl_MTG_Set_Type[Heavy Printing Window Month End], "(Set Type not found)", 0, 1) | R11: =tbl_MTG_Set[[#This Row],[Released On]]+tbl_MTG_Set[[#This Row],[Heavy Printing Window Month End]]*365.25/12 | S11: =AND(NOW()>=tbl_MTG_Set[[#This Row],[Heavy Printing Window Start]], NOW()<=tbl_MTG_Set[[#This Row],[Heavy Printing Window End]]) | T11: =_xlfn.XLOOKUP(tbl_MTG_Set[[#This Row],[Type Name]], tbl_MTG_Set_Type[Set Type], tbl_MTG_Set_Type[Sell Window Month Start], "(Set Type not found)", 0, 1) | U11: =tbl_MTG_Set[[#This Row],[Released On]]+tbl_MTG_Set[[#This Row],[Sell Window Month Start]]*365.25/12 | V11: =_xlfn.XLOOKUP(tbl_MTG_Set[[#This Row],[Type Name]], tbl_MTG_Set_Type[Set Type], tbl_MTG_Set_Type[Sell Window Month End], "(Set Type not found)", 0, 1) | W11: =tbl_MTG_Set[[#This Row],[Released On]]+tbl_MTG_Set[[#This Row],[Sell Window Month End]]*365.25/12 | X11: =AND(NOW()>=tbl_MTG_Set[[#This Row],[Sell Window Start]], NOW()<=tbl_MTG_Set[[#This Row],[Sell Window End]]) | AM11: {=IF(ISERROR(MIN(_xlfn._xlws.FILTER(tbl_Sourcing[Source Unit Cost], (tbl_Sourcing[Product Id]=tbl_MTG_Set[[#This Row],[Play Booster Box Product Id]])*(tbl_Sourcing[Active]=TRUE)))), "", MIN(_xlfn._xlws.FILTER(tbl_Sourcing[Source Unit Cost], (tbl_Sourcing[Product Id]=tbl_MTG_Set[[#This Row],[Play Booster Box Product Id]])*(tbl_Sourcing[Active]=TRUE))))} | AN11: {=IF(ISERROR(INDEX(_xlfn._xlws.FILTER(tbl_Sourcing[Source Name], (tbl_Sourcing[Product Id]=tbl_MTG_Set[[#This Row],[Play Booster Box Product Id]])*(tbl_Sourcing[Active]=TRUE)*(tbl_Sourcing[Source Unit Cost]=tbl_MTG_Set[[#This Row],[Play Booster Box Cost]])), 1)), "", INDEX(_xlfn._xlws.FILTER(tbl_Sourcing[Source Name], (tbl_Sourcing[Product Id]=tbl_MTG_Set[[#This Row],[Play Booster Box Product Id]])*(tbl_Sourcing[Active]=TRUE)*(tbl_Sourcing[Source Unit Cost]=tbl_MTG_Set[[#This Row],[Play Booster Box Cost]])), 1))} | AO11: =_xlfn.XLOOKUP(tbl_MTG_Set[[#This Row],[Play Booster Box Product Id]], tbl_Product[Product Id], tbl_Product[Pack Size]) | AP11: =(tbl_MTG_Set[[#This Row],[Play Booster Box Cost]]+v_Item_Shipping_Cost_In)/tbl_MTG_Set[[#This Row],[Play Booster Box Size]] | AQ11: {=IF(ISERROR(MIN(_xlfn._xlws.FILTER(tbl_Sourcing[Source Unit Cost], (tbl_Sourcing[Product Id]=tbl_MTG_Set[[#This Row],[Play Booster Product Id]])*(tbl_Sourcing[Active]=TRUE)*(tbl_Sourcing[Source Name]="Card Market")))), "", MIN(_xlfn._xlws.FILTER(tbl_Sourcing[Source Unit Cost], (tbl_Sourcing[Product Id]=tbl_MTG_Set[[#This Row],[Play Booster Product Id]])*(tbl_Sourcing[Active]=TRUE)*(tbl_Sourcing[Source Name]="Card Market"))))} | AT11: =tbl_MTG_Set[[#This Row],[Play Booster CardMarket Profit]]/tbl_MTG_Set[[#This Row],[Play Booster Cost]] | AU11: =_xlfn.XLOOKUP(tbl_MTG_Set[[#This Row],[Collector Booster Box Product Id]], tbl_Product[Product Id], tbl_Product[Min Cost]) | AV11: =_xlfn.XLOOKUP(tbl_MTG_Set[[#This Row],[Collector Booster Box Product Id]], tbl_Product[Product Id], tbl_Product[Best Source]) | AW11: =_xlfn.XLOOKUP(tbl_MTG_Set[[#This Row],[Collector Booster Box Product Id]], tbl_Product[Product Id], tbl_Product[Pack Size]) | AX11: =(tbl_MTG_Set[[#This Row],[Collector Booster Box Cost]] + v_Item_Shipping_Cost_In) / tbl_MTG_Set[[#This Row],[Collector Booster Box Size]] | AY11: {=IF(ISERROR(_xlfn._xlws.FILTER(tbl_Sourcing[Source Unit Cost], (tbl_Sourcing[Product Id]=tbl_MTG_Set[[#This Row],[Collector Booster Product Id]])*(tbl_Sourcing[Active]=TRUE)*(tbl_Sourcing[Source Name]="Card Market"))), "", _xlfn._xlws.FILTER(tbl_Sourcing[Source Unit Cost], (tbl_Sourcing[Product Id]=tbl_MTG_Set[[#This Row],[Collector Booster Product Id]])*(tbl_Sourcing[Active]=TRUE)*(tbl_Sourcing[Source Name]="Card Market")))} | BA11: =IF(ISERROR(tbl_MTG_Set[[#This Row],[Collector Booster Sell Price CardMarket]]-tbl_MTG_Set[[#This Row],[Collector Booster Cost]]-v_Item_Shipping_Cost_Out), -999, tbl_MTG_Set[[#This Row],[Collector Booster Sell Price CardMarket]]-tbl_MTG_Set[[#This Row],[Collector Booster Cost]]-v_Item_Shipping_Cost_Out) | BB11: =tbl_MTG_Set[[#This Row],[Collector Booster CardMarket Profit]]/tbl_MTG_Set[[#This Row],[Collector Booster Cost]] | BF11: =tbl_MTG_Set[[#This Row],[Play Booster Sell Price CardMarket]]*tbl_MTG_Set[[#This Row],[Play Booster Expected Market Value]]/tbl_MTG_Set[[#This Row],[Play Boost Sealed Market Value]] | BG11: =IF(ISERROR(tbl_MTG_Set[[#This Row],[Play Booster Expected Value]]-tbl_MTG_Set[[#This Row],[Play Booster Cost]]-v_Item_Shipping_Cost_Out), -999, tbl_MTG_Set[[#This Row],[Play Booster Expected Value]]-tbl_MTG_Set[[#This Row],[Play Booster Cost]]-v_Item_Shipping_Cost_Out) | BH11: =tbl_MTG_Set[[#This Row],[Play Singles CardMarket Profit]]/tbl_MTG_Set[[#This Row],[Play Booster Cost]] | BI11: =tbl_MTG_Set[[#This Row],[Play Singles CardMarket Profit]]>0 | BL11: =tbl_MTG_Set[[#This Row],[Collector Booster Sell Price CardMarket]]*tbl_MTG_Set[[#This Row],[Collector Booster Expected Market Value]]/tbl_MTG_Set[[#This Row],[Collector Boost Sealed Market Value]] | BM11: =IF(ISERROR(tbl_MTG_Set[[#This Row],[Collector Booster Expected Value]] - tbl_MTG_Set[[#This Row],[Collector Booster Cost]] - v_Item_Shipping_Cost_Out), -999, tbl_MTG_Set[[#This Row],[Collector Booster Expected Value]] - tbl_MTG_Set[[#This Row],[Collector Booster Cost]] - v_Item_Shipping_Cost_Out) | BN11: =tbl_MTG_Set[[#This Row],[Collector Singles CardMarket Profit]]/tbl_MTG_Set[[#This Row],[Collector Booster Cost]] | BO11: =tbl_MTG_Set[[#This Row],[Collector Singles CardMarket Profit]]>0 | BP11: =OR(tbl_MTG_Set[[#This Row],[Split Collector?]], tbl_MTG_Set[[#This Row],[Split Play?]], tbl_MTG_Set[[#This Row],[Collector Booster CardMarket Profit]]>0, tbl_MTG_Set[[#This Row],[Play Booster CardMarket Profit]]>0) | BQ11: =IF(tbl_MTG_Set[[#This Row],[Play Booster CardMarket Profit]]=tbl_MTG_Set[[#This Row],[Max Profit]], "Play Boosters", IF(tbl_MTG_Set[[#This Row],[Collector Booster CardMarket Profit]]=tbl_MTG_Set[[#This Row],[Max Profit]], "Collector Boosters", IF(tbl_MTG_Set[[#This Row],[Play Singles CardMarket Profit]]=tbl_MTG_Set[[#This Row],[Max Profit]], "Play Singles", "Collector Singles"))) | BR11: =MAX(IFERROR(tbl_MTG_Set[[#This Row],[Play Booster CardMarket Profit]], -999), IFERROR(tbl_MTG_Set[[#This Row],[Collector Booster CardMarket Profit]], -999), IFERROR(tbl_MTG_Set[[#This Row],[Play Singles CardMarket Profit]], -999), IFERROR(tbl_MTG_Set[[#This Row],[Collector Singles CardMarket Profit]], -999)) | BS11: =IF(tbl_MTG_Set[[#This Row],[Play Booster CardMarket Profit Margin (%)]]=tbl_MTG_Set[[#This Row],[Max Profit Margin (%)]], "Play Boosters", IF(tbl_MTG_Set[[#This Row],[Collector Booster CardMarket Profit Margin (%)]]=tbl_MTG_Set[[#This Row],[Max Profit Margin (%)]], "Collector Boosters", IF(tbl_MTG_Set[[#This Row],[Play Singles CardMarket Profit Margin (%)]]=tbl_MTG_Set[[#This Row],[Max Profit Margin (%)]], "Play Singles", "Collector Singles"))) | BT11: =MAX(IFERROR(tbl_MTG_Set[[#This Row],[Play Booster CardMarket Profit Margin (%)]], 0), IFERROR(tbl_MTG_Set[[#This Row],[Collector Booster CardMarket Profit Margin (%)]], 0), IFERROR(tbl_MTG_Set[[#This Row],[Play Singles CardMarket Profit Margin (%)]], 0), IFERROR(tbl_MTG_Set[[#This Row],[Collector Singles CardMarket Profit Margin (%)]], 0))
A12: 10 | B12: Avatar: The Last Airbender TLA | C12: 394 | D12: 45982 | E12: Universes Beyond | F12: en es fr de it pt ja ko ru 汉语 漢語 | G12: 11 | H12: =MONTH(NOW())+12*YEAR(NOW())-MONTH(tbl_MTG_Set[[#This Row],[Released On]])-12*YEAR(tbl_MTG_Set[[#This Row],[Released On]]) | I12: =_xlfn.XLOOKUP(tbl_MTG_Set[[#This Row],[Type Name]], tbl_MTG_Set_Type[Set Type], tbl_MTG_Set_Type[Index], "(Set Type not found)") | J12: =_xlfn.XLOOKUP(tbl_MTG_Set[[#This Row],[Type Name]], tbl_MTG_Set_Type[Set Type], tbl_MTG_Set_Type[Buy Window Month Start], "(Set Type not found)") | K12: =tbl_MTG_Set[[#This Row],[Released On]]+tbl_MTG_Set[[#This Row],[Buy Window Month Start]]*365.25/12 | L12: =_xlfn.XLOOKUP(tbl_MTG_Set[[#This Row],[Type Name]], tbl_MTG_Set_Type[Set Type], tbl_MTG_Set_Type[Buy Window Month End], "(Set Type not found)", 0, 1) | M12: =tbl_MTG_Set[[#This Row],[Released On]]+tbl_MTG_Set[[#This Row],[Buy Window Month End]]*365.25/12 | N12: =AND(NOW()>=tbl_MTG_Set[[#This Row],[Buy Window Start]], NOW()<=tbl_MTG_Set[[#This Row],[Buy Window End]]) | O12: =_xlfn.XLOOKUP(tbl_MTG_Set[[#This Row],[Type Name]], tbl_MTG_Set_Type[Set Type], tbl_MTG_Set_Type[Heavy Printing Window Month Start], "(Set Type not found)", 0, 1) | P12: =tbl_MTG_Set[[#This Row],[Released On]]+tbl_MTG_Set[[#This Row],[Heavy Printing Window Month Start]]*365.25/12 | Q12: =_xlfn.XLOOKUP(tbl_MTG_Set[[#This Row],[Type Name]], tbl_MTG_Set_Type[Set Type], tbl_MTG_Set_Type[Heavy Printing Window Month End], "(Set Type not found)", 0, 1) | R12: =tbl_MTG_Set[[#This Row],[Released On]]+tbl_MTG_Set[[#This Row],[Heavy Printing Window Month End]]*365.25/12 | S12: =AND(NOW()>=tbl_MTG_Set[[#This Row],[Heavy Printing Window Start]], NOW()<=tbl_MTG_Set[[#This Row],[Heavy Printing Window End]]) | T12: =_xlfn.XLOOKUP(tbl_MTG_Set[[#This Row],[Type Name]], tbl_MTG_Set_Type[Set Type], tbl_MTG_Set_Type[Sell Window Month Start], "(Set Type not found)", 0, 1) | U12: =tbl_MTG_Set[[#This Row],[Released On]]+tbl_MTG_Set[[#This Row],[Sell Window Month Start]]*365.25/12 | V12: =_xlfn.XLOOKUP(tbl_MTG_Set[[#This Row],[Type Name]], tbl_MTG_Set_Type[Set Type], tbl_MTG_Set_Type[Sell Window Month End], "(Set Type not found)", 0, 1) | W12: =tbl_MTG_Set[[#This Row],[Released On]]+tbl_MTG_Set[[#This Row],[Sell Window Month End]]*365.25/12 | X12: =AND(NOW()>=tbl_MTG_Set[[#This Row],[Sell Window Start]], NOW()<=tbl_MTG_Set[[#This Row],[Sell Window End]]) | Y12: =4.2*20+8 | Z12: 145 | AC12: 141 | AD12: =(Y12+96/20)/30 | AE12: =(Z12+96/20)/30 | AI12: 57 | AJ12: 12 | AK12: 88 | AL12: 87 | AM12: {=IF(ISERROR(MIN(_xlfn._xlws.FILTER(tbl_Sourcing[Source Unit Cost], (tbl_Sourcing[Product Id]=tbl_MTG_Set[[#This Row],[Play Booster Box Product Id]])*(tbl_Sourcing[Active]=TRUE)))), "", MIN(_xlfn._xlws.FILTER(tbl_Sourcing[Source Unit Cost], (tbl_Sourcing[Product Id]=tbl_MTG_Set[[#This Row],[Play Booster Box Product Id]])*(tbl_Sourcing[Active]=TRUE))))} | AN12: {=IF(ISERROR(INDEX(_xlfn._xlws.FILTER(tbl_Sourcing[Source Name], (tbl_Sourcing[Product Id]=tbl_MTG_Set[[#This Row],[Play Booster Box Product Id]])*(tbl_Sourcing[Active]=TRUE)*(tbl_Sourcing[Source Unit Cost]=tbl_MTG_Set[[#This Row],[Play Booster Box Cost]])), 1)), "", INDEX(_xlfn._xlws.FILTER(tbl_Sourcing[Source Name], (tbl_Sourcing[Product Id]=tbl_MTG_Set[[#This Row],[Play Booster Box Product Id]])*(tbl_Sourcing[Active]=TRUE)*(tbl_Sourcing[Source Unit Cost]=tbl_MTG_Set[[#This Row],[Play Booster Box Cost]])), 1))} | AO12: =_xlfn.XLOOKUP(tbl_MTG_Set[[#This Row],[Play Booster Box Product Id]], tbl_Product[Product Id], tbl_Product[Pack Size]) | AP12: =(tbl_MTG_Set[[#This Row],[Play Booster Box Cost]]+v_Item_Shipping_Cost_In)/tbl_MTG_Set[[#This Row],[Play Booster Box Size]] | AQ12: {=IF(ISERROR(MIN(_xlfn._xlws.FILTER(tbl_Sourcing[Source Unit Cost], (tbl_Sourcing[Product Id]=tbl_MTG_Set[[#This Row],[Play Booster Product Id]])*(tbl_Sourcing[Active]=TRUE)*(tbl_Sourcing[Source Name]="Card Market")))), "", MIN(_xlfn._xlws.FILTER(tbl_Sourcing[Source Unit Cost], (tbl_Sourcing[Product Id]=tbl_MTG_Set[[#This Row],[Play Booster Product Id]])*(tbl_Sourcing[Active]=TRUE)*(tbl_Sourcing[Source Name]="Card Market"))))} | AR12: 7 | AS12: =IF(ISERROR(tbl_MTG_Set[[#This Row],[Play Booster Sell Price CardMarket]]-tbl_MTG_Set[[#This Row],[Play Booster Cost]]-v_Item_Shipping_Cost_Out), -999, tbl_MTG_Set[[#This Row],[Play Booster Sell Price CardMarket]]-tbl_MTG_Set[[#This Row],[Play Booster Cost]]-v_Item_Shipping_Cost_Out) | AT12: =tbl_MTG_Set[[#This Row],[Play Booster CardMarket Profit]]/tbl_MTG_Set[[#This Row],[Play Booster Cost]] | AU12: =_xlfn.XLOOKUP(tbl_MTG_Set[[#This Row],[Collector Booster Box Product Id]], tbl_Product[Product Id], tbl_Product[Min Cost]) | AV12: =_xlfn.XLOOKUP(tbl_MTG_Set[[#This Row],[Collector Booster Box Product Id]], tbl_Product[Product Id], tbl_Product[Best Source]) | AW12: =_xlfn.XLOOKUP(tbl_MTG_Set[[#This Row],[Collector Booster Box Product Id]], tbl_Product[Product Id], tbl_Product[Pack Size]) | AX12: =(tbl_MTG_Set[[#This Row],[Collector Booster Box Cost]] + v_Item_Shipping_Cost_In) / tbl_MTG_Set[[#This Row],[Collector Booster Box Size]] | AY12: {=IF(ISERROR(_xlfn._xlws.FILTER(tbl_Sourcing[Source Unit Cost], (tbl_Sourcing[Product Id]=tbl_MTG_Set[[#This Row],[Collector Booster Product Id]])*(tbl_Sourcing[Active]=TRUE)*(tbl_Sourcing[Source Name]="Card Market"))), "", _xlfn._xlws.FILTER(tbl_Sourcing[Source Unit Cost], (tbl_Sourcing[Product Id]=tbl_MTG_Set[[#This Row],[Collector Booster Product Id]])*(tbl_Sourcing[Active]=TRUE)*(tbl_Sourcing[Source Name]="Card Market")))} | BA12: =IF(ISERROR(tbl_MTG_Set[[#This Row],[Collector Booster Sell Price CardMarket]]-tbl_MTG_Set[[#This Row],[Collector Booster Cost]]-v_Item_Shipping_Cost_Out), -999, tbl_MTG_Set[[#This Row],[Collector Booster Sell Price CardMarket]]-tbl_MTG_Set[[#This Row],[Collector Booster Cost]]-v_Item_Shipping_Cost_Out) | BB12: =tbl_MTG_Set[[#This Row],[Collector Booster CardMarket Profit]]/tbl_MTG_Set[[#This Row],[Collector Booster Cost]] | BC12: https://www.mtgstocks.com/sets/1377-avatar-the-last-airbender#ev | BF12: =tbl_MTG_Set[[#This Row],[Play Booster Sell Price CardMarket]]*tbl_MTG_Set[[#This Row],[Play Booster Expected Market Value]]/tbl_MTG_Set[[#This Row],[Play Boost Sealed Market Value]] | BG12: =IF(ISERROR(tbl_MTG_Set[[#This Row],[Play Booster Expected Value]]-tbl_MTG_Set[[#This Row],[Play Booster Cost]]-v_Item_Shipping_Cost_Out), -999, tbl_MTG_Set[[#This Row],[Play Booster Expected Value]]-tbl_MTG_Set[[#This Row],[Play Booster Cost]]-v_Item_Shipping_Cost_Out) | BH12: =tbl_MTG_Set[[#This Row],[Play Singles CardMarket Profit]]/tbl_MTG_Set[[#This Row],[Play Booster Cost]] | BI12: =tbl_MTG_Set[[#This Row],[Play Singles CardMarket Profit]]>0 | BL12: =tbl_MTG_Set[[#This Row],[Collector Booster Sell Price CardMarket]]*tbl_MTG_Set[[#This Row],[Collector Booster Expected Market Value]]/tbl_MTG_Set[[#This Row],[Collector Boost Sealed Market Value]] | BM12: =IF(ISERROR(tbl_MTG_Set[[#This Row],[Collector Booster Expected Value]] - tbl_MTG_Set[[#This Row],[Collector Booster Cost]] - v_Item_Shipping_Cost_Out), -999, tbl_MTG_Set[[#This Row],[Collector Booster Expected Value]] - tbl_MTG_Set[[#This Row],[Collector Booster Cost]] - v_Item_Shipping_Cost_Out) | BN12: =tbl_MTG_Set[[#This Row],[Collector Singles CardMarket Profit]]/tbl_MTG_Set[[#This Row],[Collector Booster Cost]] | BO12: =tbl_MTG_Set[[#This Row],[Collector Singles CardMarket Profit]]>0 | BP12: =OR(tbl_MTG_Set[[#This Row],[Split Collector?]], tbl_MTG_Set[[#This Row],[Split Play?]], tbl_MTG_Set[[#This Row],[Collector Booster CardMarket Profit]]>0, tbl_MTG_Set[[#This Row],[Play Booster CardMarket Profit]]>0) | BQ12: =IF(tbl_MTG_Set[[#This Row],[Play Booster CardMarket Profit]]=tbl_MTG_Set[[#This Row],[Max Profit]], "Play Boosters", IF(tbl_MTG_Set[[#This Row],[Collector Booster CardMarket Profit]]=tbl_MTG_Set[[#This Row],[Max Profit]], "Collector Boosters", IF(tbl_MTG_Set[[#This Row],[Play Singles CardMarket Profit]]=tbl_MTG_Set[[#This Row],[Max Profit]], "Play Singles", "Collector Singles"))) | BR12: =MAX(IFERROR(tbl_MTG_Set[[#This Row],[Play Booster CardMarket Profit]], -999), IFERROR(tbl_MTG_Set[[#This Row],[Collector Booster CardMarket Profit]], -999), IFERROR(tbl_MTG_Set[[#This Row],[Play Singles CardMarket Profit]], -999), IFERROR(tbl_MTG_Set[[#This Row],[Collector Singles CardMarket Profit]], -999)) | BS12: =IF(tbl_MTG_Set[[#This Row],[Play Booster CardMarket Profit Margin (%)]]=tbl_MTG_Set[[#This Row],[Max Profit Margin (%)]], "Play Boosters", IF(tbl_MTG_Set[[#This Row],[Collector Booster CardMarket Profit Margin (%)]]=tbl_MTG_Set[[#This Row],[Max Profit Margin (%)]], "Collector Boosters", IF(tbl_MTG_Set[[#This Row],[Play Singles CardMarket Profit Margin (%)]]=tbl_MTG_Set[[#This Row],[Max Profit Margin (%)]], "Play Singles", "Collector Singles"))) | BT12: =MAX(IFERROR(tbl_MTG_Set[[#This Row],[Play Booster CardMarket Profit Margin (%)]], 0), IFERROR(tbl_MTG_Set[[#This Row],[Collector Booster CardMarket Profit Margin (%)]], 0), IFERROR(tbl_MTG_Set[[#This Row],[Play Singles CardMarket Profit Margin (%)]], 0), IFERROR(tbl_MTG_Set[[#This Row],[Collector Singles CardMarket Profit Margin (%)]], 0))
A13: 11 | B13: Avatar: The Last Airbender Tokens TTLA | C13: 22 | D13: 45982 | E13: Universes Beyond | F13: en es fr de it pt ja ko ru 汉语 漢語 | G13: 12 | H13: =MONTH(NOW())+12*YEAR(NOW())-MONTH(tbl_MTG_Set[[#This Row],[Released On]])-12*YEAR(tbl_MTG_Set[[#This Row],[Released On]]) | I13: =_xlfn.XLOOKUP(tbl_MTG_Set[[#This Row],[Type Name]], tbl_MTG_Set_Type[Set Type], tbl_MTG_Set_Type[Index], "(Set Type not found)") | J13: =_xlfn.XLOOKUP(tbl_MTG_Set[[#This Row],[Type Name]], tbl_MTG_Set_Type[Set Type], tbl_MTG_Set_Type[Buy Window Month Start], "(Set Type not found)") | K13: =tbl_MTG_Set[[#This Row],[Released On]]+tbl_MTG_Set[[#This Row],[Buy Window Month Start]]*365.25/12 | L13: =_xlfn.XLOOKUP(tbl_MTG_Set[[#This Row],[Type Name]], tbl_MTG_Set_Type[Set Type], tbl_MTG_Set_Type[Buy Window Month End], "(Set Type not found)", 0, 1) | M13: =tbl_MTG_Set[[#This Row],[Released On]]+tbl_MTG_Set[[#This Row],[Buy Window Month End]]*365.25/12 | N13: =AND(NOW()>=tbl_MTG_Set[[#This Row],[Buy Window Start]], NOW()<=tbl_MTG_Set[[#This Row],[Buy Window End]]) | O13: =_xlfn.XLOOKUP(tbl_MTG_Set[[#This Row],[Type Name]], tbl_MTG_Set_Type[Set Type], tbl_MTG_Set_Type[Heavy Printing Window Month Start], "(Set Type not found)", 0, 1) | P13: =tbl_MTG_Set[[#This Row],[Released On]]+tbl_MTG_Set[[#This Row],[Heavy Printing Window Month Start]]*365.25/12 | Q13: =_xlfn.XLOOKUP(tbl_MTG_Set[[#This Row],[Type Name]], tbl_MTG_Set_Type[Set Type], tbl_MTG_Set_Type[Heavy Printing Window Month End], "(Set Type not found)", 0, 1) | R13: =tbl_MTG_Set[[#This Row],[Released On]]+tbl_MTG_Set[[#This Row],[Heavy Printing Window Month End]]*365.25/12 | S13: =AND(NOW()>=tbl_MTG_Set[[#This Row],[Heavy Printing Window Start]], NOW()<=tbl_MTG_Set[[#This Row],[Heavy Printing Window End]]) | T13: =_xlfn.XLOOKUP(tbl_MTG_Set[[#This Row],[Type Name]], tbl_MTG_Set_Type[Set Type], tbl_MTG_Set_Type[Sell Window Month Start], "(Set Type not found)", 0, 1) | U13: =tbl_MTG_Set[[#This Row],[Released On]]+tbl_MTG_Set[[#This Row],[Sell Window Month Start]]*365.25/12 | V13: =_xlfn.XLOOKUP(tbl_MTG_Set[[#This Row],[Type Name]], tbl_MTG_Set_Type[Set Type], tbl_MTG_Set_Type[Sell Window Month End], "(Set Type not found)", 0, 1) | W13: =tbl_MTG_Set[[#This Row],[Released On]]+tbl_MTG_Set[[#This Row],[Sell Window Month End]]*365.25/12 | X13: =AND(NOW()>=tbl_MTG_Set[[#This Row],[Sell Window Start]], NOW()<=tbl_MTG_Set[[#This Row],[Sell Window End]]) | AM13: {=IF(ISERROR(MIN(_xlfn._xlws.FILTER(tbl_Sourcing[Source Unit Cost], (tbl_Sourcing[Product Id]=tbl_MTG_Set[[#This Row],[Play Booster Box Product Id]])*(tbl_Sourcing[Active]=TRUE)))), "", MIN(_xlfn._xlws.FILTER(tbl_Sourcing[Source Unit Cost], (tbl_Sourcing[Product Id]=tbl_MTG_Set[[#This Row],[Play Booster Box Product Id]])*(tbl_Sourcing[Active]=TRUE))))} | AN13: {=IF(ISERROR(INDEX(_xlfn._xlws.FILTER(tbl_Sourcing[Source Name], (tbl_Sourcing[Product Id]=tbl_MTG_Set[[#This Row],[Play Booster Box Product Id]])*(tbl_Sourcing[Active]=TRUE)*(tbl_Sourcing[Source Unit Cost]=tbl_MTG_Set[[#This Row],[Play Booster Box Cost]])), 1)), "", INDEX(_xlfn._xlws.FILTER(tbl_Sourcing[Source Name], (tbl_Sourcing[Product Id]=tbl_MTG_Set[[#This Row],[Play Booster Box Product Id]])*(tbl_Sourcing[Active]=TRUE)*(tbl_Sourcing[Source Unit Cost]=tbl_MTG_Set[[#This Row],[Play Booster Box Cost]])), 1))} | AO13: =_xlfn.XLOOKUP(tbl_MTG_Set[[#This Row],[Play Booster Box Product Id]], tbl_Product[Product Id], tbl_Product[Pack Size]) | AP13: =(tbl_MTG_Set[[#This Row],[Play Booster Box Cost]]+v_Item_Shipping_Cost_In)/tbl_MTG_Set[[#This Row],[Play Booster Box Size]] | AQ13: {=IF(ISERROR(MIN(_xlfn._xlws.FILTER(tbl_Sourcing[Source Unit Cost], (tbl_Sourcing[Product Id]=tbl_MTG_Set[[#This Row],[Play Booster Product Id]])*(tbl_Sourcing[Active]=TRUE)*(tbl_Sourcing[Source Name]="Card Market")))), "", MIN(_xlfn._xlws.FILTER(tbl_Sourcing[Source Unit Cost], (tbl_Sourcing[Product Id]=tbl_MTG_Set[[#This Row],[Play Booster Product Id]])*(tbl_Sourcing[Active]=TRUE)*(tbl_Sourcing[Source Name]="Card Market"))))} | AT13: =tbl_MTG_Set[[#This Row],[Play Booster CardMarket Profit]]/tbl_MTG_Set[[#This Row],[Play Booster Cost]] | AU13: =_xlfn.XLOOKUP(tbl_MTG_Set[[#This Row],[Collector Booster Box Product Id]], tbl_Product[Product Id], tbl_Product[Min Cost]) | AV13: =_xlfn.XLOOKUP(tbl_MTG_Set[[#This Row],[Collector Booster Box Product Id]], tbl_Product[Product Id], tbl_Product[Best Source]) | AW13: =_xlfn.XLOOKUP(tbl_MTG_Set[[#This Row],[Collector Booster Box Product Id]], tbl_Product[Product Id], tbl_Product[Pack Size]) | AX13: =(tbl_MTG_Set[[#This Row],[Collector Booster Box Cost]] + v_Item_Shipping_Cost_In) / tbl_MTG_Set[[#This Row],[Collector Booster Box Size]] | AY13: {=IF(ISERROR(_xlfn._xlws.FILTER(tbl_Sourcing[Source Unit Cost], (tbl_Sourcing[Product Id]=tbl_MTG_Set[[#This Row],[Collector Booster Product Id]])*(tbl_Sourcing[Active]=TRUE)*(tbl_Sourcing[Source Name]="Card Market"))), "", _xlfn._xlws.FILTER(tbl_Sourcing[Source Unit Cost], (tbl_Sourcing[Product Id]=tbl_MTG_Set[[#This Row],[Collector Booster Product Id]])*(tbl_Sourcing[Active]=TRUE)*(tbl_Sourcing[Source Name]="Card Market")))} | BA13: =IF(ISERROR(tbl_MTG_Set[[#This Row],[Collector Booster Sell Price CardMarket]]-tbl_MTG_Set[[#This Row],[Collector Booster Cost]]-v_Item_Shipping_Cost_Out), -999, tbl_MTG_Set[[#This Row],[Collector Booster Sell Price CardMarket]]-tbl_MTG_Set[[#This Row],[Collector Booster Cost]]-v_Item_Shipping_Cost_Out) | BB13: =tbl_MTG_Set[[#This Row],[Collector Booster CardMarket Profit]]/tbl_MTG_Set[[#This Row],[Collector Booster Cost]] | BF13: =tbl_MTG_Set[[#This Row],[Play Booster Sell Price CardMarket]]*tbl_MTG_Set[[#This Row],[Play Booster Expected Market Value]]/tbl_MTG_Set[[#This Row],[Play Boost Sealed Market Value]] | BG13: =IF(ISERROR(tbl_MTG_Set[[#This Row],[Play Booster Expected Value]]-tbl_MTG_Set[[#This Row],[Play Booster Cost]]-v_Item_Shipping_Cost_Out), -999, tbl_MTG_Set[[#This Row],[Play Booster Expected Value]]-tbl_MTG_Set[[#This Row],[Play Booster Cost]]-v_Item_Shipping_Cost_Out) | BH13: =tbl_MTG_Set[[#This Row],[Play Singles CardMarket Profit]]/tbl_MTG_Set[[#This Row],[Play Booster Cost]] | BI13: =tbl_MTG_Set[[#This Row],[Play Singles CardMarket Profit]]>0 | BL13: =tbl_MTG_Set[[#This Row],[Collector Booster Sell Price CardMarket]]*tbl_MTG_Set[[#This Row],[Collector Booster Expected Market Value]]/tbl_MTG_Set[[#This Row],[Collector Boost Sealed Market Value]] | BM13: =IF(ISERROR(tbl_MTG_Set[[#This Row],[Collector Booster Expected Value]] - tbl_MTG_Set[[#This Row],[Collector Booster Cost]] - v_Item_Shipping_Cost_Out), -999, tbl_MTG_Set[[#This Row],[Collector Booster Expected Value]] - tbl_MTG_Set[[#This Row],[Collector Booster Cost]] - v_Item_Shipping_Cost_Out) | BN13: =tbl_MTG_Set[[#This Row],[Collector Singles CardMarket Profit]]/tbl_MTG_Set[[#This Row],[Collector Booster Cost]] | BO13: =tbl_MTG_Set[[#This Row],[Collector Singles CardMarket Profit]]>0 | BP13: =OR(tbl_MTG_Set[[#This Row],[Split Collector?]], tbl_MTG_Set[[#This Row],[Split Play?]], tbl_MTG_Set[[#This Row],[Collector Booster CardMarket Profit]]>0, tbl_MTG_Set[[#This Row],[Play Booster CardMarket Profit]]>0) | BQ13: =IF(tbl_MTG_Set[[#This Row],[Play Booster CardMarket Profit]]=tbl_MTG_Set[[#This Row],[Max Profit]], "Play Boosters", IF(tbl_MTG_Set[[#This Row],[Collector Booster CardMarket Profit]]=tbl_MTG_Set[[#This Row],[Max Profit]], "Collector Boosters", IF(tbl_MTG_Set[[#This Row],[Play Singles CardMarket Profit]]=tbl_MTG_Set[[#This Row],[Max Profit]], "Play Singles", "Collector Singles"))) | BR13: =MAX(IFERROR(tbl_MTG_Set[[#This Row],[Play Booster CardMarket Profit]], -999), IFERROR(tbl_MTG_Set[[#This Row],[Collector Booster CardMarket Profit]], -999), IFERROR(tbl_MTG_Set[[#This Row],[Play Singles CardMarket Profit]], -999), IFERROR(tbl_MTG_Set[[#This Row],[Collector Singles CardMarket Profit]], -999)) | BS13: =IF(tbl_MTG_Set[[#This Row],[Play Booster CardMarket Profit Margin (%)]]=tbl_MTG_Set[[#This Row],[Max Profit Margin (%)]], "Play Boosters", IF(tbl_MTG_Set[[#This Row],[Collector Booster CardMarket Profit Margin (%)]]=tbl_MTG_Set[[#This Row],[Max Profit Margin (%)]], "Collector Boosters", IF(tbl_MTG_Set[[#This Row],[Play Singles CardMarket Profit Margin (%)]]=tbl_MTG_Set[[#This Row],[Max Profit Margin (%)]], "Play Singles", "Collector Singles"))) | BT13: =MAX(IFERROR(tbl_MTG_Set[[#This Row],[Play Booster CardMarket Profit Margin (%)]], 0), IFERROR(tbl_MTG_Set[[#This Row],[Collector Booster CardMarket Profit Margin (%)]], 0), IFERROR(tbl_MTG_Set[[#This Row],[Play Singles CardMarket Profit Margin (%)]], 0), IFERROR(tbl_MTG_Set[[#This Row],[Collector Singles CardMarket Profit Margin (%)]], 0))
A14: 12 | B14: Avatar: The Last Airbender Beginner Box Front Cards FTLA | C14: 10 | D14: 45982 | E14: Universes Beyond | F14: en es fr de it pt ja ko ru 汉语 漢語 | G14: 13 | H14: =MONTH(NOW())+12*YEAR(NOW())-MONTH(tbl_MTG_Set[[#This Row],[Released On]])-12*YEAR(tbl_MTG_Set[[#This Row],[Released On]]) | I14: =_xlfn.XLOOKUP(tbl_MTG_Set[[#This Row],[Type Name]], tbl_MTG_Set_Type[Set Type], tbl_MTG_Set_Type[Index], "(Set Type not found)") | J14: =_xlfn.XLOOKUP(tbl_MTG_Set[[#This Row],[Type Name]], tbl_MTG_Set_Type[Set Type], tbl_MTG_Set_Type[Buy Window Month Start], "(Set Type not found)") | K14: =tbl_MTG_Set[[#This Row],[Released On]]+tbl_MTG_Set[[#This Row],[Buy Window Month Start]]*365.25/12 | L14: =_xlfn.XLOOKUP(tbl_MTG_Set[[#This Row],[Type Name]], tbl_MTG_Set_Type[Set Type], tbl_MTG_Set_Type[Buy Window Month End], "(Set Type not found)", 0, 1) | M14: =tbl_MTG_Set[[#This Row],[Released On]]+tbl_MTG_Set[[#This Row],[Buy Window Month End]]*365.25/12 | N14: =AND(NOW()>=tbl_MTG_Set[[#This Row],[Buy Window Start]], NOW()<=tbl_MTG_Set[[#This Row],[Buy Window End]]) | O14: =_xlfn.XLOOKUP(tbl_MTG_Set[[#This Row],[Type Name]], tbl_MTG_Set_Type[Set Type], tbl_MTG_Set_Type[Heavy Printing Window Month Start], "(Set Type not found)", 0, 1) | P14: =tbl_MTG_Set[[#This Row],[Released On]]+tbl_MTG_Set[[#This Row],[Heavy Printing Window Month Start]]*365.25/12 | Q14: =_xlfn.XLOOKUP(tbl_MTG_Set[[#This Row],[Type Name]], tbl_MTG_Set_Type[Set Type], tbl_MTG_Set_Type[Heavy Printing Window Month End], "(Set Type not found)", 0, 1) | R14: =tbl_MTG_Set[[#This Row],[Released On]]+tbl_MTG_Set[[#This Row],[Heavy Printing Window Month End]]*365.25/12 | S14: =AND(NOW()>=tbl_MTG_Set[[#This Row],[Heavy Printing Window Start]], NOW()<=tbl_MTG_Set[[#This Row],[Heavy Printing Window End]]) | T14: =_xlfn.XLOOKUP(tbl_MTG_Set[[#This Row],[Type Name]], tbl_MTG_Set_Type[Set Type], tbl_MTG_Set_Type[Sell Window Month Start], "(Set Type not found)", 0, 1) | U14: =tbl_MTG_Set[[#This Row],[Released On]]+tbl_MTG_Set[[#This Row],[Sell Window Month Start]]*365.25/12 | V14: =_xlfn.XLOOKUP(tbl_MTG_Set[[#This Row],[Type Name]], tbl_MTG_Set_Type[Set Type], tbl_MTG_Set_Type[Sell Window Month End], "(Set Type not found)", 0, 1) | W14: =tbl_MTG_Set[[#This Row],[Released On]]+tbl_MTG_Set[[#This Row],[Sell Window Month End]]*365.25/12 | X14: =AND(NOW()>=tbl_MTG_Set[[#This Row],[Sell Window Start]], NOW()<=tbl_MTG_Set[[#This Row],[Sell Window End]]) | AM14: {=IF(ISERROR(MIN(_xlfn._xlws.FILTER(tbl_Sourcing[Source Unit Cost], (tbl_Sourcing[Product Id]=tbl_MTG_Set[[#This Row],[Play Booster Box Product Id]])*(tbl_Sourcing[Active]=TRUE)))), "", MIN(_xlfn._xlws.FILTER(tbl_Sourcing[Source Unit Cost], (tbl_Sourcing[Product Id]=tbl_MTG_Set[[#This Row],[Play Booster Box Product Id]])*(tbl_Sourcing[Active]=TRUE))))} | AN14: {=IF(ISERROR(INDEX(_xlfn._xlws.FILTER(tbl_Sourcing[Source Name], (tbl_Sourcing[Product Id]=tbl_MTG_Set[[#This Row],[Play Booster Box Product Id]])*(tbl_Sourcing[Active]=TRUE)*(tbl_Sourcing[Source Unit Cost]=tbl_MTG_Set[[#This Row],[Play Booster Box Cost]])), 1)), "", INDEX(_xlfn._xlws.FILTER(tbl_Sourcing[Source Name], (tbl_Sourcing[Product Id]=tbl_MTG_Set[[#This Row],[Play Booster Box Product Id]])*(tbl_Sourcing[Active]=TRUE)*(tbl_Sourcing[Source Unit Cost]=tbl_MTG_Set[[#This Row],[Play Booster Box Cost]])), 1))} | AO14: =_xlfn.XLOOKUP(tbl_MTG_Set[[#This Row],[Play Booster Box Product Id]], tbl_Product[Product Id], tbl_Product[Pack Size]) | AP14: =(tbl_MTG_Set[[#This Row],[Play Booster Box Cost]]+v_Item_Shipping_Cost_In)/tbl_MTG_Set[[#This Row],[Play Booster Box Size]] | AQ14: {=IF(ISERROR(MIN(_xlfn._xlws.FILTER(tbl_Sourcing[Source Unit Cost], (tbl_Sourcing[Product Id]=tbl_MTG_Set[[#This Row],[Play Booster Product Id]])*(tbl_Sourcing[Active]=TRUE)*(tbl_Sourcing[Source Name]="Card Market")))), "", MIN(_xlfn._xlws.FILTER(tbl_Sourcing[Source Unit Cost], (tbl_Sourcing[Product Id]=tbl_MTG_Set[[#This Row],[Play Booster Product Id]])*(tbl_Sourcing[Active]=TRUE)*(tbl_Sourcing[Source Name]="Card Market"))))} | AT14: =tbl_MTG_Set[[#This Row],[Play Booster CardMarket Profit]]/tbl_MTG_Set[[#This Row],[Play Booster Cost]] | AU14: =_xlfn.XLOOKUP(tbl_MTG_Set[[#This Row],[Collector Booster Box Product Id]], tbl_Product[Product Id], tbl_Product[Min Cost]) | AV14: =_xlfn.XLOOKUP(tbl_MTG_Set[[#This Row],[Collector Booster Box Product Id]], tbl_Product[Product Id], tbl_Product[Best Source]) | AW14: =_xlfn.XLOOKUP(tbl_MTG_Set[[#This Row],[Collector Booster Box Product Id]], tbl_Product[Product Id], tbl_Product[Pack Size]) | AX14: =(tbl_MTG_Set[[#This Row],[Collector Booster Box Cost]] + v_Item_Shipping_Cost_In) / tbl_MTG_Set[[#This Row],[Collector Booster Box Size]] | AY14: {=IF(ISERROR(_xlfn._xlws.FILTER(tbl_Sourcing[Source Unit Cost], (tbl_Sourcing[Product Id]=tbl_MTG_Set[[#This Row],[Collector Booster Product Id]])*(tbl_Sourcing[Active]=TRUE)*(tbl_Sourcing[Source Name]="Card Market"))), "", _xlfn._xlws.FILTER(tbl_Sourcing[Source Unit Cost], (tbl_Sourcing[Product Id]=tbl_MTG_Set[[#This Row],[Collector Booster Product Id]])*(tbl_Sourcing[Active]=TRUE)*(tbl_Sourcing[Source Name]="Card Market")))} | BA14: =IF(ISERROR(tbl_MTG_Set[[#This Row],[Collector Booster Sell Price CardMarket]]-tbl_MTG_Set[[#This Row],[Collector Booster Cost]]-v_Item_Shipping_Cost_Out), -999, tbl_MTG_Set[[#This Row],[Collector Booster Sell Price CardMarket]]-tbl_MTG_Set[[#This Row],[Collector Booster Cost]]-v_Item_Shipping_Cost_Out) | BB14: =tbl_MTG_Set[[#This Row],[Collector Booster CardMarket Profit]]/tbl_MTG_Set[[#This Row],[Collector Booster Cost]] | BF14: =tbl_MTG_Set[[#This Row],[Play Booster Sell Price CardMarket]]*tbl_MTG_Set[[#This Row],[Play Booster Expected Market Value]]/tbl_MTG_Set[[#This Row],[Play Boost Sealed Market Value]] | BG14: =IF(ISERROR(tbl_MTG_Set[[#This Row],[Play Booster Expected Value]]-tbl_MTG_Set[[#This Row],[Play Booster Cost]]-v_Item_Shipping_Cost_Out), -999, tbl_MTG_Set[[#This Row],[Play Booster Expected Value]]-tbl_MTG_Set[[#This Row],[Play Booster Cost]]-v_Item_Shipping_Cost_Out) | BH14: =tbl_MTG_Set[[#This Row],[Play Singles CardMarket Profit]]/tbl_MTG_Set[[#This Row],[Play Booster Cost]] | BI14: =tbl_MTG_Set[[#This Row],[Play Singles CardMarket Profit]]>0 | BL14: =tbl_MTG_Set[[#This Row],[Collector Booster Sell Price CardMarket]]*tbl_MTG_Set[[#This Row],[Collector Booster Expected Market Value]]/tbl_MTG_Set[[#This Row],[Collector Boost Sealed Market Value]] | BM14: =IF(ISERROR(tbl_MTG_Set[[#This Row],[Collector Booster Expected Value]] - tbl_MTG_Set[[#This Row],[Collector Booster Cost]] - v_Item_Shipping_Cost_Out), -999, tbl_MTG_Set[[#This Row],[Collector Booster Expected Value]] - tbl_MTG_Set[[#This Row],[Collector Booster Cost]] - v_Item_Shipping_Cost_Out) | BN14: =tbl_MTG_Set[[#This Row],[Collector Singles CardMarket Profit]]/tbl_MTG_Set[[#This Row],[Collector Booster Cost]] | BO14: =tbl_MTG_Set[[#This Row],[Collector Singles CardMarket Profit]]>0 | BP14: =OR(tbl_MTG_Set[[#This Row],[Split Collector?]], tbl_MTG_Set[[#This Row],[Split Play?]], tbl_MTG_Set[[#This Row],[Collector Booster CardMarket Profit]]>0, tbl_MTG_Set[[#This Row],[Play Booster CardMarket Profit]]>0) | BQ14: =IF(tbl_MTG_Set[[#This Row],[Play Booster CardMarket Profit]]=tbl_MTG_Set[[#This Row],[Max Profit]], "Play Boosters", IF(tbl_MTG_Set[[#This Row],[Collector Booster CardMarket Profit]]=tbl_MTG_Set[[#This Row],[Max Profit]], "Collector Boosters", IF(tbl_MTG_Set[[#This Row],[Play Singles CardMarket Profit]]=tbl_MTG_Set[[#This Row],[Max Profit]], "Play Singles", "Collector Singles"))) | BR14: =MAX(IFERROR(tbl_MTG_Set[[#This Row],[Play Booster CardMarket Profit]], -999), IFERROR(tbl_MTG_Set[[#This Row],[Collector Booster CardMarket Profit]], -999), IFERROR(tbl_MTG_Set[[#This Row],[Play Singles CardMarket Profit]], -999), IFERROR(tbl_MTG_Set[[#This Row],[Collector Singles CardMarket Profit]], -999)) | BS14: =IF(tbl_MTG_Set[[#This Row],[Play Booster CardMarket Profit Margin (%)]]=tbl_MTG_Set[[#This Row],[Max Profit Margin (%)]], "Play Boosters", IF(tbl_MTG_Set[[#This Row],[Collector Booster CardMarket Profit Margin (%)]]=tbl_MTG_Set[[#This Row],[Max Profit Margin (%)]], "Collector Boosters", IF(tbl_MTG_Set[[#This Row],[Play Singles CardMarket Profit Margin (%)]]=tbl_MTG_Set[[#This Row],[Max Profit Margin (%)]], "Play Singles", "Collector Singles"))) | BT14: =MAX(IFERROR(tbl_MTG_Set[[#This Row],[Play Booster CardMarket Profit Margin (%)]], 0), IFERROR(tbl_MTG_Set[[#This Row],[Collector Booster CardMarket Profit Margin (%)]], 0), IFERROR(tbl_MTG_Set[[#This Row],[Play Singles CardMarket Profit Margin (%)]], 0), IFERROR(tbl_MTG_Set[[#This Row],[Collector Singles CardMarket Profit Margin (%)]], 0))
A15: 13 | B15: Avatar: The Last Airbender Jumpstart Front Cards JTLA | C15: 46 | D15: 45982 | E15: Universes Beyond | F15: en es fr de it pt ja ko ru 汉语 漢語 | G15: 14 | H15: =MONTH(NOW())+12*YEAR(NOW())-MONTH(tbl_MTG_Set[[#This Row],[Released On]])-12*YEAR(tbl_MTG_Set[[#This Row],[Released On]]) | I15: =_xlfn.XLOOKUP(tbl_MTG_Set[[#This Row],[Type Name]], tbl_MTG_Set_Type[Set Type], tbl_MTG_Set_Type[Index], "(Set Type not found)") | J15: =_xlfn.XLOOKUP(tbl_MTG_Set[[#This Row],[Type Name]], tbl_MTG_Set_Type[Set Type], tbl_MTG_Set_Type[Buy Window Month Start], "(Set Type not found)") | K15: =tbl_MTG_Set[[#This Row],[Released On]]+tbl_MTG_Set[[#This Row],[Buy Window Month Start]]*365.25/12 | L15: =_xlfn.XLOOKUP(tbl_MTG_Set[[#This Row],[Type Name]], tbl_MTG_Set_Type[Set Type], tbl_MTG_Set_Type[Buy Window Month End], "(Set Type not found)", 0, 1) | M15: =tbl_MTG_Set[[#This Row],[Released On]]+tbl_MTG_Set[[#This Row],[Buy Window Month End]]*365.25/12 | N15: =AND(NOW()>=tbl_MTG_Set[[#This Row],[Buy Window Start]], NOW()<=tbl_MTG_Set[[#This Row],[Buy Window End]]) | O15: =_xlfn.XLOOKUP(tbl_MTG_Set[[#This Row],[Type Name]], tbl_MTG_Set_Type[Set Type], tbl_MTG_Set_Type[Heavy Printing Window Month Start], "(Set Type not found)", 0, 1) | P15: =tbl_MTG_Set[[#This Row],[Released On]]+tbl_MTG_Set[[#This Row],[Heavy Printing Window Month Start]]*365.25/12 | Q15: =_xlfn.XLOOKUP(tbl_MTG_Set[[#This Row],[Type Name]], tbl_MTG_Set_Type[Set Type], tbl_MTG_Set_Type[Heavy Printing Window Month End], "(Set Type not found)", 0, 1) | R15: =tbl_MTG_Set[[#This Row],[Released On]]+tbl_MTG_Set[[#This Row],[Heavy Printing Window Month End]]*365.25/12 | S15: =AND(NOW()>=tbl_MTG_Set[[#This Row],[Heavy Printing Window Start]], NOW()<=tbl_MTG_Set[[#This Row],[Heavy Printing Window End]]) | T15: =_xlfn.XLOOKUP(tbl_MTG_Set[[#This Row],[Type Name]], tbl_MTG_Set_Type[Set Type], tbl_MTG_Set_Type[Sell Window Month Start], "(Set Type not found)", 0, 1) | U15: =tbl_MTG_Set[[#This Row],[Released On]]+tbl_MTG_Set[[#This Row],[Sell Window Month Start]]*365.25/12 | V15: =_xlfn.XLOOKUP(tbl_MTG_Set[[#This Row],[Type Name]], tbl_MTG_Set_Type[Set Type], tbl_MTG_Set_Type[Sell Window Month End], "(Set Type not found)", 0, 1) | W15: =tbl_MTG_Set[[#This Row],[Released On]]+tbl_MTG_Set[[#This Row],[Sell Window Month End]]*365.25/12 | X15: =AND(NOW()>=tbl_MTG_Set[[#This Row],[Sell Window Start]], NOW()<=tbl_MTG_Set[[#This Row],[Sell Window End]]) | AM15: {=IF(ISERROR(MIN(_xlfn._xlws.FILTER(tbl_Sourcing[Source Unit Cost], (tbl_Sourcing[Product Id]=tbl_MTG_Set[[#This Row],[Play Booster Box Product Id]])*(tbl_Sourcing[Active]=TRUE)))), "", MIN(_xlfn._xlws.FILTER(tbl_Sourcing[Source Unit Cost], (tbl_Sourcing[Product Id]=tbl_MTG_Set[[#This Row],[Play Booster Box Product Id]])*(tbl_Sourcing[Active]=TRUE))))} | AN15: {=IF(ISERROR(INDEX(_xlfn._xlws.FILTER(tbl_Sourcing[Source Name], (tbl_Sourcing[Product Id]=tbl_MTG_Set[[#This Row],[Play Booster Box Product Id]])*(tbl_Sourcing[Active]=TRUE)*(tbl_Sourcing[Source Unit Cost]=tbl_MTG_Set[[#This Row],[Play Booster Box Cost]])), 1)), "", INDEX(_xlfn._xlws.FILTER(tbl_Sourcing[Source Name], (tbl_Sourcing[Product Id]=tbl_MTG_Set[[#This Row],[Play Booster Box Product Id]])*(tbl_Sourcing[Active]=TRUE)*(tbl_Sourcing[Source Unit Cost]=tbl_MTG_Set[[#This Row],[Play Booster Box Cost]])), 1))} | AO15: =_xlfn.XLOOKUP(tbl_MTG_Set[[#This Row],[Play Booster Box Product Id]], tbl_Product[Product Id], tbl_Product[Pack Size]) | AP15: =(tbl_MTG_Set[[#This Row],[Play Booster Box Cost]]+v_Item_Shipping_Cost_In)/tbl_MTG_Set[[#This Row],[Play Booster Box Size]] | AQ15: {=IF(ISERROR(MIN(_xlfn._xlws.FILTER(tbl_Sourcing[Source Unit Cost], (tbl_Sourcing[Product Id]=tbl_MTG_Set[[#This Row],[Play Booster Product Id]])*(tbl_Sourcing[Active]=TRUE)*(tbl_Sourcing[Source Name]="Card Market")))), "", MIN(_xlfn._xlws.FILTER(tbl_Sourcing[Source Unit Cost], (tbl_Sourcing[Product Id]=tbl_MTG_Set[[#This Row],[Play Booster Product Id]])*(tbl_Sourcing[Active]=TRUE)*(tbl_Sourcing[Source Name]="Card Market"))))} | AT15: =tbl_MTG_Set[[#This Row],[Play Booster CardMarket Profit]]/tbl_MTG_Set[[#This Row],[Play Booster Cost]] | AU15: =_xlfn.XLOOKUP(tbl_MTG_Set[[#This Row],[Collector Booster Box Product Id]], tbl_Product[Product Id], tbl_Product[Min Cost]) | AV15: =_xlfn.XLOOKUP(tbl_MTG_Set[[#This Row],[Collector Booster Box Product Id]], tbl_Product[Product Id], tbl_Product[Best Source]) | AW15: =_xlfn.XLOOKUP(tbl_MTG_Set[[#This Row],[Collector Booster Box Product Id]], tbl_Product[Product Id], tbl_Product[Pack Size]) | AX15: =(tbl_MTG_Set[[#This Row],[Collector Booster Box Cost]] + v_Item_Shipping_Cost_In) / tbl_MTG_Set[[#This Row],[Collector Booster Box Size]] | AY15: {=IF(ISERROR(_xlfn._xlws.FILTER(tbl_Sourcing[Source Unit Cost], (tbl_Sourcing[Product Id]=tbl_MTG_Set[[#This Row],[Collector Booster Product Id]])*(tbl_Sourcing[Active]=TRUE)*(tbl_Sourcing[Source Name]="Card Market"))), "", _xlfn._xlws.FILTER(tbl_Sourcing[Source Unit Cost], (tbl_Sourcing[Product Id]=tbl_MTG_Set[[#This Row],[Collector Booster Product Id]])*(tbl_Sourcing[Active]=TRUE)*(tbl_Sourcing[Source Name]="Card Market")))} | BA15: =IF(ISERROR(tbl_MTG_Set[[#This Row],[Collector Booster Sell Price CardMarket]]-tbl_MTG_Set[[#This Row],[Collector Booster Cost]]-v_Item_Shipping_Cost_Out), -999, tbl_MTG_Set[[#This Row],[Collector Booster Sell Price CardMarket]]-tbl_MTG_Set[[#This Row],[Collector Booster Cost]]-v_Item_Shipping_Cost_Out) | BB15: =tbl_MTG_Set[[#This Row],[Collector Booster CardMarket Profit]]/tbl_MTG_Set[[#This Row],[Collector Booster Cost]] | BF15: =tbl_MTG_Set[[#This Row],[Play Booster Sell Price CardMarket]]*tbl_MTG_Set[[#This Row],[Play Booster Expected Market Value]]/tbl_MTG_Set[[#This Row],[Play Boost Sealed Market Value]] | BG15: =IF(ISERROR(tbl_MTG_Set[[#This Row],[Play Booster Expected Value]]-tbl_MTG_Set[[#This Row],[Play Booster Cost]]-v_Item_Shipping_Cost_Out), -999, tbl_MTG_Set[[#This Row],[Play Booster Expected Value]]-tbl_MTG_Set[[#This Row],[Play Booster Cost]]-v_Item_Shipping_Cost_Out) | BH15: =tbl_MTG_Set[[#This Row],[Play Singles CardMarket Profit]]/tbl_MTG_Set[[#This Row],[Play Booster Cost]] | BI15: =tbl_MTG_Set[[#This Row],[Play Singles CardMarket Profit]]>0 | BL15: =tbl_MTG_Set[[#This Row],[Collector Booster Sell Price CardMarket]]*tbl_MTG_Set[[#This Row],[Collector Booster Expected Market Value]]/tbl_MTG_Set[[#This Row],[Collector Boost Sealed Market Value]] | BM15: =IF(ISERROR(tbl_MTG_Set[[#This Row],[Collector Booster Expected Value]] - tbl_MTG_Set[[#This Row],[Collector Booster Cost]] - v_Item_Shipping_Cost_Out), -999, tbl_MTG_Set[[#This Row],[Collector Booster Expected Value]] - tbl_MTG_Set[[#This Row],[Collector Booster Cost]] - v_Item_Shipping_Cost_Out) | BN15: =tbl_MTG_Set[[#This Row],[Collector Singles CardMarket Profit]]/tbl_MTG_Set[[#This Row],[Collector Booster Cost]] | BO15: =tbl_MTG_Set[[#This Row],[Collector Singles CardMarket Profit]]>0 | BP15: =OR(tbl_MTG_Set[[#This Row],[Split Collector?]], tbl_MTG_Set[[#This Row],[Split Play?]], tbl_MTG_Set[[#This Row],[Collector Booster CardMarket Profit]]>0, tbl_MTG_Set[[#This Row],[Play Booster CardMarket Profit]]>0) | BQ15: =IF(tbl_MTG_Set[[#This Row],[Play Booster CardMarket Profit]]=tbl_MTG_Set[[#This Row],[Max Profit]], "Play Boosters", IF(tbl_MTG_Set[[#This Row],[Collector Booster CardMarket Profit]]=tbl_MTG_Set[[#This Row],[Max Profit]], "Collector Boosters", IF(tbl_MTG_Set[[#This Row],[Play Singles CardMarket Profit]]=tbl_MTG_Set[[#This Row],[Max Profit]], "Play Singles", "Collector Singles"))) | BR15: =MAX(IFERROR(tbl_MTG_Set[[#This Row],[Play Booster CardMarket Profit]], -999), IFERROR(tbl_MTG_Set[[#This Row],[Collector Booster CardMarket Profit]], -999), IFERROR(tbl_MTG_Set[[#This Row],[Play Singles CardMarket Profit]], -999), IFERROR(tbl_MTG_Set[[#This Row],[Collector Singles CardMarket Profit]], -999)) | BS15: =IF(tbl_MTG_Set[[#This Row],[Play Booster CardMarket Profit Margin (%)]]=tbl_MTG_Set[[#This Row],[Max Profit Margin (%)]], "Play Boosters", IF(tbl_MTG_Set[[#This Row],[Collector Booster CardMarket Profit Margin (%)]]=tbl_MTG_Set[[#This Row],[Max Profit Margin (%)]], "Collector Boosters", IF(tbl_MTG_Set[[#This Row],[Play Singles CardMarket Profit Margin (%)]]=tbl_MTG_Set[[#This Row],[Max Profit Margin (%)]], "Play Singles", "Collector Singles"))) | BT15: =MAX(IFERROR(tbl_MTG_Set[[#This Row],[Play Booster CardMarket Profit Margin (%)]], 0), IFERROR(tbl_MTG_Set[[#This Row],[Collector Booster CardMarket Profit Margin (%)]], 0), IFERROR(tbl_MTG_Set[[#This Row],[Play Singles CardMarket Profit Margin (%)]], 0), IFERROR(tbl_MTG_Set[[#This Row],[Collector Singles CardMarket Profit Margin (%)]], 0))
A16: 14 | B16: Avatar: The Last Airbender Eternal TLE | C16: 317 | D16: 45982 | E16: Universes Beyond | F16: en es fr de it pt ja ko ru 汉语 漢語 | G16: 15 | H16: =MONTH(NOW())+12*YEAR(NOW())-MONTH(tbl_MTG_Set[[#This Row],[Released On]])-12*YEAR(tbl_MTG_Set[[#This Row],[Released On]]) | I16: =_xlfn.XLOOKUP(tbl_MTG_Set[[#This Row],[Type Name]], tbl_MTG_Set_Type[Set Type], tbl_MTG_Set_Type[Index], "(Set Type not found)") | J16: =_xlfn.XLOOKUP(tbl_MTG_Set[[#This Row],[Type Name]], tbl_MTG_Set_Type[Set Type], tbl_MTG_Set_Type[Buy Window Month Start], "(Set Type not found)") | K16: =tbl_MTG_Set[[#This Row],[Released On]]+tbl_MTG_Set[[#This Row],[Buy Window Month Start]]*365.25/12 | L16: =_xlfn.XLOOKUP(tbl_MTG_Set[[#This Row],[Type Name]], tbl_MTG_Set_Type[Set Type], tbl_MTG_Set_Type[Buy Window Month End], "(Set Type not found)", 0, 1) | M16: =tbl_MTG_Set[[#This Row],[Released On]]+tbl_MTG_Set[[#This Row],[Buy Window Month End]]*365.25/12 | N16: =AND(NOW()>=tbl_MTG_Set[[#This Row],[Buy Window Start]], NOW()<=tbl_MTG_Set[[#This Row],[Buy Window End]]) | O16: =_xlfn.XLOOKUP(tbl_MTG_Set[[#This Row],[Type Name]], tbl_MTG_Set_Type[Set Type], tbl_MTG_Set_Type[Heavy Printing Window Month Start], "(Set Type not found)", 0, 1) | P16: =tbl_MTG_Set[[#This Row],[Released On]]+tbl_MTG_Set[[#This Row],[Heavy Printing Window Month Start]]*365.25/12 | Q16: =_xlfn.XLOOKUP(tbl_MTG_Set[[#This Row],[Type Name]], tbl_MTG_Set_Type[Set Type], tbl_MTG_Set_Type[Heavy Printing Window Month End], "(Set Type not found)", 0, 1) | R16: =tbl_MTG_Set[[#This Row],[Released On]]+tbl_MTG_Set[[#This Row],[Heavy Printing Window Month End]]*365.25/12 | S16: =AND(NOW()>=tbl_MTG_Set[[#This Row],[Heavy Printing Window Start]], NOW()<=tbl_MTG_Set[[#This Row],[Heavy Printing Window End]]) | T16: =_xlfn.XLOOKUP(tbl_MTG_Set[[#This Row],[Type Name]], tbl_MTG_Set_Type[Set Type], tbl_MTG_Set_Type[Sell Window Month Start], "(Set Type not found)", 0, 1) | U16: =tbl_MTG_Set[[#This Row],[Released On]]+tbl_MTG_Set[[#This Row],[Sell Window Month Start]]*365.25/12 | V16: =_xlfn.XLOOKUP(tbl_MTG_Set[[#This Row],[Type Name]], tbl_MTG_Set_Type[Set Type], tbl_MTG_Set_Type[Sell Window Month End], "(Set Type not found)", 0, 1) | W16: =tbl_MTG_Set[[#This Row],[Released On]]+tbl_MTG_Set[[#This Row],[Sell Window Month End]]*365.25/12 | X16: =AND(NOW()>=tbl_MTG_Set[[#This Row],[Sell Window Start]], NOW()<=tbl_MTG_Set[[#This Row],[Sell Window End]]) | AM16: {=IF(ISERROR(MIN(_xlfn._xlws.FILTER(tbl_Sourcing[Source Unit Cost], (tbl_Sourcing[Product Id]=tbl_MTG_Set[[#This Row],[Play Booster Box Product Id]])*(tbl_Sourcing[Active]=TRUE)))), "", MIN(_xlfn._xlws.FILTER(tbl_Sourcing[Source Unit Cost], (tbl_Sourcing[Product Id]=tbl_MTG_Set[[#This Row],[Play Booster Box Product Id]])*(tbl_Sourcing[Active]=TRUE))))} | AN16: {=IF(ISERROR(INDEX(_xlfn._xlws.FILTER(tbl_Sourcing[Source Name], (tbl_Sourcing[Product Id]=tbl_MTG_Set[[#This Row],[Play Booster Box Product Id]])*(tbl_Sourcing[Active]=TRUE)*(tbl_Sourcing[Source Unit Cost]=tbl_MTG_Set[[#This Row],[Play Booster Box Cost]])), 1)), "", INDEX(_xlfn._xlws.FILTER(tbl_Sourcing[Source Name], (tbl_Sourcing[Product Id]=tbl_MTG_Set[[#This Row],[Play Booster Box Product Id]])*(tbl_Sourcing[Active]=TRUE)*(tbl_Sourcing[Source Unit Cost]=tbl_MTG_Set[[#This Row],[Play Booster Box Cost]])), 1))} | AO16: =_xlfn.XLOOKUP(tbl_MTG_Set[[#This Row],[Play Booster Box Product Id]], tbl_Product[Product Id], tbl_Product[Pack Size]) | AP16: =(tbl_MTG_Set[[#This Row],[Play Booster Box Cost]]+v_Item_Shipping_Cost_In)/tbl_MTG_Set[[#This Row],[Play Booster Box Size]] | AQ16: {=IF(ISERROR(MIN(_xlfn._xlws.FILTER(tbl_Sourcing[Source Unit Cost], (tbl_Sourcing[Product Id]=tbl_MTG_Set[[#This Row],[Play Booster Product Id]])*(tbl_Sourcing[Active]=TRUE)*(tbl_Sourcing[Source Name]="Card Market")))), "", MIN(_xlfn._xlws.FILTER(tbl_Sourcing[Source Unit Cost], (tbl_Sourcing[Product Id]=tbl_MTG_Set[[#This Row],[Play Booster Product Id]])*(tbl_Sourcing[Active]=TRUE)*(tbl_Sourcing[Source Name]="Card Market"))))} | AT16: =tbl_MTG_Set[[#This Row],[Play Booster CardMarket Profit]]/tbl_MTG_Set[[#This Row],[Play Booster Cost]] | AU16: =_xlfn.XLOOKUP(tbl_MTG_Set[[#This Row],[Collector Booster Box Product Id]], tbl_Product[Product Id], tbl_Product[Min Cost]) | AV16: =_xlfn.XLOOKUP(tbl_MTG_Set[[#This Row],[Collector Booster Box Product Id]], tbl_Product[Product Id], tbl_Product[Best Source]) | AW16: =_xlfn.XLOOKUP(tbl_MTG_Set[[#This Row],[Collector Booster Box Product Id]], tbl_Product[Product Id], tbl_Product[Pack Size]) | AX16: =(tbl_MTG_Set[[#This Row],[Collector Booster Box Cost]] + v_Item_Shipping_Cost_In) / tbl_MTG_Set[[#This Row],[Collector Booster Box Size]] | AY16: {=IF(ISERROR(_xlfn._xlws.FILTER(tbl_Sourcing[Source Unit Cost], (tbl_Sourcing[Product Id]=tbl_MTG_Set[[#This Row],[Collector Booster Product Id]])*(tbl_Sourcing[Active]=TRUE)*(tbl_Sourcing[Source Name]="Card Market"))), "", _xlfn._xlws.FILTER(tbl_Sourcing[Source Unit Cost], (tbl_Sourcing[Product Id]=tbl_MTG_Set[[#This Row],[Collector Booster Product Id]])*(tbl_Sourcing[Active]=TRUE)*(tbl_Sourcing[Source Name]="Card Market")))} | BA16: =IF(ISERROR(tbl_MTG_Set[[#This Row],[Collector Booster Sell Price CardMarket]]-tbl_MTG_Set[[#This Row],[Collector Booster Cost]]-v_Item_Shipping_Cost_Out), -999, tbl_MTG_Set[[#This Row],[Collector Booster Sell Price CardMarket]]-tbl_MTG_Set[[#This Row],[Collector Booster Cost]]-v_Item_Shipping_Cost_Out) | BB16: =tbl_MTG_Set[[#This Row],[Collector Booster CardMarket Profit]]/tbl_MTG_Set[[#This Row],[Collector Booster Cost]] | BF16: =tbl_MTG_Set[[#This Row],[Play Booster Sell Price CardMarket]]*tbl_MTG_Set[[#This Row],[Play Booster Expected Market Value]]/tbl_MTG_Set[[#This Row],[Play Boost Sealed Market Value]] | BG16: =IF(ISERROR(tbl_MTG_Set[[#This Row],[Play Booster Expected Value]]-tbl_MTG_Set[[#This Row],[Play Booster Cost]]-v_Item_Shipping_Cost_Out), -999, tbl_MTG_Set[[#This Row],[Play Booster Expected Value]]-tbl_MTG_Set[[#This Row],[Play Booster Cost]]-v_Item_Shipping_Cost_Out) | BH16: =tbl_MTG_Set[[#This Row],[Play Singles CardMarket Profit]]/tbl_MTG_Set[[#This Row],[Play Booster Cost]] | BI16: =tbl_MTG_Set[[#This Row],[Play Singles CardMarket Profit]]>0 | BL16: =tbl_MTG_Set[[#This Row],[Collector Booster Sell Price CardMarket]]*tbl_MTG_Set[[#This Row],[Collector Booster Expected Market Value]]/tbl_MTG_Set[[#This Row],[Collector Boost Sealed Market Value]] | BM16: =IF(ISERROR(tbl_MTG_Set[[#This Row],[Collector Booster Expected Value]] - tbl_MTG_Set[[#This Row],[Collector Booster Cost]] - v_Item_Shipping_Cost_Out), -999, tbl_MTG_Set[[#This Row],[Collector Booster Expected Value]] - tbl_MTG_Set[[#This Row],[Collector Booster Cost]] - v_Item_Shipping_Cost_Out) | BN16: =tbl_MTG_Set[[#This Row],[Collector Singles CardMarket Profit]]/tbl_MTG_Set[[#This Row],[Collector Booster Cost]] | BO16: =tbl_MTG_Set[[#This Row],[Collector Singles CardMarket Profit]]>0 | BP16: =OR(tbl_MTG_Set[[#This Row],[Split Collector?]], tbl_MTG_Set[[#This Row],[Split Play?]], tbl_MTG_Set[[#This Row],[Collector Booster CardMarket Profit]]>0, tbl_MTG_Set[[#This Row],[Play Booster CardMarket Profit]]>0) | BQ16: =IF(tbl_MTG_Set[[#This Row],[Play Booster CardMarket Profit]]=tbl_MTG_Set[[#This Row],[Max Profit]], "Play Boosters", IF(tbl_MTG_Set[[#This Row],[Collector Booster CardMarket Profit]]=tbl_MTG_Set[[#This Row],[Max Profit]], "Collector Boosters", IF(tbl_MTG_Set[[#This Row],[Play Singles CardMarket Profit]]=tbl_MTG_Set[[#This Row],[Max Profit]], "Play Singles", "Collector Singles"))) | BR16: =MAX(IFERROR(tbl_MTG_Set[[#This Row],[Play Booster CardMarket Profit]], -999), IFERROR(tbl_MTG_Set[[#This Row],[Collector Booster CardMarket Profit]], -999), IFERROR(tbl_MTG_Set[[#This Row],[Play Singles CardMarket Profit]], -999), IFERROR(tbl_MTG_Set[[#This Row],[Collector Singles CardMarket Profit]], -999)) | BS16: =IF(tbl_MTG_Set[[#This Row],[Play Booster CardMarket Profit Margin (%)]]=tbl_MTG_Set[[#This Row],[Max Profit Margin (%)]], "Play Boosters", IF(tbl_MTG_Set[[#This Row],[Collector Booster CardMarket Profit Margin (%)]]=tbl_MTG_Set[[#This Row],[Max Profit Margin (%)]], "Collector Boosters", IF(tbl_MTG_Set[[#This Row],[Play Singles CardMarket Profit Margin (%)]]=tbl_MTG_Set[[#This Row],[Max Profit Margin (%)]], "Play Singles", "Collector Singles"))) | BT16: =MAX(IFERROR(tbl_MTG_Set[[#This Row],[Play Booster CardMarket Profit Margin (%)]], 0), IFERROR(tbl_MTG_Set[[#This Row],[Collector Booster CardMarket Profit Margin (%)]], 0), IFERROR(tbl_MTG_Set[[#This Row],[Play Singles CardMarket Profit Margin (%)]], 0), IFERROR(tbl_MTG_Set[[#This Row],[Collector Singles CardMarket Profit Margin (%)]], 0))
A17: 15 | B17: Avatar: The Last Airbender Eternal Tokens TTLE | C17: 2 | D17: 45982 | E17: Universes Beyond | F17: en es fr de it pt ja ko ru 汉语 漢語 | G17: 16 | H17: =MONTH(NOW())+12*YEAR(NOW())-MONTH(tbl_MTG_Set[[#This Row],[Released On]])-12*YEAR(tbl_MTG_Set[[#This Row],[Released On]]) | I17: =_xlfn.XLOOKUP(tbl_MTG_Set[[#This Row],[Type Name]], tbl_MTG_Set_Type[Set Type], tbl_MTG_Set_Type[Index], "(Set Type not found)") | J17: =_xlfn.XLOOKUP(tbl_MTG_Set[[#This Row],[Type Name]], tbl_MTG_Set_Type[Set Type], tbl_MTG_Set_Type[Buy Window Month Start], "(Set Type not found)") | K17: =tbl_MTG_Set[[#This Row],[Released On]]+tbl_MTG_Set[[#This Row],[Buy Window Month Start]]*365.25/12 | L17: =_xlfn.XLOOKUP(tbl_MTG_Set[[#This Row],[Type Name]], tbl_MTG_Set_Type[Set Type], tbl_MTG_Set_Type[Buy Window Month End], "(Set Type not found)", 0, 1) | M17: =tbl_MTG_Set[[#This Row],[Released On]]+tbl_MTG_Set[[#This Row],[Buy Window Month End]]*365.25/12 | N17: =AND(NOW()>=tbl_MTG_Set[[#This Row],[Buy Window Start]], NOW()<=tbl_MTG_Set[[#This Row],[Buy Window End]]) | O17: =_xlfn.XLOOKUP(tbl_MTG_Set[[#This Row],[Type Name]], tbl_MTG_Set_Type[Set Type], tbl_MTG_Set_Type[Heavy Printing Window Month Start], "(Set Type not found)", 0, 1) | P17: =tbl_MTG_Set[[#This Row],[Released On]]+tbl_MTG_Set[[#This Row],[Heavy Printing Window Month Start]]*365.25/12 | Q17: =_xlfn.XLOOKUP(tbl_MTG_Set[[#This Row],[Type Name]], tbl_MTG_Set_Type[Set Type], tbl_MTG_Set_Type[Heavy Printing Window Month End], "(Set Type not found)", 0, 1) | R17: =tbl_MTG_Set[[#This Row],[Released On]]+tbl_MTG_Set[[#This Row],[Heavy Printing Window Month End]]*365.25/12 | S17: =AND(NOW()>=tbl_MTG_Set[[#This Row],[Heavy Printing Window Start]], NOW()<=tbl_MTG_Set[[#This Row],[Heavy Printing Window End]]) | T17: =_xlfn.XLOOKUP(tbl_MTG_Set[[#This Row],[Type Name]], tbl_MTG_Set_Type[Set Type], tbl_MTG_Set_Type[Sell Window Month Start], "(Set Type not found)", 0, 1) | U17: =tbl_MTG_Set[[#This Row],[Released On]]+tbl_MTG_Set[[#This Row],[Sell Window Month Start]]*365.25/12 | V17: =_xlfn.XLOOKUP(tbl_MTG_Set[[#This Row],[Type Name]], tbl_MTG_Set_Type[Set Type], tbl_MTG_Set_Type[Sell Window Month End], "(Set Type not found)", 0, 1) | W17: =tbl_MTG_Set[[#This Row],[Released On]]+tbl_MTG_Set[[#This Row],[Sell Window Month End]]*365.25/12 | X17: =AND(NOW()>=tbl_MTG_Set[[#This Row],[Sell Window Start]], NOW()<=tbl_MTG_Set[[#This Row],[Sell Window End]]) | AM17: {=IF(ISERROR(MIN(_xlfn._xlws.FILTER(tbl_Sourcing[Source Unit Cost], (tbl_Sourcing[Product Id]=tbl_MTG_Set[[#This Row],[Play Booster Box Product Id]])*(tbl_Sourcing[Active]=TRUE)))), "", MIN(_xlfn._xlws.FILTER(tbl_Sourcing[Source Unit Cost], (tbl_Sourcing[Product Id]=tbl_MTG_Set[[#This Row],[Play Booster Box Product Id]])*(tbl_Sourcing[Active]=TRUE))))} | AN17: {=IF(ISERROR(INDEX(_xlfn._xlws.FILTER(tbl_Sourcing[Source Name], (tbl_Sourcing[Product Id]=tbl_MTG_Set[[#This Row],[Play Booster Box Product Id]])*(tbl_Sourcing[Active]=TRUE)*(tbl_Sourcing[Source Unit Cost]=tbl_MTG_Set[[#This Row],[Play Booster Box Cost]])), 1)), "", INDEX(_xlfn._xlws.FILTER(tbl_Sourcing[Source Name], (tbl_Sourcing[Product Id]=tbl_MTG_Set[[#This Row],[Play Booster Box Product Id]])*(tbl_Sourcing[Active]=TRUE)*(tbl_Sourcing[Source Unit Cost]=tbl_MTG_Set[[#This Row],[Play Booster Box Cost]])), 1))} | AO17: =_xlfn.XLOOKUP(tbl_MTG_Set[[#This Row],[Play Booster Box Product Id]], tbl_Product[Product Id], tbl_Product[Pack Size]) | AP17: =(tbl_MTG_Set[[#This Row],[Play Booster Box Cost]]+v_Item_Shipping_Cost_In)/tbl_MTG_Set[[#This Row],[Play Booster Box Size]] | AQ17: {=IF(ISERROR(MIN(_xlfn._xlws.FILTER(tbl_Sourcing[Source Unit Cost], (tbl_Sourcing[Product Id]=tbl_MTG_Set[[#This Row],[Play Booster Product Id]])*(tbl_Sourcing[Active]=TRUE)*(tbl_Sourcing[Source Name]="Card Market")))), "", MIN(_xlfn._xlws.FILTER(tbl_Sourcing[Source Unit Cost], (tbl_Sourcing[Product Id]=tbl_MTG_Set[[#This Row],[Play Booster Product Id]])*(tbl_Sourcing[Active]=TRUE)*(tbl_Sourcing[Source Name]="Card Market"))))} | AT17: =tbl_MTG_Set[[#This Row],[Play Booster CardMarket Profit]]/tbl_MTG_Set[[#This Row],[Play Booster Cost]] | AU17: =_xlfn.XLOOKUP(tbl_MTG_Set[[#This Row],[Collector Booster Box Product Id]], tbl_Product[Product Id], tbl_Product[Min Cost]) | AV17: =_xlfn.XLOOKUP(tbl_MTG_Set[[#This Row],[Collector Booster Box Product Id]], tbl_Product[Product Id], tbl_Product[Best Source]) | AW17: =_xlfn.XLOOKUP(tbl_MTG_Set[[#This Row],[Collector Booster Box Product Id]], tbl_Product[Product Id], tbl_Product[Pack Size]) | AX17: =(tbl_MTG_Set[[#This Row],[Collector Booster Box Cost]] + v_Item_Shipping_Cost_In) / tbl_MTG_Set[[#This Row],[Collector Booster Box Size]] | AY17: {=IF(ISERROR(_xlfn._xlws.FILTER(tbl_Sourcing[Source Unit Cost], (tbl_Sourcing[Product Id]=tbl_MTG_Set[[#This Row],[Collector Booster Product Id]])*(tbl_Sourcing[Active]=TRUE)*(tbl_Sourcing[Source Name]="Card Market"))), "", _xlfn._xlws.FILTER(tbl_Sourcing[Source Unit Cost], (tbl_Sourcing[Product Id]=tbl_MTG_Set[[#This Row],[Collector Booster Product Id]])*(tbl_Sourcing[Active]=TRUE)*(tbl_Sourcing[Source Name]="Card Market")))} | BA17: =IF(ISERROR(tbl_MTG_Set[[#This Row],[Collector Booster Sell Price CardMarket]]-tbl_MTG_Set[[#This Row],[Collector Booster Cost]]-v_Item_Shipping_Cost_Out), -999, tbl_MTG_Set[[#This Row],[Collector Booster Sell Price CardMarket]]-tbl_MTG_Set[[#This Row],[Collector Booster Cost]]-v_Item_Shipping_Cost_Out) | BB17: =tbl_MTG_Set[[#This Row],[Collector Booster CardMarket Profit]]/tbl_MTG_Set[[#This Row],[Collector Booster Cost]] | BF17: =tbl_MTG_Set[[#This Row],[Play Booster Sell Price CardMarket]]*tbl_MTG_Set[[#This Row],[Play Booster Expected Market Value]]/tbl_MTG_Set[[#This Row],[Play Boost Sealed Market Value]] | BG17: =IF(ISERROR(tbl_MTG_Set[[#This Row],[Play Booster Expected Value]]-tbl_MTG_Set[[#This Row],[Play Booster Cost]]-v_Item_Shipping_Cost_Out), -999, tbl_MTG_Set[[#This Row],[Play Booster Expected Value]]-tbl_MTG_Set[[#This Row],[Play Booster Cost]]-v_Item_Shipping_Cost_Out) | BH17: =tbl_MTG_Set[[#This Row],[Play Singles CardMarket Profit]]/tbl_MTG_Set[[#This Row],[Play Booster Cost]] | BI17: =tbl_MTG_Set[[#This Row],[Play Singles CardMarket Profit]]>0 | BL17: =tbl_MTG_Set[[#This Row],[Collector Booster Sell Price CardMarket]]*tbl_MTG_Set[[#This Row],[Collector Booster Expected Market Value]]/tbl_MTG_Set[[#This Row],[Collector Boost Sealed Market Value]] | BM17: =IF(ISERROR(tbl_MTG_Set[[#This Row],[Collector Booster Expected Value]] - tbl_MTG_Set[[#This Row],[Collector Booster Cost]] - v_Item_Shipping_Cost_Out), -999, tbl_MTG_Set[[#This Row],[Collector Booster Expected Value]] - tbl_MTG_Set[[#This Row],[Collector Booster Cost]] - v_Item_Shipping_Cost_Out) | BN17: =tbl_MTG_Set[[#This Row],[Collector Singles CardMarket Profit]]/tbl_MTG_Set[[#This Row],[Collector Booster Cost]] | BO17: =tbl_MTG_Set[[#This Row],[Collector Singles CardMarket Profit]]>0 | BP17: =OR(tbl_MTG_Set[[#This Row],[Split Collector?]], tbl_MTG_Set[[#This Row],[Split Play?]], tbl_MTG_Set[[#This Row],[Collector Booster CardMarket Profit]]>0, tbl_MTG_Set[[#This Row],[Play Booster CardMarket Profit]]>0) | BQ17: =IF(tbl_MTG_Set[[#This Row],[Play Booster CardMarket Profit]]=tbl_MTG_Set[[#This Row],[Max Profit]], "Play Boosters", IF(tbl_MTG_Set[[#This Row],[Collector Booster CardMarket Profit]]=tbl_MTG_Set[[#This Row],[Max Profit]], "Collector Boosters", IF(tbl_MTG_Set[[#This Row],[Play Singles CardMarket Profit]]=tbl_MTG_Set[[#This Row],[Max Profit]], "Play Singles", "Collector Singles"))) | BR17: =MAX(IFERROR(tbl_MTG_Set[[#This Row],[Play Booster CardMarket Profit]], -999), IFERROR(tbl_MTG_Set[[#This Row],[Collector Booster CardMarket Profit]], -999), IFERROR(tbl_MTG_Set[[#This Row],[Play Singles CardMarket Profit]], -999), IFERROR(tbl_MTG_Set[[#This Row],[Collector Singles CardMarket Profit]], -999)) | BS17: =IF(tbl_MTG_Set[[#This Row],[Play Booster CardMarket Profit Margin (%)]]=tbl_MTG_Set[[#This Row],[Max Profit Margin (%)]], "Play Boosters", IF(tbl_MTG_Set[[#This Row],[Collector Booster CardMarket Profit Margin (%)]]=tbl_MTG_Set[[#This Row],[Max Profit Margin (%)]], "Collector Boosters", IF(tbl_MTG_Set[[#This Row],[Play Singles CardMarket Profit Margin (%)]]=tbl_MTG_Set[[#This Row],[Max Profit Margin (%)]], "Play Singles", "Collector Singles"))) | BT17: =MAX(IFERROR(tbl_MTG_Set[[#This Row],[Play Booster CardMarket Profit Margin (%)]], 0), IFERROR(tbl_MTG_Set[[#This Row],[Collector Booster CardMarket Profit Margin (%)]], 0), IFERROR(tbl_MTG_Set[[#This Row],[Play Singles CardMarket Profit Margin (%)]], 0), IFERROR(tbl_MTG_Set[[#This Row],[Collector Singles CardMarket Profit Margin (%)]], 0))
A18: 16 | B18: Arena Powered Cube APCUBE | C18: 540 | D18: 45953 | F18: 0 | G18: 17 | H18: =MONTH(NOW())+12*YEAR(NOW())-MONTH(tbl_MTG_Set[[#This Row],[Released On]])-12*YEAR(tbl_MTG_Set[[#This Row],[Released On]]) | I18: =_xlfn.XLOOKUP(tbl_MTG_Set[[#This Row],[Type Name]], tbl_MTG_Set_Type[Set Type], tbl_MTG_Set_Type[Index], "(Set Type not found)") | J18: =_xlfn.XLOOKUP(tbl_MTG_Set[[#This Row],[Type Name]], tbl_MTG_Set_Type[Set Type], tbl_MTG_Set_Type[Buy Window Month Start], "(Set Type not found)") | K18: =tbl_MTG_Set[[#This Row],[Released On]]+tbl_MTG_Set[[#This Row],[Buy Window Month Start]]*365.25/12 | L18: =_xlfn.XLOOKUP(tbl_MTG_Set[[#This Row],[Type Name]], tbl_MTG_Set_Type[Set Type], tbl_MTG_Set_Type[Buy Window Month End], "(Set Type not found)", 0, 1) | M18: =tbl_MTG_Set[[#This Row],[Released On]]+tbl_MTG_Set[[#This Row],[Buy Window Month End]]*365.25/12 | N18: =AND(NOW()>=tbl_MTG_Set[[#This Row],[Buy Window Start]], NOW()<=tbl_MTG_Set[[#This Row],[Buy Window End]]) | O18: =_xlfn.XLOOKUP(tbl_MTG_Set[[#This Row],[Type Name]], tbl_MTG_Set_Type[Set Type], tbl_MTG_Set_Type[Heavy Printing Window Month Start], "(Set Type not found)", 0, 1) | P18: =tbl_MTG_Set[[#This Row],[Released On]]+tbl_MTG_Set[[#This Row],[Heavy Printing Window Month Start]]*365.25/12 | Q18: =_xlfn.XLOOKUP(tbl_MTG_Set[[#This Row],[Type Name]], tbl_MTG_Set_Type[Set Type], tbl_MTG_Set_Type[Heavy Printing Window Month End], "(Set Type not found)", 0, 1) | R18: =tbl_MTG_Set[[#This Row],[Released On]]+tbl_MTG_Set[[#This Row],[Heavy Printing Window Month End]]*365.25/12 | S18: =AND(NOW()>=tbl_MTG_Set[[#This Row],[Heavy Printing Window Start]], NOW()<=tbl_MTG_Set[[#This Row],[Heavy Printing Window End]]) | T18: =_xlfn.XLOOKUP(tbl_MTG_Set[[#This Row],[Type Name]], tbl_MTG_Set_Type[Set Type], tbl_MTG_Set_Type[Sell Window Month Start], "(Set Type not found)", 0, 1) | U18: =tbl_MTG_Set[[#This Row],[Released On]]+tbl_MTG_Set[[#This Row],[Sell Window Month Start]]*365.25/12 | V18: =_xlfn.XLOOKUP(tbl_MTG_Set[[#This Row],[Type Name]], tbl_MTG_Set_Type[Set Type], tbl_MTG_Set_Type[Sell Window Month End], "(Set Type not found)", 0, 1) | W18: =tbl_MTG_Set[[#This Row],[Released On]]+tbl_MTG_Set[[#This Row],[Sell Window Month End]]*365.25/12 | X18: =AND(NOW()>=tbl_MTG_Set[[#This Row],[Sell Window Start]], NOW()<=tbl_MTG_Set[[#This Row],[Sell Window End]]) | AM18: {=IF(ISERROR(MIN(_xlfn._xlws.FILTER(tbl_Sourcing[Source Unit Cost], (tbl_Sourcing[Product Id]=tbl_MTG_Set[[#This Row],[Play Booster Box Product Id]])*(tbl_Sourcing[Active]=TRUE)))), "", MIN(_xlfn._xlws.FILTER(tbl_Sourcing[Source Unit Cost], (tbl_Sourcing[Product Id]=tbl_MTG_Set[[#This Row],[Play Booster Box Product Id]])*(tbl_Sourcing[Active]=TRUE))))} | AN18: {=IF(ISERROR(INDEX(_xlfn._xlws.FILTER(tbl_Sourcing[Source Name], (tbl_Sourcing[Product Id]=tbl_MTG_Set[[#This Row],[Play Booster Box Product Id]])*(tbl_Sourcing[Active]=TRUE)*(tbl_Sourcing[Source Unit Cost]=tbl_MTG_Set[[#This Row],[Play Booster Box Cost]])), 1)), "", INDEX(_xlfn._xlws.FILTER(tbl_Sourcing[Source Name], (tbl_Sourcing[Product Id]=tbl_MTG_Set[[#This Row],[Play Booster Box Product Id]])*(tbl_Sourcing[Active]=TRUE)*(tbl_Sourcing[Source Unit Cost]=tbl_MTG_Set[[#This Row],[Play Booster Box Cost]])), 1))} | AO18: =_xlfn.XLOOKUP(tbl_MTG_Set[[#This Row],[Play Booster Box Product Id]], tbl_Product[Product Id], tbl_Product[Pack Size]) | AP18: =(tbl_MTG_Set[[#This Row],[Play Booster Box Cost]]+v_Item_Shipping_Cost_In)/tbl_MTG_Set[[#This Row],[Play Booster Box Size]] | AQ18: {=IF(ISERROR(MIN(_xlfn._xlws.FILTER(tbl_Sourcing[Source Unit Cost], (tbl_Sourcing[Product Id]=tbl_MTG_Set[[#This Row],[Play Booster Product Id]])*(tbl_Sourcing[Active]=TRUE)*(tbl_Sourcing[Source Name]="Card Market")))), "", MIN(_xlfn._xlws.FILTER(tbl_Sourcing[Source Unit Cost], (tbl_Sourcing[Product Id]=tbl_MTG_Set[[#This Row],[Play Booster Product Id]])*(tbl_Sourcing[Active]=TRUE)*(tbl_Sourcing[Source Name]="Card Market"))))} | AT18: =tbl_MTG_Set[[#This Row],[Play Booster CardMarket Profit]]/tbl_MTG_Set[[#This Row],[Play Booster Cost]] | AU18: =_xlfn.XLOOKUP(tbl_MTG_Set[[#This Row],[Collector Booster Box Product Id]], tbl_Product[Product Id], tbl_Product[Min Cost]) | AV18: =_xlfn.XLOOKUP(tbl_MTG_Set[[#This Row],[Collector Booster Box Product Id]], tbl_Product[Product Id], tbl_Product[Best Source]) | AW18: =_xlfn.XLOOKUP(tbl_MTG_Set[[#This Row],[Collector Booster Box Product Id]], tbl_Product[Product Id], tbl_Product[Pack Size]) | AX18: =(tbl_MTG_Set[[#This Row],[Collector Booster Box Cost]] + v_Item_Shipping_Cost_In) / tbl_MTG_Set[[#This Row],[Collector Booster Box Size]] | AY18: {=IF(ISERROR(_xlfn._xlws.FILTER(tbl_Sourcing[Source Unit Cost], (tbl_Sourcing[Product Id]=tbl_MTG_Set[[#This Row],[Collector Booster Product Id]])*(tbl_Sourcing[Active]=TRUE)*(tbl_Sourcing[Source Name]="Card Market"))), "", _xlfn._xlws.FILTER(tbl_Sourcing[Source Unit Cost], (tbl_Sourcing[Product Id]=tbl_MTG_Set[[#This Row],[Collector Booster Product Id]])*(tbl_Sourcing[Active]=TRUE)*(tbl_Sourcing[Source Name]="Card Market")))} | BA18: =IF(ISERROR(tbl_MTG_Set[[#This Row],[Collector Booster Sell Price CardMarket]]-tbl_MTG_Set[[#This Row],[Collector Booster Cost]]-v_Item_Shipping_Cost_Out), -999, tbl_MTG_Set[[#This Row],[Collector Booster Sell Price CardMarket]]-tbl_MTG_Set[[#This Row],[Collector Booster Cost]]-v_Item_Shipping_Cost_Out) | BB18: =tbl_MTG_Set[[#This Row],[Collector Booster CardMarket Profit]]/tbl_MTG_Set[[#This Row],[Collector Booster Cost]] | BF18: =tbl_MTG_Set[[#This Row],[Play Booster Sell Price CardMarket]]*tbl_MTG_Set[[#This Row],[Play Booster Expected Market Value]]/tbl_MTG_Set[[#This Row],[Play Boost Sealed Market Value]] | BG18: =IF(ISERROR(tbl_MTG_Set[[#This Row],[Play Booster Expected Value]]-tbl_MTG_Set[[#This Row],[Play Booster Cost]]-v_Item_Shipping_Cost_Out), -999, tbl_MTG_Set[[#This Row],[Play Booster Expected Value]]-tbl_MTG_Set[[#This Row],[Play Booster Cost]]-v_Item_Shipping_Cost_Out) | BH18: =tbl_MTG_Set[[#This Row],[Play Singles CardMarket Profit]]/tbl_MTG_Set[[#This Row],[Play Booster Cost]] | BI18: =tbl_MTG_Set[[#This Row],[Play Singles CardMarket Profit]]>0 | BL18: =tbl_MTG_Set[[#This Row],[Collector Booster Sell Price CardMarket]]*tbl_MTG_Set[[#This Row],[Collector Booster Expected Market Value]]/tbl_MTG_Set[[#This Row],[Collector Boost Sealed Market Value]] | BM18: =IF(ISERROR(tbl_MTG_Set[[#This Row],[Collector Booster Expected Value]] - tbl_MTG_Set[[#This Row],[Collector Booster Cost]] - v_Item_Shipping_Cost_Out), -999, tbl_MTG_Set[[#This Row],[Collector Booster Expected Value]] - tbl_MTG_Set[[#This Row],[Collector Booster Cost]] - v_Item_Shipping_Cost_Out) | BN18: =tbl_MTG_Set[[#This Row],[Collector Singles CardMarket Profit]]/tbl_MTG_Set[[#This Row],[Collector Booster Cost]] | BO18: =tbl_MTG_Set[[#This Row],[Collector Singles CardMarket Profit]]>0 | BP18: =OR(tbl_MTG_Set[[#This Row],[Split Collector?]], tbl_MTG_Set[[#This Row],[Split Play?]], tbl_MTG_Set[[#This Row],[Collector Booster CardMarket Profit]]>0, tbl_MTG_Set[[#This Row],[Play Booster CardMarket Profit]]>0) | BQ18: =IF(tbl_MTG_Set[[#This Row],[Play Booster CardMarket Profit]]=tbl_MTG_Set[[#This Row],[Max Profit]], "Play Boosters", IF(tbl_MTG_Set[[#This Row],[Collector Booster CardMarket Profit]]=tbl_MTG_Set[[#This Row],[Max Profit]], "Collector Boosters", IF(tbl_MTG_Set[[#This Row],[Play Singles CardMarket Profit]]=tbl_MTG_Set[[#This Row],[Max Profit]], "Play Singles", "Collector Singles"))) | BR18: =MAX(IFERROR(tbl_MTG_Set[[#This Row],[Play Booster CardMarket Profit]], -999), IFERROR(tbl_MTG_Set[[#This Row],[Collector Booster CardMarket Profit]], -999), IFERROR(tbl_MTG_Set[[#This Row],[Play Singles CardMarket Profit]], -999), IFERROR(tbl_MTG_Set[[#This Row],[Collector Singles CardMarket Profit]], -999)) | BS18: =IF(tbl_MTG_Set[[#This Row],[Play Booster CardMarket Profit Margin (%)]]=tbl_MTG_Set[[#This Row],[Max Profit Margin (%)]], "Play Boosters", IF(tbl_MTG_Set[[#This Row],[Collector Booster CardMarket Profit Margin (%)]]=tbl_MTG_Set[[#This Row],[Max Profit Margin (%)]], "Collector Boosters", IF(tbl_MTG_Set[[#This Row],[Play Singles CardMarket Profit Margin (%)]]=tbl_MTG_Set[[#This Row],[Max Profit Margin (%)]], "Play Singles", "Collector Singles"))) | BT18: =MAX(IFERROR(tbl_MTG_Set[[#This Row],[Play Booster CardMarket Profit Margin (%)]], 0), IFERROR(tbl_MTG_Set[[#This Row],[Collector Booster CardMarket Profit Margin (%)]], 0), IFERROR(tbl_MTG_Set[[#This Row],[Play Singles CardMarket Profit Margin (%)]], 0), IFERROR(tbl_MTG_Set[[#This Row],[Collector Singles CardMarket Profit Margin (%)]], 0))
A19: 17 | B19: Marvel Universe MAR | C19: 53 | D19: 45926 | E19: Universes Beyond | F19: en es fr de it pt ja ko ru 汉语 漢語 | G19: 18 | H19: =MONTH(NOW())+12*YEAR(NOW())-MONTH(tbl_MTG_Set[[#This Row],[Released On]])-12*YEAR(tbl_MTG_Set[[#This Row],[Released On]]) | I19: =_xlfn.XLOOKUP(tbl_MTG_Set[[#This Row],[Type Name]], tbl_MTG_Set_Type[Set Type], tbl_MTG_Set_Type[Index], "(Set Type not found)") | J19: =_xlfn.XLOOKUP(tbl_MTG_Set[[#This Row],[Type Name]], tbl_MTG_Set_Type[Set Type], tbl_MTG_Set_Type[Buy Window Month Start], "(Set Type not found)") | K19: =tbl_MTG_Set[[#This Row],[Released On]]+tbl_MTG_Set[[#This Row],[Buy Window Month Start]]*365.25/12 | L19: =_xlfn.XLOOKUP(tbl_MTG_Set[[#This Row],[Type Name]], tbl_MTG_Set_Type[Set Type], tbl_MTG_Set_Type[Buy Window Month End], "(Set Type not found)", 0, 1) | M19: =tbl_MTG_Set[[#This Row],[Released On]]+tbl_MTG_Set[[#This Row],[Buy Window Month End]]*365.25/12 | N19: =AND(NOW()>=tbl_MTG_Set[[#This Row],[Buy Window Start]], NOW()<=tbl_MTG_Set[[#This Row],[Buy Window End]]) | O19: =_xlfn.XLOOKUP(tbl_MTG_Set[[#This Row],[Type Name]], tbl_MTG_Set_Type[Set Type], tbl_MTG_Set_Type[Heavy Printing Window Month Start], "(Set Type not found)", 0, 1) | P19: =tbl_MTG_Set[[#This Row],[Released On]]+tbl_MTG_Set[[#This Row],[Heavy Printing Window Month Start]]*365.25/12 | Q19: =_xlfn.XLOOKUP(tbl_MTG_Set[[#This Row],[Type Name]], tbl_MTG_Set_Type[Set Type], tbl_MTG_Set_Type[Heavy Printing Window Month End], "(Set Type not found)", 0, 1) | R19: =tbl_MTG_Set[[#This Row],[Released On]]+tbl_MTG_Set[[#This Row],[Heavy Printing Window Month End]]*365.25/12 | S19: =AND(NOW()>=tbl_MTG_Set[[#This Row],[Heavy Printing Window Start]], NOW()<=tbl_MTG_Set[[#This Row],[Heavy Printing Window End]]) | T19: =_xlfn.XLOOKUP(tbl_MTG_Set[[#This Row],[Type Name]], tbl_MTG_Set_Type[Set Type], tbl_MTG_Set_Type[Sell Window Month Start], "(Set Type not found)", 0, 1) | U19: =tbl_MTG_Set[[#This Row],[Released On]]+tbl_MTG_Set[[#This Row],[Sell Window Month Start]]*365.25/12 | V19: =_xlfn.XLOOKUP(tbl_MTG_Set[[#This Row],[Type Name]], tbl_MTG_Set_Type[Set Type], tbl_MTG_Set_Type[Sell Window Month End], "(Set Type not found)", 0, 1) | W19: =tbl_MTG_Set[[#This Row],[Released On]]+tbl_MTG_Set[[#This Row],[Sell Window Month End]]*365.25/12 | X19: =AND(NOW()>=tbl_MTG_Set[[#This Row],[Sell Window Start]], NOW()<=tbl_MTG_Set[[#This Row],[Sell Window End]]) | AM19: {=IF(ISERROR(MIN(_xlfn._xlws.FILTER(tbl_Sourcing[Source Unit Cost], (tbl_Sourcing[Product Id]=tbl_MTG_Set[[#This Row],[Play Booster Box Product Id]])*(tbl_Sourcing[Active]=TRUE)))), "", MIN(_xlfn._xlws.FILTER(tbl_Sourcing[Source Unit Cost], (tbl_Sourcing[Product Id]=tbl_MTG_Set[[#This Row],[Play Booster Box Product Id]])*(tbl_Sourcing[Active]=TRUE))))} | AN19: {=IF(ISERROR(INDEX(_xlfn._xlws.FILTER(tbl_Sourcing[Source Name], (tbl_Sourcing[Product Id]=tbl_MTG_Set[[#This Row],[Play Booster Box Product Id]])*(tbl_Sourcing[Active]=TRUE)*(tbl_Sourcing[Source Unit Cost]=tbl_MTG_Set[[#This Row],[Play Booster Box Cost]])), 1)), "", INDEX(_xlfn._xlws.FILTER(tbl_Sourcing[Source Name], (tbl_Sourcing[Product Id]=tbl_MTG_Set[[#This Row],[Play Booster Box Product Id]])*(tbl_Sourcing[Active]=TRUE)*(tbl_Sourcing[Source Unit Cost]=tbl_MTG_Set[[#This Row],[Play Booster Box Cost]])), 1))} | AO19: =_xlfn.XLOOKUP(tbl_MTG_Set[[#This Row],[Play Booster Box Product Id]], tbl_Product[Product Id], tbl_Product[Pack Size]) | AP19: =(tbl_MTG_Set[[#This Row],[Play Booster Box Cost]]+v_Item_Shipping_Cost_In)/tbl_MTG_Set[[#This Row],[Play Booster Box Size]] | AQ19: {=IF(ISERROR(MIN(_xlfn._xlws.FILTER(tbl_Sourcing[Source Unit Cost], (tbl_Sourcing[Product Id]=tbl_MTG_Set[[#This Row],[Play Booster Product Id]])*(tbl_Sourcing[Active]=TRUE)*(tbl_Sourcing[Source Name]="Card Market")))), "", MIN(_xlfn._xlws.FILTER(tbl_Sourcing[Source Unit Cost], (tbl_Sourcing[Product Id]=tbl_MTG_Set[[#This Row],[Play Booster Product Id]])*(tbl_Sourcing[Active]=TRUE)*(tbl_Sourcing[Source Name]="Card Market"))))} | AT19: =tbl_MTG_Set[[#This Row],[Play Booster CardMarket Profit]]/tbl_MTG_Set[[#This Row],[Play Booster Cost]] | AU19: =_xlfn.XLOOKUP(tbl_MTG_Set[[#This Row],[Collector Booster Box Product Id]], tbl_Product[Product Id], tbl_Product[Min Cost]) | AV19: =_xlfn.XLOOKUP(tbl_MTG_Set[[#This Row],[Collector Booster Box Product Id]], tbl_Product[Product Id], tbl_Product[Best Source]) | AW19: =_xlfn.XLOOKUP(tbl_MTG_Set[[#This Row],[Collector Booster Box Product Id]], tbl_Product[Product Id], tbl_Product[Pack Size]) | AX19: =(tbl_MTG_Set[[#This Row],[Collector Booster Box Cost]] + v_Item_Shipping_Cost_In) / tbl_MTG_Set[[#This Row],[Collector Booster Box Size]] | AY19: {=IF(ISERROR(_xlfn._xlws.FILTER(tbl_Sourcing[Source Unit Cost], (tbl_Sourcing[Product Id]=tbl_MTG_Set[[#This Row],[Collector Booster Product Id]])*(tbl_Sourcing[Active]=TRUE)*(tbl_Sourcing[Source Name]="Card Market"))), "", _xlfn._xlws.FILTER(tbl_Sourcing[Source Unit Cost], (tbl_Sourcing[Product Id]=tbl_MTG_Set[[#This Row],[Collector Booster Product Id]])*(tbl_Sourcing[Active]=TRUE)*(tbl_Sourcing[Source Name]="Card Market")))} | BA19: =IF(ISERROR(tbl_MTG_Set[[#This Row],[Collector Booster Sell Price CardMarket]]-tbl_MTG_Set[[#This Row],[Collector Booster Cost]]-v_Item_Shipping_Cost_Out), -999, tbl_MTG_Set[[#This Row],[Collector Booster Sell Price CardMarket]]-tbl_MTG_Set[[#This Row],[Collector Booster Cost]]-v_Item_Shipping_Cost_Out) | BB19: =tbl_MTG_Set[[#This Row],[Collector Booster CardMarket Profit]]/tbl_MTG_Set[[#This Row],[Collector Booster Cost]] | BF19: =tbl_MTG_Set[[#This Row],[Play Booster Sell Price CardMarket]]*tbl_MTG_Set[[#This Row],[Play Booster Expected Market Value]]/tbl_MTG_Set[[#This Row],[Play Boost Sealed Market Value]] | BG19: =IF(ISERROR(tbl_MTG_Set[[#This Row],[Play Booster Expected Value]]-tbl_MTG_Set[[#This Row],[Play Booster Cost]]-v_Item_Shipping_Cost_Out), -999, tbl_MTG_Set[[#This Row],[Play Booster Expected Value]]-tbl_MTG_Set[[#This Row],[Play Booster Cost]]-v_Item_Shipping_Cost_Out) | BH19: =tbl_MTG_Set[[#This Row],[Play Singles CardMarket Profit]]/tbl_MTG_Set[[#This Row],[Play Booster Cost]] | BI19: =tbl_MTG_Set[[#This Row],[Play Singles CardMarket Profit]]>0 | BL19: =tbl_MTG_Set[[#This Row],[Collector Booster Sell Price CardMarket]]*tbl_MTG_Set[[#This Row],[Collector Booster Expected Market Value]]/tbl_MTG_Set[[#This Row],[Collector Boost Sealed Market Value]] | BM19: =IF(ISERROR(tbl_MTG_Set[[#This Row],[Collector Booster Expected Value]] - tbl_MTG_Set[[#This Row],[Collector Booster Cost]] - v_Item_Shipping_Cost_Out), -999, tbl_MTG_Set[[#This Row],[Collector Booster Expected Value]] - tbl_MTG_Set[[#This Row],[Collector Booster Cost]] - v_Item_Shipping_Cost_Out) | BN19: =tbl_MTG_Set[[#This Row],[Collector Singles CardMarket Profit]]/tbl_MTG_Set[[#This Row],[Collector Booster Cost]] | BO19: =tbl_MTG_Set[[#This Row],[Collector Singles CardMarket Profit]]>0 | BP19: =OR(tbl_MTG_Set[[#This Row],[Split Collector?]], tbl_MTG_Set[[#This Row],[Split Play?]], tbl_MTG_Set[[#This Row],[Collector Booster CardMarket Profit]]>0, tbl_MTG_Set[[#This Row],[Play Booster CardMarket Profit]]>0) | BQ19: =IF(tbl_MTG_Set[[#This Row],[Play Booster CardMarket Profit]]=tbl_MTG_Set[[#This Row],[Max Profit]], "Play Boosters", IF(tbl_MTG_Set[[#This Row],[Collector Booster CardMarket Profit]]=tbl_MTG_Set[[#This Row],[Max Profit]], "Collector Boosters", IF(tbl_MTG_Set[[#This Row],[Play Singles CardMarket Profit]]=tbl_MTG_Set[[#This Row],[Max Profit]], "Play Singles", "Collector Singles"))) | BR19: =MAX(IFERROR(tbl_MTG_Set[[#This Row],[Play Booster CardMarket Profit]], -999), IFERROR(tbl_MTG_Set[[#This Row],[Collector Booster CardMarket Profit]], -999), IFERROR(tbl_MTG_Set[[#This Row],[Play Singles CardMarket Profit]], -999), IFERROR(tbl_MTG_Set[[#This Row],[Collector Singles CardMarket Profit]], -999)) | BS19: =IF(tbl_MTG_Set[[#This Row],[Play Booster CardMarket Profit Margin (%)]]=tbl_MTG_Set[[#This Row],[Max Profit Margin (%)]], "Play Boosters", IF(tbl_MTG_Set[[#This Row],[Collector Booster CardMarket Profit Margin (%)]]=tbl_MTG_Set[[#This Row],[Max Profit Margin (%)]], "Collector Boosters", IF(tbl_MTG_Set[[#This Row],[Play Singles CardMarket Profit Margin (%)]]=tbl_MTG_Set[[#This Row],[Max Profit Margin (%)]], "Play Singles", "Collector Singles"))) | BT19: =MAX(IFERROR(tbl_MTG_Set[[#This Row],[Play Booster CardMarket Profit Margin (%)]], 0), IFERROR(tbl_MTG_Set[[#This Row],[Collector Booster CardMarket Profit Margin (%)]], 0), IFERROR(tbl_MTG_Set[[#This Row],[Play Singles CardMarket Profit Margin (%)]], 0), IFERROR(tbl_MTG_Set[[#This Row],[Collector Singles CardMarket Profit Margin (%)]], 0))
A20: 18 | B20: Through the Omenpaths Bonus Sheet OMB | C20: 40 | D20: 45923 | F20: en es fr de it pt ja ko ru 汉语 漢語 | G20: 19 | H20: =MONTH(NOW())+12*YEAR(NOW())-MONTH(tbl_MTG_Set[[#This Row],[Released On]])-12*YEAR(tbl_MTG_Set[[#This Row],[Released On]]) | I20: =_xlfn.XLOOKUP(tbl_MTG_Set[[#This Row],[Type Name]], tbl_MTG_Set_Type[Set Type], tbl_MTG_Set_Type[Index], "(Set Type not found)") | J20: =_xlfn.XLOOKUP(tbl_MTG_Set[[#This Row],[Type Name]], tbl_MTG_Set_Type[Set Type], tbl_MTG_Set_Type[Buy Window Month Start], "(Set Type not found)") | K20: =tbl_MTG_Set[[#This Row],[Released On]]+tbl_MTG_Set[[#This Row],[Buy Window Month Start]]*365.25/12 | L20: =_xlfn.XLOOKUP(tbl_MTG_Set[[#This Row],[Type Name]], tbl_MTG_Set_Type[Set Type], tbl_MTG_Set_Type[Buy Window Month End], "(Set Type not found)", 0, 1) | M20: =tbl_MTG_Set[[#This Row],[Released On]]+tbl_MTG_Set[[#This Row],[Buy Window Month End]]*365.25/12 | N20: =AND(NOW()>=tbl_MTG_Set[[#This Row],[Buy Window Start]], NOW()<=tbl_MTG_Set[[#This Row],[Buy Window End]]) | O20: =_xlfn.XLOOKUP(tbl_MTG_Set[[#This Row],[Type Name]], tbl_MTG_Set_Type[Set Type], tbl_MTG_Set_Type[Heavy Printing Window Month Start], "(Set Type not found)", 0, 1) | P20: =tbl_MTG_Set[[#This Row],[Released On]]+tbl_MTG_Set[[#This Row],[Heavy Printing Window Month Start]]*365.25/12 | Q20: =_xlfn.XLOOKUP(tbl_MTG_Set[[#This Row],[Type Name]], tbl_MTG_Set_Type[Set Type], tbl_MTG_Set_Type[Heavy Printing Window Month End], "(Set Type not found)", 0, 1) | R20: =tbl_MTG_Set[[#This Row],[Released On]]+tbl_MTG_Set[[#This Row],[Heavy Printing Window Month End]]*365.25/12 | S20: =AND(NOW()>=tbl_MTG_Set[[#This Row],[Heavy Printing Window Start]], NOW()<=tbl_MTG_Set[[#This Row],[Heavy Printing Window End]]) | T20: =_xlfn.XLOOKUP(tbl_MTG_Set[[#This Row],[Type Name]], tbl_MTG_Set_Type[Set Type], tbl_MTG_Set_Type[Sell Window Month Start], "(Set Type not found)", 0, 1) | U20: =tbl_MTG_Set[[#This Row],[Released On]]+tbl_MTG_Set[[#This Row],[Sell Window Month Start]]*365.25/12 | V20: =_xlfn.XLOOKUP(tbl_MTG_Set[[#This Row],[Type Name]], tbl_MTG_Set_Type[Set Type], tbl_MTG_Set_Type[Sell Window Month End], "(Set Type not found)", 0, 1) | W20: =tbl_MTG_Set[[#This Row],[Released On]]+tbl_MTG_Set[[#This Row],[Sell Window Month End]]*365.25/12 | X20: =AND(NOW()>=tbl_MTG_Set[[#This Row],[Sell Window Start]], NOW()<=tbl_MTG_Set[[#This Row],[Sell Window End]]) | AM20: {=IF(ISERROR(MIN(_xlfn._xlws.FILTER(tbl_Sourcing[Source Unit Cost], (tbl_Sourcing[Product Id]=tbl_MTG_Set[[#This Row],[Play Booster Box Product Id]])*(tbl_Sourcing[Active]=TRUE)))), "", MIN(_xlfn._xlws.FILTER(tbl_Sourcing[Source Unit Cost], (tbl_Sourcing[Product Id]=tbl_MTG_Set[[#This Row],[Play Booster Box Product Id]])*(tbl_Sourcing[Active]=TRUE))))} | AN20: {=IF(ISERROR(INDEX(_xlfn._xlws.FILTER(tbl_Sourcing[Source Name], (tbl_Sourcing[Product Id]=tbl_MTG_Set[[#This Row],[Play Booster Box Product Id]])*(tbl_Sourcing[Active]=TRUE)*(tbl_Sourcing[Source Unit Cost]=tbl_MTG_Set[[#This Row],[Play Booster Box Cost]])), 1)), "", INDEX(_xlfn._xlws.FILTER(tbl_Sourcing[Source Name], (tbl_Sourcing[Product Id]=tbl_MTG_Set[[#This Row],[Play Booster Box Product Id]])*(tbl_Sourcing[Active]=TRUE)*(tbl_Sourcing[Source Unit Cost]=tbl_MTG_Set[[#This Row],[Play Booster Box Cost]])), 1))} | AO20: =_xlfn.XLOOKUP(tbl_MTG_Set[[#This Row],[Play Booster Box Product Id]], tbl_Product[Product Id], tbl_Product[Pack Size]) | AP20: =(tbl_MTG_Set[[#This Row],[Play Booster Box Cost]]+v_Item_Shipping_Cost_In)/tbl_MTG_Set[[#This Row],[Play Booster Box Size]] | AQ20: {=IF(ISERROR(MIN(_xlfn._xlws.FILTER(tbl_Sourcing[Source Unit Cost], (tbl_Sourcing[Product Id]=tbl_MTG_Set[[#This Row],[Play Booster Product Id]])*(tbl_Sourcing[Active]=TRUE)*(tbl_Sourcing[Source Name]="Card Market")))), "", MIN(_xlfn._xlws.FILTER(tbl_Sourcing[Source Unit Cost], (tbl_Sourcing[Product Id]=tbl_MTG_Set[[#This Row],[Play Booster Product Id]])*(tbl_Sourcing[Active]=TRUE)*(tbl_Sourcing[Source Name]="Card Market"))))} | AT20: =tbl_MTG_Set[[#This Row],[Play Booster CardMarket Profit]]/tbl_MTG_Set[[#This Row],[Play Booster Cost]] | AU20: =_xlfn.XLOOKUP(tbl_MTG_Set[[#This Row],[Collector Booster Box Product Id]], tbl_Product[Product Id], tbl_Product[Min Cost]) | AV20: =_xlfn.XLOOKUP(tbl_MTG_Set[[#This Row],[Collector Booster Box Product Id]], tbl_Product[Product Id], tbl_Product[Best Source]) | AW20: =_xlfn.XLOOKUP(tbl_MTG_Set[[#This Row],[Collector Booster Box Product Id]], tbl_Product[Product Id], tbl_Product[Pack Size]) | AX20: =(tbl_MTG_Set[[#This Row],[Collector Booster Box Cost]] + v_Item_Shipping_Cost_In) / tbl_MTG_Set[[#This Row],[Collector Booster Box Size]] | AY20: {=IF(ISERROR(_xlfn._xlws.FILTER(tbl_Sourcing[Source Unit Cost], (tbl_Sourcing[Product Id]=tbl_MTG_Set[[#This Row],[Collector Booster Product Id]])*(tbl_Sourcing[Active]=TRUE)*(tbl_Sourcing[Source Name]="Card Market"))), "", _xlfn._xlws.FILTER(tbl_Sourcing[Source Unit Cost], (tbl_Sourcing[Product Id]=tbl_MTG_Set[[#This Row],[Collector Booster Product Id]])*(tbl_Sourcing[Active]=TRUE)*(tbl_Sourcing[Source Name]="Card Market")))} | BA20: =IF(ISERROR(tbl_MTG_Set[[#This Row],[Collector Booster Sell Price CardMarket]]-tbl_MTG_Set[[#This Row],[Collector Booster Cost]]-v_Item_Shipping_Cost_Out), -999, tbl_MTG_Set[[#This Row],[Collector Booster Sell Price CardMarket]]-tbl_MTG_Set[[#This Row],[Collector Booster Cost]]-v_Item_Shipping_Cost_Out) | BB20: =tbl_MTG_Set[[#This Row],[Collector Booster CardMarket Profit]]/tbl_MTG_Set[[#This Row],[Collector Booster Cost]] | BF20: =tbl_MTG_Set[[#This Row],[Play Booster Sell Price CardMarket]]*tbl_MTG_Set[[#This Row],[Play Booster Expected Market Value]]/tbl_MTG_Set[[#This Row],[Play Boost Sealed Market Value]] | BG20: =IF(ISERROR(tbl_MTG_Set[[#This Row],[Play Booster Expected Value]]-tbl_MTG_Set[[#This Row],[Play Booster Cost]]-v_Item_Shipping_Cost_Out), -999, tbl_MTG_Set[[#This Row],[Play Booster Expected Value]]-tbl_MTG_Set[[#This Row],[Play Booster Cost]]-v_Item_Shipping_Cost_Out) | BH20: =tbl_MTG_Set[[#This Row],[Play Singles CardMarket Profit]]/tbl_MTG_Set[[#This Row],[Play Booster Cost]] | BI20: =tbl_MTG_Set[[#This Row],[Play Singles CardMarket Profit]]>0 | BL20: =tbl_MTG_Set[[#This Row],[Collector Booster Sell Price CardMarket]]*tbl_MTG_Set[[#This Row],[Collector Booster Expected Market Value]]/tbl_MTG_Set[[#This Row],[Collector Boost Sealed Market Value]] | BM20: =IF(ISERROR(tbl_MTG_Set[[#This Row],[Collector Booster Expected Value]] - tbl_MTG_Set[[#This Row],[Collector Booster Cost]] - v_Item_Shipping_Cost_Out), -999, tbl_MTG_Set[[#This Row],[Collector Booster Expected Value]] - tbl_MTG_Set[[#This Row],[Collector Booster Cost]] - v_Item_Shipping_Cost_Out) | BN20: =tbl_MTG_Set[[#This Row],[Collector Singles CardMarket Profit]]/tbl_MTG_Set[[#This Row],[Collector Booster Cost]] | BO20: =tbl_MTG_Set[[#This Row],[Collector Singles CardMarket Profit]]>0 | BP20: =OR(tbl_MTG_Set[[#This Row],[Split Collector?]], tbl_MTG_Set[[#This Row],[Split Play?]], tbl_MTG_Set[[#This Row],[Collector Booster CardMarket Profit]]>0, tbl_MTG_Set[[#This Row],[Play Booster CardMarket Profit]]>0) | BQ20: =IF(tbl_MTG_Set[[#This Row],[Play Booster CardMarket Profit]]=tbl_MTG_Set[[#This Row],[Max Profit]], "Play Boosters", IF(tbl_MTG_Set[[#This Row],[Collector Booster CardMarket Profit]]=tbl_MTG_Set[[#This Row],[Max Profit]], "Collector Boosters", IF(tbl_MTG_Set[[#This Row],[Play Singles CardMarket Profit]]=tbl_MTG_Set[[#This Row],[Max Profit]], "Play Singles", "Collector Singles"))) | BR20: =MAX(IFERROR(tbl_MTG_Set[[#This Row],[Play Booster CardMarket Profit]], -999), IFERROR(tbl_MTG_Set[[#This Row],[Collector Booster CardMarket Profit]], -999), IFERROR(tbl_MTG_Set[[#This Row],[Play Singles CardMarket Profit]], -999), IFERROR(tbl_MTG_Set[[#This Row],[Collector Singles CardMarket Profit]], -999)) | BS20: =IF(tbl_MTG_Set[[#This Row],[Play Booster CardMarket Profit Margin (%)]]=tbl_MTG_Set[[#This Row],[Max Profit Margin (%)]], "Play Boosters", IF(tbl_MTG_Set[[#This Row],[Collector Booster CardMarket Profit Margin (%)]]=tbl_MTG_Set[[#This Row],[Max Profit Margin (%)]], "Collector Boosters", IF(tbl_MTG_Set[[#This Row],[Play Singles CardMarket Profit Margin (%)]]=tbl_MTG_Set[[#This Row],[Max Profit Margin (%)]], "Play Singles", "Collector Singles"))) | BT20: =MAX(IFERROR(tbl_MTG_Set[[#This Row],[Play Booster CardMarket Profit Margin (%)]], 0), IFERROR(tbl_MTG_Set[[#This Row],[Collector Booster CardMarket Profit Margin (%)]], 0), IFERROR(tbl_MTG_Set[[#This Row],[Play Singles CardMarket Profit Margin (%)]], 0), IFERROR(tbl_MTG_Set[[#This Row],[Collector Singles CardMarket Profit Margin (%)]], 0))
A21: 19 | B21: Marvel Legends Series Inserts LMAR | C21: 4 | D21: 45930 | E21: Universes Beyond | F21: en es fr de it pt ja ko ru 汉语 漢語 | G21: 20 | H21: =MONTH(NOW())+12*YEAR(NOW())-MONTH(tbl_MTG_Set[[#This Row],[Released On]])-12*YEAR(tbl_MTG_Set[[#This Row],[Released On]]) | I21: =_xlfn.XLOOKUP(tbl_MTG_Set[[#This Row],[Type Name]], tbl_MTG_Set_Type[Set Type], tbl_MTG_Set_Type[Index], "(Set Type not found)") | J21: =_xlfn.XLOOKUP(tbl_MTG_Set[[#This Row],[Type Name]], tbl_MTG_Set_Type[Set Type], tbl_MTG_Set_Type[Buy Window Month Start], "(Set Type not found)") | K21: =tbl_MTG_Set[[#This Row],[Released On]]+tbl_MTG_Set[[#This Row],[Buy Window Month Start]]*365.25/12 | L21: =_xlfn.XLOOKUP(tbl_MTG_Set[[#This Row],[Type Name]], tbl_MTG_Set_Type[Set Type], tbl_MTG_Set_Type[Buy Window Month End], "(Set Type not found)", 0, 1) | M21: =tbl_MTG_Set[[#This Row],[Released On]]+tbl_MTG_Set[[#This Row],[Buy Window Month End]]*365.25/12 | N21: =AND(NOW()>=tbl_MTG_Set[[#This Row],[Buy Window Start]], NOW()<=tbl_MTG_Set[[#This Row],[Buy Window End]]) | O21: =_xlfn.XLOOKUP(tbl_MTG_Set[[#This Row],[Type Name]], tbl_MTG_Set_Type[Set Type], tbl_MTG_Set_Type[Heavy Printing Window Month Start], "(Set Type not found)", 0, 1) | P21: =tbl_MTG_Set[[#This Row],[Released On]]+tbl_MTG_Set[[#This Row],[Heavy Printing Window Month Start]]*365.25/12 | Q21: =_xlfn.XLOOKUP(tbl_MTG_Set[[#This Row],[Type Name]], tbl_MTG_Set_Type[Set Type], tbl_MTG_Set_Type[Heavy Printing Window Month End], "(Set Type not found)", 0, 1) | R21: =tbl_MTG_Set[[#This Row],[Released On]]+tbl_MTG_Set[[#This Row],[Heavy Printing Window Month End]]*365.25/12 | S21: =AND(NOW()>=tbl_MTG_Set[[#This Row],[Heavy Printing Window Start]], NOW()<=tbl_MTG_Set[[#This Row],[Heavy Printing Window End]]) | T21: =_xlfn.XLOOKUP(tbl_MTG_Set[[#This Row],[Type Name]], tbl_MTG_Set_Type[Set Type], tbl_MTG_Set_Type[Sell Window Month Start], "(Set Type not found)", 0, 1) | U21: =tbl_MTG_Set[[#This Row],[Released On]]+tbl_MTG_Set[[#This Row],[Sell Window Month Start]]*365.25/12 | V21: =_xlfn.XLOOKUP(tbl_MTG_Set[[#This Row],[Type Name]], tbl_MTG_Set_Type[Set Type], tbl_MTG_Set_Type[Sell Window Month End], "(Set Type not found)", 0, 1) | W21: =tbl_MTG_Set[[#This Row],[Released On]]+tbl_MTG_Set[[#This Row],[Sell Window Month End]]*365.25/12 | X21: =AND(NOW()>=tbl_MTG_Set[[#This Row],[Sell Window Start]], NOW()<=tbl_MTG_Set[[#This Row],[Sell Window End]]) | AM21: {=IF(ISERROR(MIN(_xlfn._xlws.FILTER(tbl_Sourcing[Source Unit Cost], (tbl_Sourcing[Product Id]=tbl_MTG_Set[[#This Row],[Play Booster Box Product Id]])*(tbl_Sourcing[Active]=TRUE)))), "", MIN(_xlfn._xlws.FILTER(tbl_Sourcing[Source Unit Cost], (tbl_Sourcing[Product Id]=tbl_MTG_Set[[#This Row],[Play Booster Box Product Id]])*(tbl_Sourcing[Active]=TRUE))))} | AN21: {=IF(ISERROR(INDEX(_xlfn._xlws.FILTER(tbl_Sourcing[Source Name], (tbl_Sourcing[Product Id]=tbl_MTG_Set[[#This Row],[Play Booster Box Product Id]])*(tbl_Sourcing[Active]=TRUE)*(tbl_Sourcing[Source Unit Cost]=tbl_MTG_Set[[#This Row],[Play Booster Box Cost]])), 1)), "", INDEX(_xlfn._xlws.FILTER(tbl_Sourcing[Source Name], (tbl_Sourcing[Product Id]=tbl_MTG_Set[[#This Row],[Play Booster Box Product Id]])*(tbl_Sourcing[Active]=TRUE)*(tbl_Sourcing[Source Unit Cost]=tbl_MTG_Set[[#This Row],[Play Booster Box Cost]])), 1))} | AO21: =_xlfn.XLOOKUP(tbl_MTG_Set[[#This Row],[Play Booster Box Product Id]], tbl_Product[Product Id], tbl_Product[Pack Size]) | AP21: =(tbl_MTG_Set[[#This Row],[Play Booster Box Cost]]+v_Item_Shipping_Cost_In)/tbl_MTG_Set[[#This Row],[Play Booster Box Size]] | AQ21: {=IF(ISERROR(MIN(_xlfn._xlws.FILTER(tbl_Sourcing[Source Unit Cost], (tbl_Sourcing[Product Id]=tbl_MTG_Set[[#This Row],[Play Booster Product Id]])*(tbl_Sourcing[Active]=TRUE)*(tbl_Sourcing[Source Name]="Card Market")))), "", MIN(_xlfn._xlws.FILTER(tbl_Sourcing[Source Unit Cost], (tbl_Sourcing[Product Id]=tbl_MTG_Set[[#This Row],[Play Booster Product Id]])*(tbl_Sourcing[Active]=TRUE)*(tbl_Sourcing[Source Name]="Card Market"))))} | AT21: =tbl_MTG_Set[[#This Row],[Play Booster CardMarket Profit]]/tbl_MTG_Set[[#This Row],[Play Booster Cost]] | AU21: =_xlfn.XLOOKUP(tbl_MTG_Set[[#This Row],[Collector Booster Box Product Id]], tbl_Product[Product Id], tbl_Product[Min Cost]) | AV21: =_xlfn.XLOOKUP(tbl_MTG_Set[[#This Row],[Collector Booster Box Product Id]], tbl_Product[Product Id], tbl_Product[Best Source]) | AW21: =_xlfn.XLOOKUP(tbl_MTG_Set[[#This Row],[Collector Booster Box Product Id]], tbl_Product[Product Id], tbl_Product[Pack Size]) | AX21: =(tbl_MTG_Set[[#This Row],[Collector Booster Box Cost]] + v_Item_Shipping_Cost_In) / tbl_MTG_Set[[#This Row],[Collector Booster Box Size]] | AY21: {=IF(ISERROR(_xlfn._xlws.FILTER(tbl_Sourcing[Source Unit Cost], (tbl_Sourcing[Product Id]=tbl_MTG_Set[[#This Row],[Collector Booster Product Id]])*(tbl_Sourcing[Active]=TRUE)*(tbl_Sourcing[Source Name]="Card Market"))), "", _xlfn._xlws.FILTER(tbl_Sourcing[Source Unit Cost], (tbl_Sourcing[Product Id]=tbl_MTG_Set[[#This Row],[Collector Booster Product Id]])*(tbl_Sourcing[Active]=TRUE)*(tbl_Sourcing[Source Name]="Card Market")))} | BA21: =IF(ISERROR(tbl_MTG_Set[[#This Row],[Collector Booster Sell Price CardMarket]]-tbl_MTG_Set[[#This Row],[Collector Booster Cost]]-v_Item_Shipping_Cost_Out), -999, tbl_MTG_Set[[#This Row],[Collector Booster Sell Price CardMarket]]-tbl_MTG_Set[[#This Row],[Collector Booster Cost]]-v_Item_Shipping_Cost_Out) | BB21: =tbl_MTG_Set[[#This Row],[Collector Booster CardMarket Profit]]/tbl_MTG_Set[[#This Row],[Collector Booster Cost]] | BF21: =tbl_MTG_Set[[#This Row],[Play Booster Sell Price CardMarket]]*tbl_MTG_Set[[#This Row],[Play Booster Expected Market Value]]/tbl_MTG_Set[[#This Row],[Play Boost Sealed Market Value]] | BG21: =IF(ISERROR(tbl_MTG_Set[[#This Row],[Play Booster Expected Value]]-tbl_MTG_Set[[#This Row],[Play Booster Cost]]-v_Item_Shipping_Cost_Out), -999, tbl_MTG_Set[[#This Row],[Play Booster Expected Value]]-tbl_MTG_Set[[#This Row],[Play Booster Cost]]-v_Item_Shipping_Cost_Out) | BH21: =tbl_MTG_Set[[#This Row],[Play Singles CardMarket Profit]]/tbl_MTG_Set[[#This Row],[Play Booster Cost]] | BI21: =tbl_MTG_Set[[#This Row],[Play Singles CardMarket Profit]]>0 | BL21: =tbl_MTG_Set[[#This Row],[Collector Booster Sell Price CardMarket]]*tbl_MTG_Set[[#This Row],[Collector Booster Expected Market Value]]/tbl_MTG_Set[[#This Row],[Collector Boost Sealed Market Value]] | BM21: =IF(ISERROR(tbl_MTG_Set[[#This Row],[Collector Booster Expected Value]] - tbl_MTG_Set[[#This Row],[Collector Booster Cost]] - v_Item_Shipping_Cost_Out), -999, tbl_MTG_Set[[#This Row],[Collector Booster Expected Value]] - tbl_MTG_Set[[#This Row],[Collector Booster Cost]] - v_Item_Shipping_Cost_Out) | BN21: =tbl_MTG_Set[[#This Row],[Collector Singles CardMarket Profit]]/tbl_MTG_Set[[#This Row],[Collector Booster Cost]] | BO21: =tbl_MTG_Set[[#This Row],[Collector Singles CardMarket Profit]]>0 | BP21: =OR(tbl_MTG_Set[[#This Row],[Split Collector?]], tbl_MTG_Set[[#This Row],[Split Play?]], tbl_MTG_Set[[#This Row],[Collector Booster CardMarket Profit]]>0, tbl_MTG_Set[[#This Row],[Play Booster CardMarket Profit]]>0) | BQ21: =IF(tbl_MTG_Set[[#This Row],[Play Booster CardMarket Profit]]=tbl_MTG_Set[[#This Row],[Max Profit]], "Play Boosters", IF(tbl_MTG_Set[[#This Row],[Collector Booster CardMarket Profit]]=tbl_MTG_Set[[#This Row],[Max Profit]], "Collector Boosters", IF(tbl_MTG_Set[[#This Row],[Play Singles CardMarket Profit]]=tbl_MTG_Set[[#This Row],[Max Profit]], "Play Singles", "Collector Singles"))) | BR21: =MAX(IFERROR(tbl_MTG_Set[[#This Row],[Play Booster CardMarket Profit]], -999), IFERROR(tbl_MTG_Set[[#This Row],[Collector Booster CardMarket Profit]], -999), IFERROR(tbl_MTG_Set[[#This Row],[Play Singles CardMarket Profit]], -999), IFERROR(tbl_MTG_Set[[#This Row],[Collector Singles CardMarket Profit]], -999)) | BS21: =IF(tbl_MTG_Set[[#This Row],[Play Booster CardMarket Profit Margin (%)]]=tbl_MTG_Set[[#This Row],[Max Profit Margin (%)]], "Play Boosters", IF(tbl_MTG_Set[[#This Row],[Collector Booster CardMarket Profit Margin (%)]]=tbl_MTG_Set[[#This Row],[Max Profit Margin (%)]], "Collector Boosters", IF(tbl_MTG_Set[[#This Row],[Play Singles CardMarket Profit Margin (%)]]=tbl_MTG_Set[[#This Row],[Max Profit Margin (%)]], "Play Singles", "Collector Singles"))) | BT21: =MAX(IFERROR(tbl_MTG_Set[[#This Row],[Play Booster CardMarket Profit Margin (%)]], 0), IFERROR(tbl_MTG_Set[[#This Row],[Collector Booster CardMarket Profit Margin (%)]], 0), IFERROR(tbl_MTG_Set[[#This Row],[Play Singles CardMarket Profit Margin (%)]], 0), IFERROR(tbl_MTG_Set[[#This Row],[Collector Singles CardMarket Profit Margin (%)]], 0))
A22: 20 | B22: Marvel's Spider-Man SPM | C22: 286 | D22: 45926 | E22: Universes Beyond | F22: en es fr de it pt ja ko ru 汉语 漢語 | G22: 21 | H22: =MONTH(NOW())+12*YEAR(NOW())-MONTH(tbl_MTG_Set[[#This Row],[Released On]])-12*YEAR(tbl_MTG_Set[[#This Row],[Released On]]) | I22: =_xlfn.XLOOKUP(tbl_MTG_Set[[#This Row],[Type Name]], tbl_MTG_Set_Type[Set Type], tbl_MTG_Set_Type[Index], "(Set Type not found)") | J22: =_xlfn.XLOOKUP(tbl_MTG_Set[[#This Row],[Type Name]], tbl_MTG_Set_Type[Set Type], tbl_MTG_Set_Type[Buy Window Month Start], "(Set Type not found)") | K22: =tbl_MTG_Set[[#This Row],[Released On]]+tbl_MTG_Set[[#This Row],[Buy Window Month Start]]*365.25/12 | L22: =_xlfn.XLOOKUP(tbl_MTG_Set[[#This Row],[Type Name]], tbl_MTG_Set_Type[Set Type], tbl_MTG_Set_Type[Buy Window Month End], "(Set Type not found)", 0, 1) | M22: =tbl_MTG_Set[[#This Row],[Released On]]+tbl_MTG_Set[[#This Row],[Buy Window Month End]]*365.25/12 | N22: =AND(NOW()>=tbl_MTG_Set[[#This Row],[Buy Window Start]], NOW()<=tbl_MTG_Set[[#This Row],[Buy Window End]]) | O22: =_xlfn.XLOOKUP(tbl_MTG_Set[[#This Row],[Type Name]], tbl_MTG_Set_Type[Set Type], tbl_MTG_Set_Type[Heavy Printing Window Month Start], "(Set Type not found)", 0, 1) | P22: =tbl_MTG_Set[[#This Row],[Released On]]+tbl_MTG_Set[[#This Row],[Heavy Printing Window Month Start]]*365.25/12 | Q22: =_xlfn.XLOOKUP(tbl_MTG_Set[[#This Row],[Type Name]], tbl_MTG_Set_Type[Set Type], tbl_MTG_Set_Type[Heavy Printing Window Month End], "(Set Type not found)", 0, 1) | R22: =tbl_MTG_Set[[#This Row],[Released On]]+tbl_MTG_Set[[#This Row],[Heavy Printing Window Month End]]*365.25/12 | S22: =AND(NOW()>=tbl_MTG_Set[[#This Row],[Heavy Printing Window Start]], NOW()<=tbl_MTG_Set[[#This Row],[Heavy Printing Window End]]) | T22: =_xlfn.XLOOKUP(tbl_MTG_Set[[#This Row],[Type Name]], tbl_MTG_Set_Type[Set Type], tbl_MTG_Set_Type[Sell Window Month Start], "(Set Type not found)", 0, 1) | U22: =tbl_MTG_Set[[#This Row],[Released On]]+tbl_MTG_Set[[#This Row],[Sell Window Month Start]]*365.25/12 | V22: =_xlfn.XLOOKUP(tbl_MTG_Set[[#This Row],[Type Name]], tbl_MTG_Set_Type[Set Type], tbl_MTG_Set_Type[Sell Window Month End], "(Set Type not found)", 0, 1) | W22: =tbl_MTG_Set[[#This Row],[Released On]]+tbl_MTG_Set[[#This Row],[Sell Window Month End]]*365.25/12 | X22: =AND(NOW()>=tbl_MTG_Set[[#This Row],[Sell Window Start]], NOW()<=tbl_MTG_Set[[#This Row],[Sell Window End]]) | Y22: 91 | Z22: 150 | AA22: 100 | AC22: 135 | AD22: =(Y22+96/20)/30 | AE22: =(Z22+96/20)/30 | AF22: =($AA$630+96/20)/30 | AI22: 64 | AJ22: 19 | AK22: 118 | AL22: 117 | AM22: {=IF(ISERROR(MIN(_xlfn._xlws.FILTER(tbl_Sourcing[Source Unit Cost], (tbl_Sourcing[Product Id]=tbl_MTG_Set[[#This Row],[Play Booster Box Product Id]])*(tbl_Sourcing[Active]=TRUE)))), "", MIN(_xlfn._xlws.FILTER(tbl_Sourcing[Source Unit Cost], (tbl_Sourcing[Product Id]=tbl_MTG_Set[[#This Row],[Play Booster Box Product Id]])*(tbl_Sourcing[Active]=TRUE))))} | AN22: {=IF(ISERROR(INDEX(_xlfn._xlws.FILTER(tbl_Sourcing[Source Name], (tbl_Sourcing[Product Id]=tbl_MTG_Set[[#This Row],[Play Booster Box Product Id]])*(tbl_Sourcing[Active]=TRUE)*(tbl_Sourcing[Source Unit Cost]=tbl_MTG_Set[[#This Row],[Play Booster Box Cost]])), 1)), "", INDEX(_xlfn._xlws.FILTER(tbl_Sourcing[Source Name], (tbl_Sourcing[Product Id]=tbl_MTG_Set[[#This Row],[Play Booster Box Product Id]])*(tbl_Sourcing[Active]=TRUE)*(tbl_Sourcing[Source Unit Cost]=tbl_MTG_Set[[#This Row],[Play Booster Box Cost]])), 1))} | AO22: =_xlfn.XLOOKUP(tbl_MTG_Set[[#This Row],[Play Booster Box Product Id]], tbl_Product[Product Id], tbl_Product[Pack Size]) | AP22: =(tbl_MTG_Set[[#This Row],[Play Booster Box Cost]]+v_Item_Shipping_Cost_In)/tbl_MTG_Set[[#This Row],[Play Booster Box Size]] | AQ22: {=IF(ISERROR(MIN(_xlfn._xlws.FILTER(tbl_Sourcing[Source Unit Cost], (tbl_Sourcing[Product Id]=tbl_MTG_Set[[#This Row],[Play Booster Product Id]])*(tbl_Sourcing[Active]=TRUE)*(tbl_Sourcing[Source Name]="Card Market")))), "", MIN(_xlfn._xlws.FILTER(tbl_Sourcing[Source Unit Cost], (tbl_Sourcing[Product Id]=tbl_MTG_Set[[#This Row],[Play Booster Product Id]])*(tbl_Sourcing[Active]=TRUE)*(tbl_Sourcing[Source Name]="Card Market"))))} | AR22: 6.5 | AS22: =IF(ISERROR(tbl_MTG_Set[[#This Row],[Play Booster Sell Price CardMarket]]-tbl_MTG_Set[[#This Row],[Play Booster Cost]]-v_Item_Shipping_Cost_Out), -999, tbl_MTG_Set[[#This Row],[Play Booster Sell Price CardMarket]]-tbl_MTG_Set[[#This Row],[Play Booster Cost]]-v_Item_Shipping_Cost_Out) | AT22: =tbl_MTG_Set[[#This Row],[Play Booster CardMarket Profit]]/tbl_MTG_Set[[#This Row],[Play Booster Cost]] | AU22: =_xlfn.XLOOKUP(tbl_MTG_Set[[#This Row],[Collector Booster Box Product Id]], tbl_Product[Product Id], tbl_Product[Min Cost]) | AV22: =_xlfn.XLOOKUP(tbl_MTG_Set[[#This Row],[Collector Booster Box Product Id]], tbl_Product[Product Id], tbl_Product[Best Source]) | AW22: =_xlfn.XLOOKUP(tbl_MTG_Set[[#This Row],[Collector Booster Box Product Id]], tbl_Product[Product Id], tbl_Product[Pack Size]) | AX22: =(tbl_MTG_Set[[#This Row],[Collector Booster Box Cost]] + v_Item_Shipping_Cost_In) / tbl_MTG_Set[[#This Row],[Collector Booster Box Size]] | AY22: {=IF(ISERROR(_xlfn._xlws.FILTER(tbl_Sourcing[Source Unit Cost], (tbl_Sourcing[Product Id]=tbl_MTG_Set[[#This Row],[Collector Booster Product Id]])*(tbl_Sourcing[Active]=TRUE)*(tbl_Sourcing[Source Name]="Card Market"))), "", _xlfn._xlws.FILTER(tbl_Sourcing[Source Unit Cost], (tbl_Sourcing[Product Id]=tbl_MTG_Set[[#This Row],[Collector Booster Product Id]])*(tbl_Sourcing[Active]=TRUE)*(tbl_Sourcing[Source Name]="Card Market")))} | BA22: =IF(ISERROR(tbl_MTG_Set[[#This Row],[Collector Booster Sell Price CardMarket]]-tbl_MTG_Set[[#This Row],[Collector Booster Cost]]-v_Item_Shipping_Cost_Out), -999, tbl_MTG_Set[[#This Row],[Collector Booster Sell Price CardMarket]]-tbl_MTG_Set[[#This Row],[Collector Booster Cost]]-v_Item_Shipping_Cost_Out) | BB22: =tbl_MTG_Set[[#This Row],[Collector Booster CardMarket Profit]]/tbl_MTG_Set[[#This Row],[Collector Booster Cost]] | BC22: https://www.mtgstocks.com/sets/2262-marvels-spider-man#ev | BD22: 6.14 | BE22: 4.73 | BF22: =tbl_MTG_Set[[#This Row],[Play Booster Sell Price CardMarket]]*tbl_MTG_Set[[#This Row],[Play Booster Expected Market Value]]/tbl_MTG_Set[[#This Row],[Play Boost Sealed Market Value]] | BG22: =IF(ISERROR(tbl_MTG_Set[[#This Row],[Play Booster Expected Value]]-tbl_MTG_Set[[#This Row],[Play Booster Cost]]-v_Item_Shipping_Cost_Out), -999, tbl_MTG_Set[[#This Row],[Play Booster Expected Value]]-tbl_MTG_Set[[#This Row],[Play Booster Cost]]-v_Item_Shipping_Cost_Out) | BH22: =tbl_MTG_Set[[#This Row],[Play Singles CardMarket Profit]]/tbl_MTG_Set[[#This Row],[Play Booster Cost]] | BI22: =tbl_MTG_Set[[#This Row],[Play Singles CardMarket Profit]]>0 | BJ22: 27.96 | BK22: 32.12 | BL22: =tbl_MTG_Set[[#This Row],[Collector Booster Sell Price CardMarket]]*tbl_MTG_Set[[#This Row],[Collector Booster Expected Market Value]]/tbl_MTG_Set[[#This Row],[Collector Boost Sealed Market Value]] | BM22: =IF(ISERROR(tbl_MTG_Set[[#This Row],[Collector Booster Expected Value]] - tbl_MTG_Set[[#This Row],[Collector Booster Cost]] - v_Item_Shipping_Cost_Out), -999, tbl_MTG_Set[[#This Row],[Collector Booster Expected Value]] - tbl_MTG_Set[[#This Row],[Collector Booster Cost]] - v_Item_Shipping_Cost_Out) | BN22: =tbl_MTG_Set[[#This Row],[Collector Singles CardMarket Profit]]/tbl_MTG_Set[[#This Row],[Collector Booster Cost]] | BO22: =tbl_MTG_Set[[#This Row],[Collector Singles CardMarket Profit]]>0 | BP22: =OR(tbl_MTG_Set[[#This Row],[Split Collector?]], tbl_MTG_Set[[#This Row],[Split Play?]], tbl_MTG_Set[[#This Row],[Collector Booster CardMarket Profit]]>0, tbl_MTG_Set[[#This Row],[Play Booster CardMarket Profit]]>0) | BQ22: =IF(tbl_MTG_Set[[#This Row],[Play Booster CardMarket Profit]]=tbl_MTG_Set[[#This Row],[Max Profit]], "Play Boosters", IF(tbl_MTG_Set[[#This Row],[Collector Booster CardMarket Profit]]=tbl_MTG_Set[[#This Row],[Max Profit]], "Collector Boosters", IF(tbl_MTG_Set[[#This Row],[Play Singles CardMarket Profit]]=tbl_MTG_Set[[#This Row],[Max Profit]], "Play Singles", "Collector Singles"))) | BR22: =MAX(IFERROR(tbl_MTG_Set[[#This Row],[Play Booster CardMarket Profit]], -999), IFERROR(tbl_MTG_Set[[#This Row],[Collector Booster CardMarket Profit]], -999), IFERROR(tbl_MTG_Set[[#This Row],[Play Singles CardMarket Profit]], -999), IFERROR(tbl_MTG_Set[[#This Row],[Collector Singles CardMarket Profit]], -999)) | BS22: =IF(tbl_MTG_Set[[#This Row],[Play Booster CardMarket Profit Margin (%)]]=tbl_MTG_Set[[#This Row],[Max Profit Margin (%)]], "Play Boosters", IF(tbl_MTG_Set[[#This Row],[Collector Booster CardMarket Profit Margin (%)]]=tbl_MTG_Set[[#This Row],[Max Profit Margin (%)]], "Collector Boosters", IF(tbl_MTG_Set[[#This Row],[Play Singles CardMarket Profit Margin (%)]]=tbl_MTG_Set[[#This Row],[Max Profit Margin (%)]], "Play Singles", "Collector Singles"))) | BT22: =MAX(IFERROR(tbl_MTG_Set[[#This Row],[Play Booster CardMarket Profit Margin (%)]], 0), IFERROR(tbl_MTG_Set[[#This Row],[Collector Booster CardMarket Profit Margin (%)]], 0), IFERROR(tbl_MTG_Set[[#This Row],[Play Singles CardMarket Profit Margin (%)]], 0), IFERROR(tbl_MTG_Set[[#This Row],[Collector Singles CardMarket Profit Margin (%)]], 0))
A23: 21 | B23: Marvel's Spider-Man Promos PSPM | C23: 68 | D23: 45926 | E23: Universes Beyond | F23: en es fr de it pt ja ko ru 汉语 漢語 | G23: 22 | H23: =MONTH(NOW())+12*YEAR(NOW())-MONTH(tbl_MTG_Set[[#This Row],[Released On]])-12*YEAR(tbl_MTG_Set[[#This Row],[Released On]]) | I23: =_xlfn.XLOOKUP(tbl_MTG_Set[[#This Row],[Type Name]], tbl_MTG_Set_Type[Set Type], tbl_MTG_Set_Type[Index], "(Set Type not found)") | J23: =_xlfn.XLOOKUP(tbl_MTG_Set[[#This Row],[Type Name]], tbl_MTG_Set_Type[Set Type], tbl_MTG_Set_Type[Buy Window Month Start], "(Set Type not found)") | K23: =tbl_MTG_Set[[#This Row],[Released On]]+tbl_MTG_Set[[#This Row],[Buy Window Month Start]]*365.25/12 | L23: =_xlfn.XLOOKUP(tbl_MTG_Set[[#This Row],[Type Name]], tbl_MTG_Set_Type[Set Type], tbl_MTG_Set_Type[Buy Window Month End], "(Set Type not found)", 0, 1) | M23: =tbl_MTG_Set[[#This Row],[Released On]]+tbl_MTG_Set[[#This Row],[Buy Window Month End]]*365.25/12 | N23: =AND(NOW()>=tbl_MTG_Set[[#This Row],[Buy Window Start]], NOW()<=tbl_MTG_Set[[#This Row],[Buy Window End]]) | O23: =_xlfn.XLOOKUP(tbl_MTG_Set[[#This Row],[Type Name]], tbl_MTG_Set_Type[Set Type], tbl_MTG_Set_Type[Heavy Printing Window Month Start], "(Set Type not found)", 0, 1) | P23: =tbl_MTG_Set[[#This Row],[Released On]]+tbl_MTG_Set[[#This Row],[Heavy Printing Window Month Start]]*365.25/12 | Q23: =_xlfn.XLOOKUP(tbl_MTG_Set[[#This Row],[Type Name]], tbl_MTG_Set_Type[Set Type], tbl_MTG_Set_Type[Heavy Printing Window Month End], "(Set Type not found)", 0, 1) | R23: =tbl_MTG_Set[[#This Row],[Released On]]+tbl_MTG_Set[[#This Row],[Heavy Printing Window Month End]]*365.25/12 | S23: =AND(NOW()>=tbl_MTG_Set[[#This Row],[Heavy Printing Window Start]], NOW()<=tbl_MTG_Set[[#This Row],[Heavy Printing Window End]]) | T23: =_xlfn.XLOOKUP(tbl_MTG_Set[[#This Row],[Type Name]], tbl_MTG_Set_Type[Set Type], tbl_MTG_Set_Type[Sell Window Month Start], "(Set Type not found)", 0, 1) | U23: =tbl_MTG_Set[[#This Row],[Released On]]+tbl_MTG_Set[[#This Row],[Sell Window Month Start]]*365.25/12 | V23: =_xlfn.XLOOKUP(tbl_MTG_Set[[#This Row],[Type Name]], tbl_MTG_Set_Type[Set Type], tbl_MTG_Set_Type[Sell Window Month End], "(Set Type not found)", 0, 1) | W23: =tbl_MTG_Set[[#This Row],[Released On]]+tbl_MTG_Set[[#This Row],[Sell Window Month End]]*365.25/12 | X23: =AND(NOW()>=tbl_MTG_Set[[#This Row],[Sell Window Start]], NOW()<=tbl_MTG_Set[[#This Row],[Sell Window End]]) | AM23: {=IF(ISERROR(MIN(_xlfn._xlws.FILTER(tbl_Sourcing[Source Unit Cost], (tbl_Sourcing[Product Id]=tbl_MTG_Set[[#This Row],[Play Booster Box Product Id]])*(tbl_Sourcing[Active]=TRUE)))), "", MIN(_xlfn._xlws.FILTER(tbl_Sourcing[Source Unit Cost], (tbl_Sourcing[Product Id]=tbl_MTG_Set[[#This Row],[Play Booster Box Product Id]])*(tbl_Sourcing[Active]=TRUE))))} | AN23: {=IF(ISERROR(INDEX(_xlfn._xlws.FILTER(tbl_Sourcing[Source Name], (tbl_Sourcing[Product Id]=tbl_MTG_Set[[#This Row],[Play Booster Box Product Id]])*(tbl_Sourcing[Active]=TRUE)*(tbl_Sourcing[Source Unit Cost]=tbl_MTG_Set[[#This Row],[Play Booster Box Cost]])), 1)), "", INDEX(_xlfn._xlws.FILTER(tbl_Sourcing[Source Name], (tbl_Sourcing[Product Id]=tbl_MTG_Set[[#This Row],[Play Booster Box Product Id]])*(tbl_Sourcing[Active]=TRUE)*(tbl_Sourcing[Source Unit Cost]=tbl_MTG_Set[[#This Row],[Play Booster Box Cost]])), 1))} | AO23: =_xlfn.XLOOKUP(tbl_MTG_Set[[#This Row],[Play Booster Box Product Id]], tbl_Product[Product Id], tbl_Product[Pack Size]) | AP23: =(tbl_MTG_Set[[#This Row],[Play Booster Box Cost]]+v_Item_Shipping_Cost_In)/tbl_MTG_Set[[#This Row],[Play Booster Box Size]] | AQ23: {=IF(ISERROR(MIN(_xlfn._xlws.FILTER(tbl_Sourcing[Source Unit Cost], (tbl_Sourcing[Product Id]=tbl_MTG_Set[[#This Row],[Play Booster Product Id]])*(tbl_Sourcing[Active]=TRUE)*(tbl_Sourcing[Source Name]="Card Market")))), "", MIN(_xlfn._xlws.FILTER(tbl_Sourcing[Source Unit Cost], (tbl_Sourcing[Product Id]=tbl_MTG_Set[[#This Row],[Play Booster Product Id]])*(tbl_Sourcing[Active]=TRUE)*(tbl_Sourcing[Source Name]="Card Market"))))} | AT23: =tbl_MTG_Set[[#This Row],[Play Booster CardMarket Profit]]/tbl_MTG_Set[[#This Row],[Play Booster Cost]] | AU23: =_xlfn.XLOOKUP(tbl_MTG_Set[[#This Row],[Collector Booster Box Product Id]], tbl_Product[Product Id], tbl_Product[Min Cost]) | AV23: =_xlfn.XLOOKUP(tbl_MTG_Set[[#This Row],[Collector Booster Box Product Id]], tbl_Product[Product Id], tbl_Product[Best Source]) | AW23: =_xlfn.XLOOKUP(tbl_MTG_Set[[#This Row],[Collector Booster Box Product Id]], tbl_Product[Product Id], tbl_Product[Pack Size]) | AX23: =(tbl_MTG_Set[[#This Row],[Collector Booster Box Cost]] + v_Item_Shipping_Cost_In) / tbl_MTG_Set[[#This Row],[Collector Booster Box Size]] | AY23: {=IF(ISERROR(_xlfn._xlws.FILTER(tbl_Sourcing[Source Unit Cost], (tbl_Sourcing[Product Id]=tbl_MTG_Set[[#This Row],[Collector Booster Product Id]])*(tbl_Sourcing[Active]=TRUE)*(tbl_Sourcing[Source Name]="Card Market"))), "", _xlfn._xlws.FILTER(tbl_Sourcing[Source Unit Cost], (tbl_Sourcing[Product Id]=tbl_MTG_Set[[#This Row],[Collector Booster Product Id]])*(tbl_Sourcing[Active]=TRUE)*(tbl_Sourcing[Source Name]="Card Market")))} | BA23: =IF(ISERROR(tbl_MTG_Set[[#This Row],[Collector Booster Sell Price CardMarket]]-tbl_MTG_Set[[#This Row],[Collector Booster Cost]]-v_Item_Shipping_Cost_Out), -999, tbl_MTG_Set[[#This Row],[Collector Booster Sell Price CardMarket]]-tbl_MTG_Set[[#This Row],[Collector Booster Cost]]-v_Item_Shipping_Cost_Out) | BB23: =tbl_MTG_Set[[#This Row],[Collector Booster CardMarket Profit]]/tbl_MTG_Set[[#This Row],[Collector Booster Cost]] | BF23: =tbl_MTG_Set[[#This Row],[Play Booster Sell Price CardMarket]]*tbl_MTG_Set[[#This Row],[Play Booster Expected Market Value]]/tbl_MTG_Set[[#This Row],[Play Boost Sealed Market Value]] | BG23: =IF(ISERROR(tbl_MTG_Set[[#This Row],[Play Booster Expected Value]]-tbl_MTG_Set[[#This Row],[Play Booster Cost]]-v_Item_Shipping_Cost_Out), -999, tbl_MTG_Set[[#This Row],[Play Booster Expected Value]]-tbl_MTG_Set[[#This Row],[Play Booster Cost]]-v_Item_Shipping_Cost_Out) | BH23: =tbl_MTG_Set[[#This Row],[Play Singles CardMarket Profit]]/tbl_MTG_Set[[#This Row],[Play Booster Cost]] | BI23: =tbl_MTG_Set[[#This Row],[Play Singles CardMarket Profit]]>0 | BL23: =tbl_MTG_Set[[#This Row],[Collector Booster Sell Price CardMarket]]*tbl_MTG_Set[[#This Row],[Collector Booster Expected Market Value]]/tbl_MTG_Set[[#This Row],[Collector Boost Sealed Market Value]] | BM23: =IF(ISERROR(tbl_MTG_Set[[#This Row],[Collector Booster Expected Value]] - tbl_MTG_Set[[#This Row],[Collector Booster Cost]] - v_Item_Shipping_Cost_Out), -999, tbl_MTG_Set[[#This Row],[Collector Booster Expected Value]] - tbl_MTG_Set[[#This Row],[Collector Booster Cost]] - v_Item_Shipping_Cost_Out) | BN23: =tbl_MTG_Set[[#This Row],[Collector Singles CardMarket Profit]]/tbl_MTG_Set[[#This Row],[Collector Booster Cost]] | BO23: =tbl_MTG_Set[[#This Row],[Collector Singles CardMarket Profit]]>0 | BP23: =OR(tbl_MTG_Set[[#This Row],[Split Collector?]], tbl_MTG_Set[[#This Row],[Split Play?]], tbl_MTG_Set[[#This Row],[Collector Booster CardMarket Profit]]>0, tbl_MTG_Set[[#This Row],[Play Booster CardMarket Profit]]>0) | BQ23: =IF(tbl_MTG_Set[[#This Row],[Play Booster CardMarket Profit]]=tbl_MTG_Set[[#This Row],[Max Profit]], "Play Boosters", IF(tbl_MTG_Set[[#This Row],[Collector Booster CardMarket Profit]]=tbl_MTG_Set[[#This Row],[Max Profit]], "Collector Boosters", IF(tbl_MTG_Set[[#This Row],[Play Singles CardMarket Profit]]=tbl_MTG_Set[[#This Row],[Max Profit]], "Play Singles", "Collector Singles"))) | BR23: =MAX(IFERROR(tbl_MTG_Set[[#This Row],[Play Booster CardMarket Profit]], -999), IFERROR(tbl_MTG_Set[[#This Row],[Collector Booster CardMarket Profit]], -999), IFERROR(tbl_MTG_Set[[#This Row],[Play Singles CardMarket Profit]], -999), IFERROR(tbl_MTG_Set[[#This Row],[Collector Singles CardMarket Profit]], -999)) | BS23: =IF(tbl_MTG_Set[[#This Row],[Play Booster CardMarket Profit Margin (%)]]=tbl_MTG_Set[[#This Row],[Max Profit Margin (%)]], "Play Boosters", IF(tbl_MTG_Set[[#This Row],[Collector Booster CardMarket Profit Margin (%)]]=tbl_MTG_Set[[#This Row],[Max Profit Margin (%)]], "Collector Boosters", IF(tbl_MTG_Set[[#This Row],[Play Singles CardMarket Profit Margin (%)]]=tbl_MTG_Set[[#This Row],[Max Profit Margin (%)]], "Play Singles", "Collector Singles"))) | BT23: =MAX(IFERROR(tbl_MTG_Set[[#This Row],[Play Booster CardMarket Profit Margin (%)]], 0), IFERROR(tbl_MTG_Set[[#This Row],[Collector Booster CardMarket Profit Margin (%)]], 0), IFERROR(tbl_MTG_Set[[#This Row],[Play Singles CardMarket Profit Margin (%)]], 0), IFERROR(tbl_MTG_Set[[#This Row],[Collector Singles CardMarket Profit Margin (%)]], 0))
A24: 22 | B24: Marvel's Spider-Man Tokens TSPM | C24: 7 | D24: 45926 | E24: Universes Beyond | F24: en es fr de it pt ja ko ru 汉语 漢語 | G24: 23 | H24: =MONTH(NOW())+12*YEAR(NOW())-MONTH(tbl_MTG_Set[[#This Row],[Released On]])-12*YEAR(tbl_MTG_Set[[#This Row],[Released On]]) | I24: =_xlfn.XLOOKUP(tbl_MTG_Set[[#This Row],[Type Name]], tbl_MTG_Set_Type[Set Type], tbl_MTG_Set_Type[Index], "(Set Type not found)") | J24: =_xlfn.XLOOKUP(tbl_MTG_Set[[#This Row],[Type Name]], tbl_MTG_Set_Type[Set Type], tbl_MTG_Set_Type[Buy Window Month Start], "(Set Type not found)") | K24: =tbl_MTG_Set[[#This Row],[Released On]]+tbl_MTG_Set[[#This Row],[Buy Window Month Start]]*365.25/12 | L24: =_xlfn.XLOOKUP(tbl_MTG_Set[[#This Row],[Type Name]], tbl_MTG_Set_Type[Set Type], tbl_MTG_Set_Type[Buy Window Month End], "(Set Type not found)", 0, 1) | M24: =tbl_MTG_Set[[#This Row],[Released On]]+tbl_MTG_Set[[#This Row],[Buy Window Month End]]*365.25/12 | N24: =AND(NOW()>=tbl_MTG_Set[[#This Row],[Buy Window Start]], NOW()<=tbl_MTG_Set[[#This Row],[Buy Window End]]) | O24: =_xlfn.XLOOKUP(tbl_MTG_Set[[#This Row],[Type Name]], tbl_MTG_Set_Type[Set Type], tbl_MTG_Set_Type[Heavy Printing Window Month Start], "(Set Type not found)", 0, 1) | P24: =tbl_MTG_Set[[#This Row],[Released On]]+tbl_MTG_Set[[#This Row],[Heavy Printing Window Month Start]]*365.25/12 | Q24: =_xlfn.XLOOKUP(tbl_MTG_Set[[#This Row],[Type Name]], tbl_MTG_Set_Type[Set Type], tbl_MTG_Set_Type[Heavy Printing Window Month End], "(Set Type not found)", 0, 1) | R24: =tbl_MTG_Set[[#This Row],[Released On]]+tbl_MTG_Set[[#This Row],[Heavy Printing Window Month End]]*365.25/12 | S24: =AND(NOW()>=tbl_MTG_Set[[#This Row],[Heavy Printing Window Start]], NOW()<=tbl_MTG_Set[[#This Row],[Heavy Printing Window End]]) | T24: =_xlfn.XLOOKUP(tbl_MTG_Set[[#This Row],[Type Name]], tbl_MTG_Set_Type[Set Type], tbl_MTG_Set_Type[Sell Window Month Start], "(Set Type not found)", 0, 1) | U24: =tbl_MTG_Set[[#This Row],[Released On]]+tbl_MTG_Set[[#This Row],[Sell Window Month Start]]*365.25/12 | V24: =_xlfn.XLOOKUP(tbl_MTG_Set[[#This Row],[Type Name]], tbl_MTG_Set_Type[Set Type], tbl_MTG_Set_Type[Sell Window Month End], "(Set Type not found)", 0, 1) | W24: =tbl_MTG_Set[[#This Row],[Released On]]+tbl_MTG_Set[[#This Row],[Sell Window Month End]]*365.25/12 | X24: =AND(NOW()>=tbl_MTG_Set[[#This Row],[Sell Window Start]], NOW()<=tbl_MTG_Set[[#This Row],[Sell Window End]]) | AM24: {=IF(ISERROR(MIN(_xlfn._xlws.FILTER(tbl_Sourcing[Source Unit Cost], (tbl_Sourcing[Product Id]=tbl_MTG_Set[[#This Row],[Play Booster Box Product Id]])*(tbl_Sourcing[Active]=TRUE)))), "", MIN(_xlfn._xlws.FILTER(tbl_Sourcing[Source Unit Cost], (tbl_Sourcing[Product Id]=tbl_MTG_Set[[#This Row],[Play Booster Box Product Id]])*(tbl_Sourcing[Active]=TRUE))))} | AN24: {=IF(ISERROR(INDEX(_xlfn._xlws.FILTER(tbl_Sourcing[Source Name], (tbl_Sourcing[Product Id]=tbl_MTG_Set[[#This Row],[Play Booster Box Product Id]])*(tbl_Sourcing[Active]=TRUE)*(tbl_Sourcing[Source Unit Cost]=tbl_MTG_Set[[#This Row],[Play Booster Box Cost]])), 1)), "", INDEX(_xlfn._xlws.FILTER(tbl_Sourcing[Source Name], (tbl_Sourcing[Product Id]=tbl_MTG_Set[[#This Row],[Play Booster Box Product Id]])*(tbl_Sourcing[Active]=TRUE)*(tbl_Sourcing[Source Unit Cost]=tbl_MTG_Set[[#This Row],[Play Booster Box Cost]])), 1))} | AO24: =_xlfn.XLOOKUP(tbl_MTG_Set[[#This Row],[Play Booster Box Product Id]], tbl_Product[Product Id], tbl_Product[Pack Size]) | AP24: =(tbl_MTG_Set[[#This Row],[Play Booster Box Cost]]+v_Item_Shipping_Cost_In)/tbl_MTG_Set[[#This Row],[Play Booster Box Size]] | AQ24: {=IF(ISERROR(MIN(_xlfn._xlws.FILTER(tbl_Sourcing[Source Unit Cost], (tbl_Sourcing[Product Id]=tbl_MTG_Set[[#This Row],[Play Booster Product Id]])*(tbl_Sourcing[Active]=TRUE)*(tbl_Sourcing[Source Name]="Card Market")))), "", MIN(_xlfn._xlws.FILTER(tbl_Sourcing[Source Unit Cost], (tbl_Sourcing[Product Id]=tbl_MTG_Set[[#This Row],[Play Booster Product Id]])*(tbl_Sourcing[Active]=TRUE)*(tbl_Sourcing[Source Name]="Card Market"))))} | AT24: =tbl_MTG_Set[[#This Row],[Play Booster CardMarket Profit]]/tbl_MTG_Set[[#This Row],[Play Booster Cost]] | AU24: =_xlfn.XLOOKUP(tbl_MTG_Set[[#This Row],[Collector Booster Box Product Id]], tbl_Product[Product Id], tbl_Product[Min Cost]) | AV24: =_xlfn.XLOOKUP(tbl_MTG_Set[[#This Row],[Collector Booster Box Product Id]], tbl_Product[Product Id], tbl_Product[Best Source]) | AW24: =_xlfn.XLOOKUP(tbl_MTG_Set[[#This Row],[Collector Booster Box Product Id]], tbl_Product[Product Id], tbl_Product[Pack Size]) | AX24: =(tbl_MTG_Set[[#This Row],[Collector Booster Box Cost]] + v_Item_Shipping_Cost_In) / tbl_MTG_Set[[#This Row],[Collector Booster Box Size]] | AY24: {=IF(ISERROR(_xlfn._xlws.FILTER(tbl_Sourcing[Source Unit Cost], (tbl_Sourcing[Product Id]=tbl_MTG_Set[[#This Row],[Collector Booster Product Id]])*(tbl_Sourcing[Active]=TRUE)*(tbl_Sourcing[Source Name]="Card Market"))), "", _xlfn._xlws.FILTER(tbl_Sourcing[Source Unit Cost], (tbl_Sourcing[Product Id]=tbl_MTG_Set[[#This Row],[Collector Booster Product Id]])*(tbl_Sourcing[Active]=TRUE)*(tbl_Sourcing[Source Name]="Card Market")))} | BA24: =IF(ISERROR(tbl_MTG_Set[[#This Row],[Collector Booster Sell Price CardMarket]]-tbl_MTG_Set[[#This Row],[Collector Booster Cost]]-v_Item_Shipping_Cost_Out), -999, tbl_MTG_Set[[#This Row],[Collector Booster Sell Price CardMarket]]-tbl_MTG_Set[[#This Row],[Collector Booster Cost]]-v_Item_Shipping_Cost_Out) | BB24: =tbl_MTG_Set[[#This Row],[Collector Booster CardMarket Profit]]/tbl_MTG_Set[[#This Row],[Collector Booster Cost]] | BF24: =tbl_MTG_Set[[#This Row],[Play Booster Sell Price CardMarket]]*tbl_MTG_Set[[#This Row],[Play Booster Expected Market Value]]/tbl_MTG_Set[[#This Row],[Play Boost Sealed Market Value]] | BG24: =IF(ISERROR(tbl_MTG_Set[[#This Row],[Play Booster Expected Value]]-tbl_MTG_Set[[#This Row],[Play Booster Cost]]-v_Item_Shipping_Cost_Out), -999, tbl_MTG_Set[[#This Row],[Play Booster Expected Value]]-tbl_MTG_Set[[#This Row],[Play Booster Cost]]-v_Item_Shipping_Cost_Out) | BH24: =tbl_MTG_Set[[#This Row],[Play Singles CardMarket Profit]]/tbl_MTG_Set[[#This Row],[Play Booster Cost]] | BI24: =tbl_MTG_Set[[#This Row],[Play Singles CardMarket Profit]]>0 | BL24: =tbl_MTG_Set[[#This Row],[Collector Booster Sell Price CardMarket]]*tbl_MTG_Set[[#This Row],[Collector Booster Expected Market Value]]/tbl_MTG_Set[[#This Row],[Collector Boost Sealed Market Value]] | BM24: =IF(ISERROR(tbl_MTG_Set[[#This Row],[Collector Booster Expected Value]] - tbl_MTG_Set[[#This Row],[Collector Booster Cost]] - v_Item_Shipping_Cost_Out), -999, tbl_MTG_Set[[#This Row],[Collector Booster Expected Value]] - tbl_MTG_Set[[#This Row],[Collector Booster Cost]] - v_Item_Shipping_Cost_Out) | BN24: =tbl_MTG_Set[[#This Row],[Collector Singles CardMarket Profit]]/tbl_MTG_Set[[#This Row],[Collector Booster Cost]] | BO24: =tbl_MTG_Set[[#This Row],[Collector Singles CardMarket Profit]]>0 | BP24: =OR(tbl_MTG_Set[[#This Row],[Split Collector?]], tbl_MTG_Set[[#This Row],[Split Play?]], tbl_MTG_Set[[#This Row],[Collector Booster CardMarket Profit]]>0, tbl_MTG_Set[[#This Row],[Play Booster CardMarket Profit]]>0) | BQ24: =IF(tbl_MTG_Set[[#This Row],[Play Booster CardMarket Profit]]=tbl_MTG_Set[[#This Row],[Max Profit]], "Play Boosters", IF(tbl_MTG_Set[[#This Row],[Collector Booster CardMarket Profit]]=tbl_MTG_Set[[#This Row],[Max Profit]], "Collector Boosters", IF(tbl_MTG_Set[[#This Row],[Play Singles CardMarket Profit]]=tbl_MTG_Set[[#This Row],[Max Profit]], "Play Singles", "Collector Singles"))) | BR24: =MAX(IFERROR(tbl_MTG_Set[[#This Row],[Play Booster CardMarket Profit]], -999), IFERROR(tbl_MTG_Set[[#This Row],[Collector Booster CardMarket Profit]], -999), IFERROR(tbl_MTG_Set[[#This Row],[Play Singles CardMarket Profit]], -999), IFERROR(tbl_MTG_Set[[#This Row],[Collector Singles CardMarket Profit]], -999)) | BS24: =IF(tbl_MTG_Set[[#This Row],[Play Booster CardMarket Profit Margin (%)]]=tbl_MTG_Set[[#This Row],[Max Profit Margin (%)]], "Play Boosters", IF(tbl_MTG_Set[[#This Row],[Collector Booster CardMarket Profit Margin (%)]]=tbl_MTG_Set[[#This Row],[Max Profit Margin (%)]], "Collector Boosters", IF(tbl_MTG_Set[[#This Row],[Play Singles CardMarket Profit Margin (%)]]=tbl_MTG_Set[[#This Row],[Max Profit Margin (%)]], "Play Singles", "Collector Singles"))) | BT24: =MAX(IFERROR(tbl_MTG_Set[[#This Row],[Play Booster CardMarket Profit Margin (%)]], 0), IFERROR(tbl_MTG_Set[[#This Row],[Collector Booster CardMarket Profit Margin (%)]], 0), IFERROR(tbl_MTG_Set[[#This Row],[Play Singles CardMarket Profit Margin (%)]], 0), IFERROR(tbl_MTG_Set[[#This Row],[Collector Singles CardMarket Profit Margin (%)]], 0))
